Workbook
Name In_Out_Both_No: '[1]Selection Options'!$A$15:$A$18
Name Yes_No: '[1]Selection Options'!$A$4:$A$5

Sheet Change Log
A1: File Version (Web Publish Date) | B1: Tab(s) | C1: Description | D1: Purpose | E1: Did change impact caclulations? | F1: Change incorporated? | G1: Initials & Date Performed
A2: 44256 | B2: Rate File | C2: Add this change log, as first tab (hidden from users) | D2: Maintain configuation control primarily for data | E2: No | F2: Yes | G2: DP - 3/3/21
A3: 44256 | B3: Space | C3: Add back Space tab into overall file | D3: Provide information helpful to SoM | E3: No | F3: Yes | G3: DP - 3/3/21
A4: 44256 | B4: All | C4: Unlock all cells | D4: To ensure overall ability for cell updates | E4: No | F4: Yes | G4: DP - 3/3/21
A5: 44256 | B5: Depreciation | C5: Add more rows for total of 50 | D5: Provide analysts more input capability | E5: Yes? | F5: Yes | G5: DP - 3/3/21
A6: 44256 | B6: Usage | C6: Add cell in column N for total prior year revenue | D6: Provide analysts automatic calculation | E6: Yes? | F6: Yes | G6: DP - 3/3/21
A7: 44276 | B7: Summary Yr 1& 2 | C7: Add comment to subsidy tab “Value for Subsidy Received should match the Add’l Costs tab, In Proposal column”. | D7: Clarify use of the Add'l cost sheet for analysts | E7: No | F7: Yes | G7: DP - 3/3/21
A8: 44256 | B8: Usage | C8: Lock ONLY calculation cells (highlighted purple) with appropriate password for this configuration, as documented on OneDoc | D8: Allow analysts flexibility to use other cells, as needed | E8: No | F8: Yes | G8: DP - 3/4/21
A9: 44256 | B9: Salaries | C9: Lock ONLY calculation cells (highlighted purple) with appropriate password for this configuration, as documented on OneDoc | D9: Allow analysts flexibility to use other cells, as needed | E9: No | F9: Yes | G9: DP - 3/4/21
A10: 44256 | B10: Depreciation | C10: Lock ONLY calculation cells (highlighted purple) with appropriate password for this configuration, as documented on OneDoc | D10: Allow analysts flexibility to use other cells, as needed | E10: No | F10: Yes | G10: DP - 3/4/21
A11: 44256 | B11: Other Costs | C11: Lock ONLY calculation cells (highlighted purple) with appropriate password for this configuration, as documented on OneDoc | D11: Allow analysts flexibility to use other cells, as needed | E11: No | F11: Yes | G11: DP - 3/4/21
A12: 44256 | B12: Summary Year 1 | C12: Lock ONLY calculation cells (highlighted purple) with appropriate password for this configuration, as documented on OneDoc | D12: Allow analysts flexibility to use other cells, as needed | E12: No | F12: Yes | G12: DP - 3/4/21
A13: 44256 | B13: Summary Year 1 | C13: Validate Subsidy Calculation; should be reduction to Internal Rate only. Enabling Internal with Subsidy (subtracted from) and without Subsidy (fully costed) | D13: Ensure calcuation consistent among templates | E13: No | F13: Yes | G13: DP - 3/10/21
... A17: 45911 | B17: Multiple | C17: Added Salary cap worksheet. Deleted not in use tabs | D17: Salary cap compliance and to reduce bloat | E17: No | F17: Yes | G17: RF - 9/11/25
A18: Future | B18: Usage | C18: On Usage tab, add cell for time window & MyFD

Sheet Instructions and Guidance
A1: Instructions & Guidance | K1: Template updated by Cross Functional Team as of: | L1: 46010
K2: Version: | L2: 4
A3: Color Index
A4: Yellow | B4: Filled in by the Center
A5: Purple | B5: Filled in via Formulas
A6: Green | B6: Tips & Guidance
D10: Instructions
D34: Guidance

Sheet General Information
A1: Note: Worksheet contains Workday terminology and Workday Worktags.
A2: General Information
A4: Center Information
A5: Cost Center (CC) Name:
A6: Cost Center (CC) Number:
A7: Internal Service Provider (ISP):
A8: Location:
A9: Year 1 Rate Begin Date:
A10: Year 1 Rate End Date:
A11: Year 2 Rate Begin Date:
A12: Year 2 Rate End Date:
A13: Institutional Overhead Rate: | B13: 0.156
A15: Contact Information
A16: Name:
A17: Email
A18: Box#:
A19: Phone #:
A20: If your center has a web page, what is the URL?
A22: General Description of Services
A23: Please provide a one paragraph description of the overall activities of the center and methodology used in the proposal. This can be done in the Excel workbook, or submitted as a separate attachment.
A28: General Questions
A29: Question | B29: Answer
A30: 1) Will the activities/services of your center generate external revenues?
A31: 2) How often will you sell goods/services to external users?
A32: 3) Do the activities/services offered by your center support the primary mission of the University, aside from generating revenue? If yes, please explain how the activity supports the University mission:
A33: 4) If your center provides services that generate external revenue, have you conducted a marketplace analysis? Please explain.1
A34: 5) Do you have faculty/staff over the current NIH salary cap? | B34: If yes, please use "Salary Cap Worksheet" to determine allowable salary.
A35: 1 Please see RCW 28B.63 or reach out to MAA for more information

Sheet Usage
A1: Usage & Description of Rates
A2: Purpose: Provide a short description of the services for each rate and the number of units expected to be sold.
A6: Rate | B6: Name | C6: Short Description | D6: Unit Base* | E6: Prior Year Estimate | F6: Units Sold | L6: Prior Year Revenue | Q6: Year 1 | V6: Year 2
F7: Prior Year Actual Internal | G7: Prior Year Actual External | H7: Proposal Estimate Yr-1 Internal | I7: Proposal Estimate Yr-1 External | J7: Proposal Estimate Yr-2 Internal | K7: Proposal Estimate Yr-2 External | L7: Prior Year Internal Rates | M7: Prior Year External Rates | N7: Prior Year's Total Revenue | P7: Difference between Prior Year Estimate and Actual (Internal + External) | Q7: Est Chg Pr Yr Actual vs Year 1 Proposal INTERNAL | R7: % Chg INTERNAL | S7: Est Chg Pr Yr Actual vs Year 1 Proposal EXTERNAL | T7: % Chg EXTERNAL | U7: Explanation | V7: Est Chg Pr Yr Actual vs Year 2 Proposal INTERNAL | W7: % Chg INTERNAL | X7: Est Chg Pr Yr Actual vs Year 2 Proposal EXTERNAL | Y7: % Chg EXTERNAL | Z7: Explanation
A8: Center Overhead | B8: Center Overhead
A9: Rate 1 | N9: =(F9*L9)+(G9*M9) -> 0 | P9: =(F9+G9)-E9 -> 0 | Q9: =H9-F9 -> 0 | R9: =IFERROR(IF(H9+F9<>0,((H9-F9)/F9),0),"Null if Zero Value") -> 0 | S9: =I9-G9 -> 0 | T9: =IFERROR(IF(I9+G9<>0,((I9-G9)/G9),0),"Null if Zero Value") -> 0 | V9: =J9-F9 -> 0 | W9: =IFERROR(IF(J9+F9<>0,((J9-F9)/F9),0),"Null if Zero Value") -> 0 | X9: =K9-G9 -> 0 | Y9: =IFERROR(IF(K9+G9<>0,((K9-G9)/G9),0),"Null if Zero Value") -> 0
A10: Rate 2 | N10: =(F10*L10)+(G10*M10) -> 0 | P10: =(F10+G10)-E10 -> 0 | Q10: =H10-F10 -> 0 | R10: =IFERROR(IF(H10+F10<>0,((H10-F10)/F10),0),"Null if Zero Value") -> 0 | S10: =I10-G10 -> 0 | T10: =IFERROR(IF(I10+G10<>0,((I10-G10)/G10),0),"Null if Zero Value") -> 0 | V10: =J10-F10 -> 0 | W10: =IFERROR(IF(J10+F10<>0,((J10-F10)/F10),0),"Null if Zero Value") -> 0 | X10: =K10-G10 -> 0 | Y10: =IFERROR(IF(K10+G10<>0,((K10-G10)/G10),0),"Null if Zero Value") -> 0
A11: Rate 3 | N11: =(F11*L11)+(G11*M11) -> 0 | P11: =(F11+G11)-E11 -> 0 | Q11: =H11-F11 -> 0 | R11: =IFERROR(IF(H11+F11<>0,((H11-F11)/F11),0),"Null if Zero Value") -> 0 | S11: =I11-G11 -> 0 | T11: =IFERROR(IF(I11+G11<>0,((I11-G11)/G11),0),"Null if Zero Value") -> 0 | V11: =J11-F11 -> 0 | W11: =IFERROR(IF(J11+F11<>0,((J11-F11)/F11),0),"Null if Zero Value") -> 0 | X11: =K11-G11 -> 0 | Y11: =IFERROR(IF(K11+G11<>0,((K11-G11)/G11),0),"Null if Zero Value") -> 0
A12: Rate 4 | N12: =(F12*L12)+(G12*M12) -> 0 | P12: =(F12+G12)-E12 -> 0 | Q12: =H12-F12 -> 0 | R12: =IFERROR(IF(H12+F12<>0,((H12-F12)/F12),0),"Null if Zero Value") -> 0 | S12: =I12-G12 -> 0 | T12: =IFERROR(IF(I12+G12<>0,((I12-G12)/G12),0),"Null if Zero Value") -> 0 | V12: =J12-F12 -> 0 | W12: =IFERROR(IF(J12+F12<>0,((J12-F12)/F12),0),"Null if Zero Value") -> 0 | X12: =K12-G12 -> 0 | Y12: =IFERROR(IF(K12+G12<>0,((K12-G12)/G12),0),"Null if Zero Value") -> 0
A13: Rate 5 | N13: =(F13*L13)+(G13*M13) -> 0 | P13: =(F13+G13)-E13 -> 0 | Q13: =H13-F13 -> 0 | R13: =IFERROR(IF(H13+F13<>0,((H13-F13)/F13),0),"Null if Zero Value") -> 0 | S13: =I13-G13 -> 0 | T13: =IFERROR(IF(I13+G13<>0,((I13-G13)/G13),0),"Null if Zero Value") -> 0 | V13: =J13-F13 -> 0 | W13: =IFERROR(IF(J13+F13<>0,((J13-F13)/F13),0),"Null if Zero Value") -> 0 | X13: =K13-G13 -> 0 | Y13: =IFERROR(IF(K13+G13<>0,((K13-G13)/G13),0),"Null if Zero Value") -> 0
B15: *This is the Unit by which the center bills users. For example, per hour, per sample, etc.. | M15: Total Prior Year's Revenue | N15: =SUM(N9:N13) -> 0
B16: *If your rates require time from staff, please ensure usage is covered by the implied FTE available from the salaries tab. See hours available below
B18: Maximum Billable Hours
B19: Available Hours | D19: 2080 | E19: 40 hours/week * 52 weeks
B20: Less Holidays | D20: 88 | E20: 11 days paid * 8 hours/day
B21: Less Vacation | D21: 80 | E21: Approx # of vacation days/year (in hours)
B22: Less Sick | D22: 40 | E22: Approx # of sick days/year (in hours)
B23: Less Other Down Time | D23: 300 | E23: Approx # of other down time hours (ex. # of meeting or lab management hours per month x 12)
B24: Max Total Billable Hours per FTE | D24: =D19-SUM(D20:D23) -> 1572
C26: FTE from Salaries Tab - Year 1 | D26: =Salaries!H53+SUM(Salaries!H59:H74) -> 0
C27: Hours available for rates - Year 1 | D27: =D26*D24 -> 0
C28: FTE from Salaries Tab - Year 2 | D28: =Salaries!H122+SUM(Salaries!H128:H143) -> 0
C29: Hours available for rates - Year 2 | D29: =D28*D24 -> 0
A32: Notes:

Sheet Salaries
A1: Year 1 Salaries & Benefits | K1: Annual Salary Proration ( Merit/COLA Increase)
A2: Purpose: List personnel paid on the center and allocated S&B to each rate. | E2: Provide the salary increase for each employee type. For example, a COLA increase for classified staff and a merit increase for pro staff. | G2: Provide the actual benefit percentages for each employee type in year 1 below: | I2: Provide the proposed benefit percentages for each employee type in year 2 below: | K2: Year 1 | M2: Year 2
A3: Enter Hourly Employees, Grad Students, Students in separate section below. | E3: Employee Type | F3: Salary Growth Factor % | G3: Fringe Benefit % Yr. 1 | I3: Fringe Benefit % Yr. 2 | K3: Current | L3: Increased | M3: Current | N3: Increased
A4: 100% of the FTE% on center needs to be allocated to the various rates. | E4: Instruction and Research Faculty (50000) | K4: 12 | L4: =IF(K4="","",12-K4) -> 0 | M4: 12 | N4: =IF(M4="","",12-M4) -> 0 | AP4: 50000
A5: Necessary benefit percentages and growth factors are taken from the table to the right. | E5: Medical Residents (50010) | K5: 12 | L5: =IF(K5="","",12-K5) -> 0 | M5: 12 | N5: =IF(M5="","",12-M5) -> 0 | AP5: 50010
A6: Do not include step increases in the growth factor %. | E6: Residents and Chief Residents (50020) | K6: 12 | L6: =IF(K6="","",12-K6) -> 0 | M6: 12 | N6: =IF(M6="","",12-M6) -> 0 | AP6: 50020
E7: Graduate Student Appointments (50030) | K7: 12 | L7: =IF(K7="","",12-K7) -> 0 | M7: 12 | N7: =IF(M7="","",12-M7) -> 0 | AP7: 50030
E8: Post-Doctoral Trainees (50040) | K8: 12 | L8: =IF(K8="","",12-K8) -> 0 | M8: 12 | N8: =IF(M8="","",12-M8) -> 0 | AP8: 50040
E9: Classified Staff (50050) | K9: 12 | L9: =IF(K9="","",12-K9) -> 0 | M9: 12 | N9: =IF(M9="","",12-M9) -> 0 | AP9: 50050
E10: Professional Staff (50060) | K10: 12 | L10: =IF(K10="","",12-K10) -> 0 | M10: 12 | N10: =IF(M10="","",12-M10) -> 0 | AP10: 50060
E11: Hourly, Visiting Scientists, and Overtime (50100) | K11: 12 | L11: =IF(K11="","",12-K11) -> 0 | M11: 12 | N11: =IF(M11="","",12-M11) -> 0 | AP11: 50100
E12: Pre-Doctoral Fellows and Trainees (50110) | K12: 12 | L12: =IF(K12="","",12-K12) -> 0 | M12: 12 | N12: =IF(M12="","",12-M12) -> 0 | AP12: 50110
A15: =IF('General Information'!B9=0, "Please Enter Start Date On General Information Sheet", "Year 1: "&TEXT('General Information'!B9,"mm/dd/yy")&" to "&TEXT('General Information'!B10, "mm/dd/yy")) -> Please Enter Start Date On General Information Sheet | H15: Use Costing allocations (see screen shot on report tab). FTE% should match salary on Service Center in Workday. Can't include salary unless the salary is being paid for by the service or recharge center
A16: NAME | B16: EMPLOYEE ID | C16: Job Family Ledger | D16: Business Title | E16: Full Time Rate Monthly | F16: BASE SALARY (AT 100% FTE) | G16: BEN % | H16: FTE ON CENTER | I16: TOTAL SALARY | J16: TOTAL BENEFITS | K16: TOTAL SAL & BEN ON CTR | L16: Center Overhead Yr. 1 | P16: Rate 1 Yr. 1 | T16: Rate 2 Yr. 1 | X16: Rate 3 Yr. 1 | AB16: Rate 4 Yr. 1 | AF16: Rate 5 Yr. 1 | AK16: Percent Check | AL16: Dollar Check | AM16: Difference between allocated dollar and total dollar
L17: =IF(Usage!$B$8=0, "", Usage!$B$8) -> Center Overhead | P17: =IF(Usage!$B$9=0, "", Usage!$B$9) | T17: =IF(Usage!$B$10=0, "", Usage!$B$10) | X17: =IF(Usage!$B$11=0, "", Usage!$B$11) | AB17: =IF(Usage!$B$12=0, "", Usage!$B$12) | AF17: =IF(Usage!$B$13=0, "", Usage!$B$13) | AK17: (should add up to 100%)
A18: Salaries of All Faculty and Staff and vacant position approved by management | L18: FTE % | M18: Amount | N18: Sal | O18: Ben | P18: FTE % | Q18: Amount | R18: Sal | S18: Ben | T18: FTE % | U18: Amount | V18: Sal | W18: Ben | X18: FTE % | Y18: Amount | Z18: Sal | AA18: Ben | AB18: FTE % | AC18: Amount | AD18: Sal | AE18: Ben | AF18: FTE % | AG18: Amount | AH18: Sal | AI18: Ben
F19: =E19*(IF(C19="",0,IF(C19="50000",$K$4,IF(C19="50010",$K$5,IF(C19="50020",$K$6,IF(C19="50030",$K$7,IF(C19="50040",$K$8,IF(C19="50050",$K$9,IF(C19="50060",$K$10,IF(C19="50100",$K$11,IF(C19="50110",$K$12)))))))))))+(IF(C19="",0,IF(C19="50000",E19*(1+$F$4),IF(C19="50010",E19*(1+$F$5),IF(C19="50020",E19*(1+$F$6),IF(C19="50030",E19*(1+$F$7),IF(C19="50040",E19*(1+$F$8),IF(C19="50050",E19*(1+$F$9),IF(C19="50060",E19*(1+$F$10),IF(C19="50100",E19*(1+$F$11),IF(C19="50110",E19*(1+$F$12))))))))))))*IF(C19="",0,IF(C19="50000",$L$4,IF(C19="50010",$L$5,IF(C19="50020",$L$6,IF(C19="50030",$L$7,IF(C19="50040",$L$8,IF(C19="50050",$L$9,IF(C19="50060",$L$10,IF(C19="50100",$L$11,IF(C19="50110",$L$12)))))))))) -> 0 | G19: =IF(C19="",0,IF(C19="50000",$G$4,IF(C19="50010",$G$5,IF(C19="50020",$G$6,IF(C19="50030",$G$7,IF(C19="50040",$G$8,IF(C19="50050",$G$9,IF(C19="50060",$G$10,IF(C19="50100",$G$11,IF(C19="50110",$G$12)))))))))) -> 0 | I19: =F19*H19 -> 0 | J19: =F19*G19*H19 -> 0 | K19: =F19*(1+G19)*H19 -> 0 | M19: =$K19*L19 -> 0 | N19: =$I19*L19 -> 0 | O19: =$J19*L19 -> 0 | Q19: =$K19*P19 -> 0 | R19: =$I19*P19 -> 0 | S19: =$J19*P19 -> 0 | U19: =$K19*T19 -> 0 | V19: =$I19*T19 -> 0 | W19: =$J19*T19 -> 0 | Y19: =$K19*X19 -> 0 | Z19: =$I19*X19 -> 0 | AA19: =$J19*X19 -> 0 | AC19: =$K19*AB19 -> 0 | AD19: =$I19*AB19 -> 0 | AE19: =$J19*AB19 -> 0 | AG19: =$K19*AF19 -> 0 | AH19: =$I19*AF19 -> 0 | AI19: =$J19*AF19 -> 0 | AK19: =L19+P19+T19+X19+AB19+AF19 -> 0 | AL19: =M19+Q19+U19+Y19+AC19+AG19 -> 0 | AM19: =AL19-K19 -> 0
F20: =E20*(IF(C20="",0,IF(C20="50000",$K$4,IF(C20="50010",$K$5,IF(C20="50020",$K$6,IF(C20="50030",$K$7,IF(C20="50040",$K$8,IF(C20="50050",$K$9,IF(C20="50060",$K$10,IF(C20="50100",$K$11,IF(C20="50110",$K$12)))))))))))+(IF(C20="",0,IF(C20="50000",E20*(1+$F$4),IF(C20="50010",E20*(1+$F$5),IF(C20="50020",E20*(1+$F$6),IF(C20="50030",E20*(1+$F$7),IF(C20="50040",E20*(1+$F$8),IF(C20="50050",E20*(1+$F$9),IF(C20="50060",E20*(1+$F$10),IF(C20="50100",E20*(1+$F$11),IF(C20="50110",E20*(1+$F$12))))))))))))*IF(C20="",0,IF(C20="50000",$L$4,IF(C20="50010",$L$5,IF(C20="50020",$L$6,IF(C20="50030",$L$7,IF(C20="50040",$L$8,IF(C20="50050",$L$9,IF(C20="50060",$L$10,IF(C20="50100",$L$11,IF(C20="50110",$L$12)))))))))) -> 0 | G20: =IF(C20="",0,IF(C20="50000",$G$4,IF(C20="50010",$G$5,IF(C20="50020",$G$6,IF(C20="50030",$G$7,IF(C20="50040",$G$8,IF(C20="50050",$G$9,IF(C20="50060",$G$10,IF(C20="50100",$G$11,IF(C20="50110",$G$12)))))))))) -> 0 | I20: =F20*H20 -> 0 | J20: =F20*G20*H20 -> 0 | K20: =F20*(1+G20)*H20 -> 0 | M20: =$K20*L20 -> 0 | N20: =$I20*L20 -> 0 | O20: =$J20*L20 -> 0 | Q20: =$K20*P20 -> 0 | R20: =$I20*P20 -> 0 | S20: =$J20*P20 -> 0 | U20: =$K20*T20 -> 0 | V20: =$I20*T20 -> 0 | W20: =$J20*T20 -> 0 | Y20: =$K20*X20 -> 0 | Z20: =$I20*X20 -> 0 | AA20: =$J20*X20 -> 0 | AC20: =$K20*AB20 -> 0 | AD20: =$I20*AB20 -> 0 | AE20: =$J20*AB20 -> 0 | AG20: =$K20*AF20 -> 0 | AH20: =$I20*AF20 -> 0 | AI20: =$J20*AF20 -> 0 | AK20: =L20+P20+T20+X20+AB20+AF20 -> 0 | AL20: =M20+Q20+U20+Y20+AC20+AG20 -> 0 | AM20: =AL20-K20 -> 0
F21: =E21*(IF(C21="",0,IF(C21="50000",$K$4,IF(C21="50010",$K$5,IF(C21="50020",$K$6,IF(C21="50030",$K$7,IF(C21="50040",$K$8,IF(C21="50050",$K$9,IF(C21="50060",$K$10,IF(C21="50100",$K$11,IF(C21="50110",$K$12)))))))))))+(IF(C21="",0,IF(C21="50000",E21*(1+$F$4),IF(C21="50010",E21*(1+$F$5),IF(C21="50020",E21*(1+$F$6),IF(C21="50030",E21*(1+$F$7),IF(C21="50040",E21*(1+$F$8),IF(C21="50050",E21*(1+$F$9),IF(C21="50060",E21*(1+$F$10),IF(C21="50100",E21*(1+$F$11),IF(C21="50110",E21*(1+$F$12))))))))))))*IF(C21="",0,IF(C21="50000",$L$4,IF(C21="50010",$L$5,IF(C21="50020",$L$6,IF(C21="50030",$L$7,IF(C21="50040",$L$8,IF(C21="50050",$L$9,IF(C21="50060",$L$10,IF(C21="50100",$L$11,IF(C21="50110",$L$12)))))))))) -> 0 | G21: =IF(C21="",0,IF(C21="50000",$G$4,IF(C21="50010",$G$5,IF(C21="50020",$G$6,IF(C21="50030",$G$7,IF(C21="50040",$G$8,IF(C21="50050",$G$9,IF(C21="50060",$G$10,IF(C21="50100",$G$11,IF(C21="50110",$G$12)))))))))) -> 0 | I21: =F21*H21 -> 0 | J21: =F21*G21*H21 -> 0 | K21: =F21*(1+G21)*H21 -> 0 | M21: =$K21*L21 -> 0 | N21: =$I21*L21 -> 0 | O21: =$J21*L21 -> 0 | Q21: =$K21*P21 -> 0 | R21: =$I21*P21 -> 0 | S21: =$J21*P21 -> 0 | U21: =$K21*T21 -> 0 | V21: =$I21*T21 -> 0 | W21: =$J21*T21 -> 0 | Y21: =$K21*X21 -> 0 | Z21: =$I21*X21 -> 0 | AA21: =$J21*X21 -> 0 | AC21: =$K21*AB21 -> 0 | AD21: =$I21*AB21 -> 0 | AE21: =$J21*AB21 -> 0 | AG21: =$K21*AF21 -> 0 | AH21: =$I21*AF21 -> 0 | AI21: =$J21*AF21 -> 0 | AK21: =L21+P21+T21+X21+AB21+AF21 -> 0 | AL21: =M21+Q21+U21+Y21+AC21+AG21 -> 0 | AM21: =AL21-K21 -> 0
F22: =E22*(IF(C22="",0,IF(C22="50000",$K$4,IF(C22="50010",$K$5,IF(C22="50020",$K$6,IF(C22="50030",$K$7,IF(C22="50040",$K$8,IF(C22="50050",$K$9,IF(C22="50060",$K$10,IF(C22="50100",$K$11,IF(C22="50110",$K$12)))))))))))+(IF(C22="",0,IF(C22="50000",E22*(1+$F$4),IF(C22="50010",E22*(1+$F$5),IF(C22="50020",E22*(1+$F$6),IF(C22="50030",E22*(1+$F$7),IF(C22="50040",E22*(1+$F$8),IF(C22="50050",E22*(1+$F$9),IF(C22="50060",E22*(1+$F$10),IF(C22="50100",E22*(1+$F$11),IF(C22="50110",E22*(1+$F$12))))))))))))*IF(C22="",0,IF(C22="50000",$L$4,IF(C22="50010",$L$5,IF(C22="50020",$L$6,IF(C22="50030",$L$7,IF(C22="50040",$L$8,IF(C22="50050",$L$9,IF(C22="50060",$L$10,IF(C22="50100",$L$11,IF(C22="50110",$L$12)))))))))) -> 0 | G22: =IF(C22="",0,IF(C22="50000",$G$4,IF(C22="50010",$G$5,IF(C22="50020",$G$6,IF(C22="50030",$G$7,IF(C22="50040",$G$8,IF(C22="50050",$G$9,IF(C22="50060",$G$10,IF(C22="50100",$G$11,IF(C22="50110",$G$12)))))))))) -> 0 | I22: =F22*H22 -> 0 | J22: =F22*G22*H22 -> 0 | K22: =F22*(1+G22)*H22 -> 0 | M22: =$K22*L22 -> 0 | N22: =$I22*L22 -> 0 | O22: =$J22*L22 -> 0 | Q22: =$K22*P22 -> 0 | R22: =$I22*P22 -> 0 | S22: =$J22*P22 -> 0 | U22: =$K22*T22 -> 0 | V22: =$I22*T22 -> 0 | W22: =$J22*T22 -> 0 | Y22: =$K22*X22 -> 0 | Z22: =$I22*X22 -> 0 | AA22: =$J22*X22 -> 0 | AC22: =$K22*AB22 -> 0 | AD22: =$I22*AB22 -> 0 | AE22: =$J22*AB22 -> 0 | AG22: =$K22*AF22 -> 0 | AH22: =$I22*AF22 -> 0 | AI22: =$J22*AF22 -> 0 | AK22: =L22+P22+T22+X22+AB22+AF22 -> 0 | AL22: =M22+Q22+U22+Y22+AC22+AG22 -> 0 | AM22: =AL22-K22 -> 0
F23: =E23*(IF(C23="",0,IF(C23="50000",$K$4,IF(C23="50010",$K$5,IF(C23="50020",$K$6,IF(C23="50030",$K$7,IF(C23="50040",$K$8,IF(C23="50050",$K$9,IF(C23="50060",$K$10,IF(C23="50100",$K$11,IF(C23="50110",$K$12)))))))))))+(IF(C23="",0,IF(C23="50000",E23*(1+$F$4),IF(C23="50010",E23*(1+$F$5),IF(C23="50020",E23*(1+$F$6),IF(C23="50030",E23*(1+$F$7),IF(C23="50040",E23*(1+$F$8),IF(C23="50050",E23*(1+$F$9),IF(C23="50060",E23*(1+$F$10),IF(C23="50100",E23*(1+$F$11),IF(C23="50110",E23*(1+$F$12))))))))))))*IF(C23="",0,IF(C23="50000",$L$4,IF(C23="50010",$L$5,IF(C23="50020",$L$6,IF(C23="50030",$L$7,IF(C23="50040",$L$8,IF(C23="50050",$L$9,IF(C23="50060",$L$10,IF(C23="50100",$L$11,IF(C23="50110",$L$12)))))))))) -> 0 | G23: =IF(C23="",0,IF(C23="50000",$G$4,IF(C23="50010",$G$5,IF(C23="50020",$G$6,IF(C23="50030",$G$7,IF(C23="50040",$G$8,IF(C23="50050",$G$9,IF(C23="50060",$G$10,IF(C23="50100",$G$11,IF(C23="50110",$G$12)))))))))) -> 0 | I23: =F23*H23 -> 0 | J23: =F23*G23*H23 -> 0 | K23: =F23*(1+G23)*H23 -> 0 | M23: =$K23*L23 -> 0 | N23: =$I23*L23 -> 0 | O23: =$J23*L23 -> 0 | Q23: =$K23*P23 -> 0 | R23: =$I23*P23 -> 0 | S23: =$J23*P23 -> 0 | U23: =$K23*T23 -> 0 | V23: =$I23*T23 -> 0 | W23: =$J23*T23 -> 0 | Y23: =$K23*X23 -> 0 | Z23: =$I23*X23 -> 0 | AA23: =$J23*X23 -> 0 | AC23: =$K23*AB23 -> 0 | AD23: =$I23*AB23 -> 0 | AE23: =$J23*AB23 -> 0 | AG23: =$K23*AF23 -> 0 | AH23: =$I23*AF23 -> 0 | AI23: =$J23*AF23 -> 0 | AK23: =L23+P23+T23+X23+AB23+AF23 -> 0 | AL23: =M23+Q23+U23+Y23+AC23+AG23 -> 0 | AM23: =AL23-K23 -> 0
F24: =E24*(IF(C24="",0,IF(C24="50000",$K$4,IF(C24="50010",$K$5,IF(C24="50020",$K$6,IF(C24="50030",$K$7,IF(C24="50040",$K$8,IF(C24="50050",$K$9,IF(C24="50060",$K$10,IF(C24="50100",$K$11,IF(C24="50110",$K$12)))))))))))+(IF(C24="",0,IF(C24="50000",E24*(1+$F$4),IF(C24="50010",E24*(1+$F$5),IF(C24="50020",E24*(1+$F$6),IF(C24="50030",E24*(1+$F$7),IF(C24="50040",E24*(1+$F$8),IF(C24="50050",E24*(1+$F$9),IF(C24="50060",E24*(1+$F$10),IF(C24="50100",E24*(1+$F$11),IF(C24="50110",E24*(1+$F$12))))))))))))*IF(C24="",0,IF(C24="50000",$L$4,IF(C24="50010",$L$5,IF(C24="50020",$L$6,IF(C24="50030",$L$7,IF(C24="50040",$L$8,IF(C24="50050",$L$9,IF(C24="50060",$L$10,IF(C24="50100",$L$11,IF(C24="50110",$L$12)))))))))) -> 0 | G24: =IF(C24="",0,IF(C24="50000",$G$4,IF(C24="50010",$G$5,IF(C24="50020",$G$6,IF(C24="50030",$G$7,IF(C24="50040",$G$8,IF(C24="50050",$G$9,IF(C24="50060",$G$10,IF(C24="50100",$G$11,IF(C24="50110",$G$12)))))))))) -> 0 | I24: =F24*H24 -> 0 | J24: =F24*G24*H24 -> 0 | K24: =F24*(1+G24)*H24 -> 0 | M24: =$K24*L24 -> 0 | N24: =$I24*L24 -> 0 | O24: =$J24*L24 -> 0 | Q24: =$K24*P24 -> 0 | R24: =$I24*P24 -> 0 | S24: =$J24*P24 -> 0 | U24: =$K24*T24 -> 0 | V24: =$I24*T24 -> 0 | W24: =$J24*T24 -> 0 | Y24: =$K24*X24 -> 0 | Z24: =$I24*X24 -> 0 | AA24: =$J24*X24 -> 0 | AC24: =$K24*AB24 -> 0 | AD24: =$I24*AB24 -> 0 | AE24: =$J24*AB24 -> 0 | AG24: =$K24*AF24 -> 0 | AH24: =$I24*AF24 -> 0 | AI24: =$J24*AF24 -> 0 | AK24: =L24+P24+T24+X24+AB24+AF24 -> 0 | AL24: =M24+Q24+U24+Y24+AC24+AG24 -> 0 | AM24: =AL24-K24 -> 0
F25: =E25*(IF(C25="",0,IF(C25="50000",$K$4,IF(C25="50010",$K$5,IF(C25="50020",$K$6,IF(C25="50030",$K$7,IF(C25="50040",$K$8,IF(C25="50050",$K$9,IF(C25="50060",$K$10,IF(C25="50100",$K$11,IF(C25="50110",$K$12)))))))))))+(IF(C25="",0,IF(C25="50000",E25*(1+$F$4),IF(C25="50010",E25*(1+$F$5),IF(C25="50020",E25*(1+$F$6),IF(C25="50030",E25*(1+$F$7),IF(C25="50040",E25*(1+$F$8),IF(C25="50050",E25*(1+$F$9),IF(C25="50060",E25*(1+$F$10),IF(C25="50100",E25*(1+$F$11),IF(C25="50110",E25*(1+$F$12))))))))))))*IF(C25="",0,IF(C25="50000",$L$4,IF(C25="50010",$L$5,IF(C25="50020",$L$6,IF(C25="50030",$L$7,IF(C25="50040",$L$8,IF(C25="50050",$L$9,IF(C25="50060",$L$10,IF(C25="50100",$L$11,IF(C25="50110",$L$12)))))))))) -> 0 | G25: =IF(C25="",0,IF(C25="50000",$G$4,IF(C25="50010",$G$5,IF(C25="50020",$G$6,IF(C25="50030",$G$7,IF(C25="50040",$G$8,IF(C25="50050",$G$9,IF(C25="50060",$G$10,IF(C25="50100",$G$11,IF(C25="50110",$G$12)))))))))) -> 0 | I25: =F25*H25 -> 0 | J25: =F25*G25*H25 -> 0 | K25: =F25*(1+G25)*H25 -> 0 | M25: =$K25*L25 -> 0 | N25: =$I25*L25 -> 0 | O25: =$J25*L25 -> 0 | Q25: =$K25*P25 -> 0 | R25: =$I25*P25 -> 0 | S25: =$J25*P25 -> 0 | U25: =$K25*T25 -> 0 | V25: =$I25*T25 -> 0 | W25: =$J25*T25 -> 0 | Y25: =$K25*X25 -> 0 | Z25: =$I25*X25 -> 0 | AA25: =$J25*X25 -> 0 | AC25: =$K25*AB25 -> 0 | AD25: =$I25*AB25 -> 0 | AE25: =$J25*AB25 -> 0 | AG25: =$K25*AF25 -> 0 | AH25: =$I25*AF25 -> 0 | AI25: =$J25*AF25 -> 0 | AK25: =L25+P25+T25+X25+AB25+AF25 -> 0 | AL25: =M25+Q25+U25+Y25+AC25+AG25 -> 0 | AM25: =AL25-K25 -> 0
F26: =E26*(IF(C26="",0,IF(C26="50000",$K$4,IF(C26="50010",$K$5,IF(C26="50020",$K$6,IF(C26="50030",$K$7,IF(C26="50040",$K$8,IF(C26="50050",$K$9,IF(C26="50060",$K$10,IF(C26="50100",$K$11,IF(C26="50110",$K$12)))))))))))+(IF(C26="",0,IF(C26="50000",E26*(1+$F$4),IF(C26="50010",E26*(1+$F$5),IF(C26="50020",E26*(1+$F$6),IF(C26="50030",E26*(1+$F$7),IF(C26="50040",E26*(1+$F$8),IF(C26="50050",E26*(1+$F$9),IF(C26="50060",E26*(1+$F$10),IF(C26="50100",E26*(1+$F$11),IF(C26="50110",E26*(1+$F$12))))))))))))*IF(C26="",0,IF(C26="50000",$L$4,IF(C26="50010",$L$5,IF(C26="50020",$L$6,IF(C26="50030",$L$7,IF(C26="50040",$L$8,IF(C26="50050",$L$9,IF(C26="50060",$L$10,IF(C26="50100",$L$11,IF(C26="50110",$L$12)))))))))) -> 0 | G26: =IF(C26="",0,IF(C26="50000",$G$4,IF(C26="50010",$G$5,IF(C26="50020",$G$6,IF(C26="50030",$G$7,IF(C26="50040",$G$8,IF(C26="50050",$G$9,IF(C26="50060",$G$10,IF(C26="50100",$G$11,IF(C26="50110",$G$12)))))))))) -> 0 | I26: =F26*H26 -> 0 | J26: =F26*G26*H26 -> 0 | K26: =F26*(1+G26)*H26 -> 0 | M26: =$K26*L26 -> 0 | N26: =$I26*L26 -> 0 | O26: =$J26*L26 -> 0 | Q26: =$K26*P26 -> 0 | R26: =$I26*P26 -> 0 | S26: =$J26*P26 -> 0 | U26: =$K26*T26 -> 0 | V26: =$I26*T26 -> 0 | W26: =$J26*T26 -> 0 | Y26: =$K26*X26 -> 0 | Z26: =$I26*X26 -> 0 | AA26: =$J26*X26 -> 0 | AC26: =$K26*AB26 -> 0 | AD26: =$I26*AB26 -> 0 | AE26: =$J26*AB26 -> 0 | AG26: =$K26*AF26 -> 0 | AH26: =$I26*AF26 -> 0 | AI26: =$J26*AF26 -> 0 | AK26: =L26+P26+T26+X26+AB26+AF26 -> 0 | AL26: =M26+Q26+U26+Y26+AC26+AG26 -> 0 | AM26: =AL26-K26 -> 0
F27: =E27*(IF(C27="",0,IF(C27="50000",$K$4,IF(C27="50010",$K$5,IF(C27="50020",$K$6,IF(C27="50030",$K$7,IF(C27="50040",$K$8,IF(C27="50050",$K$9,IF(C27="50060",$K$10,IF(C27="50100",$K$11,IF(C27="50110",$K$12)))))))))))+(IF(C27="",0,IF(C27="50000",E27*(1+$F$4),IF(C27="50010",E27*(1+$F$5),IF(C27="50020",E27*(1+$F$6),IF(C27="50030",E27*(1+$F$7),IF(C27="50040",E27*(1+$F$8),IF(C27="50050",E27*(1+$F$9),IF(C27="50060",E27*(1+$F$10),IF(C27="50100",E27*(1+$F$11),IF(C27="50110",E27*(1+$F$12))))))))))))*IF(C27="",0,IF(C27="50000",$L$4,IF(C27="50010",$L$5,IF(C27="50020",$L$6,IF(C27="50030",$L$7,IF(C27="50040",$L$8,IF(C27="50050",$L$9,IF(C27="50060",$L$10,IF(C27="50100",$L$11,IF(C27="50110",$L$12)))))))))) -> 0 | G27: =IF(C27="",0,IF(C27="50000",$G$4,IF(C27="50010",$G$5,IF(C27="50020",$G$6,IF(C27="50030",$G$7,IF(C27="50040",$G$8,IF(C27="50050",$G$9,IF(C27="50060",$G$10,IF(C27="50100",$G$11,IF(C27="50110",$G$12)))))))))) -> 0 | I27: =F27*H27 -> 0 | J27: =F27*G27*H27 -> 0 | K27: =F27*(1+G27)*H27 -> 0 | M27: =$K27*L27 -> 0 | N27: =$I27*L27 -> 0 | O27: =$J27*L27 -> 0 | Q27: =$K27*P27 -> 0 | R27: =$I27*P27 -> 0 | S27: =$J27*P27 -> 0 | U27: =$K27*T27 -> 0 | V27: =$I27*T27 -> 0 | W27: =$J27*T27 -> 0 | Y27: =$K27*X27 -> 0 | Z27: =$I27*X27 -> 0 | AA27: =$J27*X27 -> 0 | AC27: =$K27*AB27 -> 0 | AD27: =$I27*AB27 -> 0 | AE27: =$J27*AB27 -> 0 | AG27: =$K27*AF27 -> 0 | AH27: =$I27*AF27 -> 0 | AI27: =$J27*AF27 -> 0 | AK27: =L27+P27+T27+X27+AB27+AF27 -> 0 | AL27: =M27+Q27+U27+Y27+AC27+AG27 -> 0 | AM27: =AL27-K27 -> 0
F28: =E28*(IF(C28="",0,IF(C28="50000",$K$4,IF(C28="50010",$K$5,IF(C28="50020",$K$6,IF(C28="50030",$K$7,IF(C28="50040",$K$8,IF(C28="50050",$K$9,IF(C28="50060",$K$10,IF(C28="50100",$K$11,IF(C28="50110",$K$12)))))))))))+(IF(C28="",0,IF(C28="50000",E28*(1+$F$4),IF(C28="50010",E28*(1+$F$5),IF(C28="50020",E28*(1+$F$6),IF(C28="50030",E28*(1+$F$7),IF(C28="50040",E28*(1+$F$8),IF(C28="50050",E28*(1+$F$9),IF(C28="50060",E28*(1+$F$10),IF(C28="50100",E28*(1+$F$11),IF(C28="50110",E28*(1+$F$12))))))))))))*IF(C28="",0,IF(C28="50000",$L$4,IF(C28="50010",$L$5,IF(C28="50020",$L$6,IF(C28="50030",$L$7,IF(C28="50040",$L$8,IF(C28="50050",$L$9,IF(C28="50060",$L$10,IF(C28="50100",$L$11,IF(C28="50110",$L$12)))))))))) -> 0 | G28: =IF(C28="",0,IF(C28="50000",$G$4,IF(C28="50010",$G$5,IF(C28="50020",$G$6,IF(C28="50030",$G$7,IF(C28="50040",$G$8,IF(C28="50050",$G$9,IF(C28="50060",$G$10,IF(C28="50100",$G$11,IF(C28="50110",$G$12)))))))))) -> 0 | I28: =F28*H28 -> 0 | J28: =F28*G28*H28 -> 0 | K28: =F28*(1+G28)*H28 -> 0 | M28: =$K28*L28 -> 0 | N28: =$I28*L28 -> 0 | O28: =$J28*L28 -> 0 | Q28: =$K28*P28 -> 0 | R28: =$I28*P28 -> 0 | S28: =$J28*P28 -> 0 | U28: =$K28*T28 -> 0 | V28: =$I28*T28 -> 0 | W28: =$J28*T28 -> 0 | Y28: =$K28*X28 -> 0 | Z28: =$I28*X28 -> 0 | AA28: =$J28*X28 -> 0 | AC28: =$K28*AB28 -> 0 | AD28: =$I28*AB28 -> 0 | AE28: =$J28*AB28 -> 0 | AG28: =$K28*AF28 -> 0 | AH28: =$I28*AF28 -> 0 | AI28: =$J28*AF28 -> 0 | AK28: =L28+P28+T28+X28+AB28+AF28 -> 0 | AL28: =M28+Q28+U28+Y28+AC28+AG28 -> 0 | AM28: =AL28-K28 -> 0
F29: =E29*(IF(C29="",0,IF(C29="50000",$K$4,IF(C29="50010",$K$5,IF(C29="50020",$K$6,IF(C29="50030",$K$7,IF(C29="50040",$K$8,IF(C29="50050",$K$9,IF(C29="50060",$K$10,IF(C29="50100",$K$11,IF(C29="50110",$K$12)))))))))))+(IF(C29="",0,IF(C29="50000",E29*(1+$F$4),IF(C29="50010",E29*(1+$F$5),IF(C29="50020",E29*(1+$F$6),IF(C29="50030",E29*(1+$F$7),IF(C29="50040",E29*(1+$F$8),IF(C29="50050",E29*(1+$F$9),IF(C29="50060",E29*(1+$F$10),IF(C29="50100",E29*(1+$F$11),IF(C29="50110",E29*(1+$F$12))))))))))))*IF(C29="",0,IF(C29="50000",$L$4,IF(C29="50010",$L$5,IF(C29="50020",$L$6,IF(C29="50030",$L$7,IF(C29="50040",$L$8,IF(C29="50050",$L$9,IF(C29="50060",$L$10,IF(C29="50100",$L$11,IF(C29="50110",$L$12)))))))))) -> 0 | G29: =IF(C29="",0,IF(C29="50000",$G$4,IF(C29="50010",$G$5,IF(C29="50020",$G$6,IF(C29="50030",$G$7,IF(C29="50040",$G$8,IF(C29="50050",$G$9,IF(C29="50060",$G$10,IF(C29="50100",$G$11,IF(C29="50110",$G$12)))))))))) -> 0 | I29: =F29*H29 -> 0 | J29: =F29*G29*H29 -> 0 | K29: =F29*(1+G29)*H29 -> 0 | M29: =$K29*L29 -> 0 | N29: =$I29*L29 -> 0 | O29: =$J29*L29 -> 0 | Q29: =$K29*P29 -> 0 | R29: =$I29*P29 -> 0 | S29: =$J29*P29 -> 0 | U29: =$K29*T29 -> 0 | V29: =$I29*T29 -> 0 | W29: =$J29*T29 -> 0 | Y29: =$K29*X29 -> 0 | Z29: =$I29*X29 -> 0 | AA29: =$J29*X29 -> 0 | AC29: =$K29*AB29 -> 0 | AD29: =$I29*AB29 -> 0 | AE29: =$J29*AB29 -> 0 | AG29: =$K29*AF29 -> 0 | AH29: =$I29*AF29 -> 0 | AI29: =$J29*AF29 -> 0 | AK29: =L29+P29+T29+X29+AB29+AF29 -> 0 | AL29: =M29+Q29+U29+Y29+AC29+AG29 -> 0 | AM29: =AL29-K29 -> 0
F30: =E30*(IF(C30="",0,IF(C30="50000",$K$4,IF(C30="50010",$K$5,IF(C30="50020",$K$6,IF(C30="50030",$K$7,IF(C30="50040",$K$8,IF(C30="50050",$K$9,IF(C30="50060",$K$10,IF(C30="50100",$K$11,IF(C30="50110",$K$12)))))))))))+(IF(C30="",0,IF(C30="50000",E30*(1+$F$4),IF(C30="50010",E30*(1+$F$5),IF(C30="50020",E30*(1+$F$6),IF(C30="50030",E30*(1+$F$7),IF(C30="50040",E30*(1+$F$8),IF(C30="50050",E30*(1+$F$9),IF(C30="50060",E30*(1+$F$10),IF(C30="50100",E30*(1+$F$11),IF(C30="50110",E30*(1+$F$12))))))))))))*IF(C30="",0,IF(C30="50000",$L$4,IF(C30="50010",$L$5,IF(C30="50020",$L$6,IF(C30="50030",$L$7,IF(C30="50040",$L$8,IF(C30="50050",$L$9,IF(C30="50060",$L$10,IF(C30="50100",$L$11,IF(C30="50110",$L$12)))))))))) -> 0 | G30: =IF(C30="",0,IF(C30="50000",$G$4,IF(C30="50010",$G$5,IF(C30="50020",$G$6,IF(C30="50030",$G$7,IF(C30="50040",$G$8,IF(C30="50050",$G$9,IF(C30="50060",$G$10,IF(C30="50100",$G$11,IF(C30="50110",$G$12)))))))))) -> 0 | I30: =F30*H30 -> 0 | J30: =F30*G30*H30 -> 0 | K30: =F30*(1+G30)*H30 -> 0 | M30: =$K30*L30 -> 0 | N30: =$I30*L30 -> 0 | O30: =$J30*L30 -> 0 | Q30: =$K30*P30 -> 0 | R30: =$I30*P30 -> 0 | S30: =$J30*P30 -> 0 | U30: =$K30*T30 -> 0 | V30: =$I30*T30 -> 0 | W30: =$J30*T30 -> 0 | Y30: =$K30*X30 -> 0 | Z30: =$I30*X30 -> 0 | AA30: =$J30*X30 -> 0 | AC30: =$K30*AB30 -> 0 | AD30: =$I30*AB30 -> 0 | AE30: =$J30*AB30 -> 0 | AG30: =$K30*AF30 -> 0 | AH30: =$I30*AF30 -> 0 | AI30: =$J30*AF30 -> 0 | AK30: =L30+P30+T30+X30+AB30+AF30 -> 0 | AL30: =M30+Q30+U30+Y30+AC30+AG30 -> 0 | AM30: =AL30-K30 -> 0
... F49: =E49*(IF(C49="",0,IF(C49="50000",$K$4,IF(C49="50010",$K$5,IF(C49="50020",$K$6,IF(C49="50030",$K$7,IF(C49="50040",$K$8,IF(C49="50050",$K$9,IF(C49="50060",$K$10,IF(C49="50100",$K$11,IF(C49="50110",$K$12)))))))))))+(IF(C49="",0,IF(C49="50000",E49*(1+$F$4),IF(C49="50010",E49*(1+$F$5),IF(C49="50020",E49*(1+$F$6),IF(C49="50030",E49*(1+$F$7),IF(C49="50040",E49*(1+$F$8),IF(C49="50050",E49*(1+$F$9),IF(C49="50060",E49*(1+$F$10),IF(C49="50100",E49*(1+$F$11),IF(C49="50110",E49*(1+$F$12))))))))))))*IF(C49="",0,IF(C49="50000",$L$4,IF(C49="50010",$L$5,IF(C49="50020",$L$6,IF(C49="50030",$L$7,IF(C49="50040",$L$8,IF(C49="50050",$L$9,IF(C49="50060",$L$10,IF(C49="50100",$L$11,IF(C49="50110",$L$12)))))))))) -> 0 | G49: =IF(C49="",0,IF(C49="50000",$G$4,IF(C49="50010",$G$5,IF(C49="50020",$G$6,IF(C49="50030",$G$7,IF(C49="50040",$G$8,IF(C49="50050",$G$9,IF(C49="50060",$G$10,IF(C49="50100",$G$11,IF(C49="50110",$G$12)))))))))) -> 0 | I49: =F49*H49 -> 0 | J49: =F49*G49*H49 -> 0 | K49: =F49*(1+G49)*H49 -> 0 | M49: =$K49*L49 -> 0 | N49: =$I49*L49 -> 0 | O49: =$J49*L49 -> 0 | Q49: =$K49*P49 -> 0 | R49: =$I49*P49 -> 0 | S49: =$J49*P49 -> 0 | U49: =$K49*T49 -> 0 | V49: =$I49*T49 -> 0 | W49: =$J49*T49 -> 0 | Y49: =$K49*X49 -> 0 | Z49: =$I49*X49 -> 0 | AA49: =$J49*X49 -> 0 | AC49: =$K49*AB49 -> 0 | AD49: =$I49*AB49 -> 0 | AE49: =$J49*AB49 -> 0 | AG49: =$K49*AF49 -> 0 | AH49: =$I49*AF49 -> 0 | AI49: =$J49*AF49 -> 0 | AK49: =L49+P49+T49+X49+AB49+AF49 -> 0 | AL49: =M49+Q49+U49+Y49+AC49+AG49 -> 0 | AM49: =AL49-K49 -> 0
A51: Direct Salaries-Faculty and Staff | F51: =SUM(F19:F49) -> 0 | I51: =SUM(I19:I49) -> 0 | J51: =SUM(J19:J49) -> 0 | K51: =SUM(K19:K49) -> 0 | M51: =SUM(M19:M49) -> 0 | N51: =SUM(N19:N49) -> 0 | O51: =SUM(O19:O49) -> 0 | Q51: =SUM(Q19:Q49) -> 0 | R51: =SUM(R19:R49) -> 0 | S51: =SUM(S19:S49) -> 0 | U51: =SUM(U19:U49) -> 0 | V51: =SUM(V19:V49) -> 0 | W51: =SUM(W19:W49) -> 0 | Y51: =SUM(Y19:Y49) -> 0 | Z51: =SUM(Z19:Z49) -> 0 | AA51: =SUM(AA19:AA49) -> 0 | AC51: =SUM(AC19:AC49) -> 0 | AD51: =SUM(AD19:AD49) -> 0 | AE51: =SUM(AE19:AE49) -> 0 | AG51: =SUM(AG19:AG49) -> 0 | AH51: =SUM(AH19:AH49) -> 0 | AI51: =SUM(AI19:AI49) -> 0 | AL51: =M51+Q51+U51+Y51+AC51+AG51 -> 0 | AM51: =AL51-K51 -> 0
A53: FTE Per Rate (for cost proposal information only) | H53: =SUM(H19:H49) -> 0 | L53: =($H$19*L19)+($H$20*L20)+($H$21*L21)+($H$22*L22)+($H$23*L23)+($H$24*L24)+($H$25*L25)+($H$26*L26)+($H$27*L27)+($H$28*L28)+($H$29*L29)+($H$30*L30)+($H$31*L31)+($H$32*L32)+($H$33*L33)+($H$34*L34)+($H$35*L35)+($H$36*L36)+($H$37*L37)+($H$38*L38)+($H$39*L39)+($H$40*L40)+($H$41*L41)+($H$42*L42)+($H$43*L43)+($H$44*L44)+($H$45*L45)+($H$46*L46)+($H$47*L47)+($H$48*L48)+($H$49*L49) -> 0 | P53: =($H$19*P19)+($H$20*P20)+($H$21*P21)+($H$22*P22)+($H$23*P23)+($H$24*P24)+($H$25*P25)+($H$26*P26)+($H$27*P27)+($H$28*P28)+($H$29*P29)+($H$30*P30)+($H$31*P31)+($H$32*P32)+($H$33*P33)+($H$34*P34)+($H$35*P35)+($H$36*P36)+($H$37*P37)+($H$38*P38)+($H$39*P39)+($H$40*P40)+($H$41*P41)+($H$42*P42)+($H$43*P43)+($H$44*P44)+($H$45*P45)+($H$46*P46)+($H$47*P47)+($H$48*P48)+($H$49*P49) -> 0 | T53: =($H$19*T19)+($H$20*T20)+($H$21*T21)+($H$22*T22)+($H$23*T23)+($H$24*T24)+($H$25*T25)+($H$26*T26)+($H$27*T27)+($H$28*T28)+($H$29*T29)+($H$30*T30)+($H$31*T31)+($H$32*T32)+($H$33*T33)+($H$34*T34)+($H$35*T35)+($H$36*T36)+($H$37*T37)+($H$38*T38)+($H$39*T39)+($H$40*T40)+($H$41*T41)+($H$42*T42)+($H$43*T43)+($H$44*T44)+($H$45*T45)+($H$46*T46)+($H$47*T47)+($H$48*T48)+($H$49*T49) -> 0 | X53: =($H$19*X19)+($H$20*X20)+($H$21*X21)+($H$22*X22)+($H$23*X23)+($H$24*X24)+($H$25*X25)+($H$26*X26)+($H$27*X27)+($H$28*X28)+($H$29*X29)+($H$30*X30)+($H$31*X31)+($H$32*X32)+($H$33*X33)+($H$34*X34)+($H$35*X35)+($H$36*X36)+($H$37*X37)+($H$38*X38)+($H$39*X39)+($H$40*X40)+($H$41*X41)+($H$42*X42)+($H$43*X43)+($H$44*X44)+($H$45*X45)+($H$46*X46)+($H$47*X47)+($H$48*X48)+($H$49*X49) -> 0 | AB53: =($H$19*AB19)+($H$20*AB20)+($H$21*AB21)+($H$22*AB22)+($H$23*AB23)+($H$24*AB24)+($H$25*AB25)+($H$26*AB26)+($H$27*AB27)+($H$28*AB28)+($H$29*AB29)+($H$30*AB30)+($H$31*AB31)+($H$32*AB32)+($H$33*AB33)+($H$34*AB34)+($H$35*AB35)+($H$36*AB36)+($H$37*AB37)+($H$38*AB38)+($H$39*AB39)+($H$40*AB40)+($H$41*AB41)+($H$42*AB42)+($H$43*AB43)+($H$44*AB44)+($H$45*AB45)+($H$46*AB46)+($H$47*AB47)+($H$48*AB48)+($H$49*AB49) -> 0 | AF53: =($H$19*AF19)+($H$20*AF20)+($H$21*AF21)+($H$22*AF22)+($H$23*AF23)+($H$24*AF24)+($H$25*AF25)+($H$26*AF26)+($H$27*AF27)+($H$28*AF28)+($H$29*AF29)+($H$30*AF30)+($H$31*AF31)+($H$32*AF32)+($H$33*AF33)+($H$34*AF34)+($H$35*AF35)+($H$36*AF36)+($H$37*AF37)+($H$38*AF38)+($H$39*AF39)+($H$40*AF40)+($H$41*AF41)+($H$42*AF42)+($H$43*AF43)+($H$44*AF44)+($H$45*AF45)+($H$46*AF46)+($H$47*AF47)+($H$48*AF48)+($H$49*AF49) -> 0
A56: NAME | B56: EMPLOYEE ID NUMBER | C56: Job Family Ledger | D56: TITLE | E56: FULL TIME RATE MONTHLY | F56: BASE SALARY (AT 100% FTE) | G56: BEN % | H56: FTE ON CENTER | I56: TOTAL SALARY | J56: TOTAL BENEFITS | K56: TOTAL SAL & BEN ON CTR | L56: Center Overhead Yr. 1 | P56: Rate 1 Yr. 1 | T56: Rate 2 Yr. 1 | X56: Rate 3 Yr. 1 | AB56: Rate 4 Yr. 1 | AF56: Rate 5 Yr. 1 | AK56: Percent Check | AL56: Dollar Check | AM56: Difference between allocated dollar and total dollar
L57: =IF(Usage!$B$8=0, "", Usage!$B$8) -> Center Overhead | P57: =IF(Usage!$B$9=0, "", Usage!$B$9) | T57: =IF(Usage!$B$10=0, "", Usage!$B$10) | X57: =IF(Usage!$B$11=0, "", Usage!$B$11) | AB57: =IF(Usage!$B$12=0, "", Usage!$B$12) | AF57: =IF(Usage!$B$13=0, "", Usage!$B$13) | AK57: (should add up to 100%)
A58: Salaries of Graduate Students, Students, and Hourly Employees | L58: FTE % | M58: Amount | N58: Sal | O58: Ben | P58: FTE % | Q58: Amount | R58: Sal | S58: Ben | T58: FTE % | U58: Amount | V58: Sal | W58: Ben | X58: FTE % | Y58: Amount | Z58: Sal | AA58: Ben | AB58: FTE % | AC58: Amount | AD58: Sal | AE58: Ben | AF58: FTE % | AG58: Amount | AH58: Sal | AI58: Ben
F59: =E59*(IF(C59="",0,IF(C59="50000",$K$4,IF(C59="50010",$K$5,IF(C59="50020",$K$6,IF(C59="50030",$K$7,IF(C59="50040",$K$8,IF(C59="50050",$K$9,IF(C59="50060",$K$10,IF(C59="50100",$K$11,IF(C59="50110",$K$12)))))))))))+(IF(C59="",0,IF(C59="50000",E59*(1+$F$4),IF(C59="50010",E59*(1+$F$5),IF(C59="50020",E59*(1+$F$6),IF(C59="50030",E59*(1+$F$7),IF(C59="50040",E59*(1+$F$8),IF(C59="50050",E59*(1+$F$9),IF(C59="50060",E59*(1+$F$10),IF(C59="50100",E59*(1+$F$11),IF(C59="50110",E59*(1+$F$12))))))))))))*IF(C59="",0,IF(C59="50000",$L$4,IF(C59="50010",$L$5,IF(C59="50020",$L$6,IF(C59="50030",$L$7,IF(C59="50040",$L$8,IF(C59="50050",$L$9,IF(C59="50060",$L$10,IF(C59="50100",$L$11,IF(C59="50110",$L$12)))))))))) -> 0 | G59: =IF(C59="",0,IF(C59="50000",$G$4,IF(C59="50010",$G$5,IF(C59="50020",$G$6,IF(C59="50030",$G$7,IF(C59="50040",$G$8,IF(C59="50050",$G$9,IF(C59="50060",$G$10,IF(C59="50100",$G$11,IF(C59="50110",$G$12)))))))))) -> 0 | I59: =F59*H59 -> 0 | J59: =F59*G59*H59 -> 0 | K59: =F59*(1+G59)*H59 -> 0 | M59: =$K59*L59 -> 0 | N59: =$I59*L59 -> 0 | O59: =$J59*L59 -> 0 | Q59: =$K59*P59 -> 0 | R59: =$I59*P59 -> 0 | S59: =$J59*P59 -> 0 | U59: =$K59*T59 -> 0 | V59: =$I59*T59 -> 0 | W59: =$J59*T59 -> 0 | Y59: =$K59*X59 -> 0 | Z59: =$I59*X59 -> 0 | AA59: =$J59*X59 -> 0 | AC59: =$K59*AB59 -> 0 | AD59: =$I59*AB59 -> 0 | AE59: =$J59*AB59 -> 0 | AG59: =$K59*AF59 -> 0 | AH59: =$I59*AF59 -> 0 | AI59: =$J59*AF59 -> 0 | AK59: =L59+P59+T59+X59+AB59+AF59 -> 0 | AL59: =M59+Q59+U59+Y59+AC59+AG59 -> 0 | AM59: =AL59-K59 -> 0
F60: =E60*(IF(C60="",0,IF(C60="50000",$K$4,IF(C60="50010",$K$5,IF(C60="50020",$K$6,IF(C60="50030",$K$7,IF(C60="50040",$K$8,IF(C60="50050",$K$9,IF(C60="50060",$K$10,IF(C60="50100",$K$11,IF(C60="50110",$K$12)))))))))))+(IF(C60="",0,IF(C60="50000",E60*(1+$F$4),IF(C60="50010",E60*(1+$F$5),IF(C60="50020",E60*(1+$F$6),IF(C60="50030",E60*(1+$F$7),IF(C60="50040",E60*(1+$F$8),IF(C60="50050",E60*(1+$F$9),IF(C60="50060",E60*(1+$F$10),IF(C60="50100",E60*(1+$F$11),IF(C60="50110",E60*(1+$F$12))))))))))))*IF(C60="",0,IF(C60="50000",$L$4,IF(C60="50010",$L$5,IF(C60="50020",$L$6,IF(C60="50030",$L$7,IF(C60="50040",$L$8,IF(C60="50050",$L$9,IF(C60="50060",$L$10,IF(C60="50100",$L$11,IF(C60="50110",$L$12)))))))))) -> 0 | G60: =IF(C60="",0,IF(C60="50000",$G$4,IF(C60="50010",$G$5,IF(C60="50020",$G$6,IF(C60="50030",$G$7,IF(C60="50040",$G$8,IF(C60="50050",$G$9,IF(C60="50060",$G$10,IF(C60="50100",$G$11,IF(C60="50110",$G$12)))))))))) -> 0 | I60: =F60*H60 -> 0 | J60: =F60*G60*H60 -> 0 | K60: =F60*(1+G60)*H60 -> 0 | M60: =$K60*L60 -> 0 | N60: =$I60*L60 -> 0 | O60: =$J60*L60 -> 0 | Q60: =$K60*P60 -> 0 | R60: =$I60*P60 -> 0 | S60: =$J60*P60 -> 0 | U60: =$K60*T60 -> 0 | V60: =$I60*T60 -> 0 | W60: =$J60*T60 -> 0 | Y60: =$K60*X60 -> 0 | Z60: =$I60*X60 -> 0 | AA60: =$J60*X60 -> 0 | AC60: =$K60*AB60 -> 0 | AD60: =$I60*AB60 -> 0 | AE60: =$J60*AB60 -> 0 | AG60: =$K60*AF60 -> 0 | AH60: =$I60*AF60 -> 0 | AI60: =$J60*AF60 -> 0 | AK60: =L60+P60+T60+X60+AB60+AF60 -> 0 | AL60: =M60+Q60+U60+Y60+AC60+AG60 -> 0 | AM60: =AL60-K60 -> 0
F61: =E61*(IF(C61="",0,IF(C61="50000",$K$4,IF(C61="50010",$K$5,IF(C61="50020",$K$6,IF(C61="50030",$K$7,IF(C61="50040",$K$8,IF(C61="50050",$K$9,IF(C61="50060",$K$10,IF(C61="50100",$K$11,IF(C61="50110",$K$12)))))))))))+(IF(C61="",0,IF(C61="50000",E61*(1+$F$4),IF(C61="50010",E61*(1+$F$5),IF(C61="50020",E61*(1+$F$6),IF(C61="50030",E61*(1+$F$7),IF(C61="50040",E61*(1+$F$8),IF(C61="50050",E61*(1+$F$9),IF(C61="50060",E61*(1+$F$10),IF(C61="50100",E61*(1+$F$11),IF(C61="50110",E61*(1+$F$12))))))))))))*IF(C61="",0,IF(C61="50000",$L$4,IF(C61="50010",$L$5,IF(C61="50020",$L$6,IF(C61="50030",$L$7,IF(C61="50040",$L$8,IF(C61="50050",$L$9,IF(C61="50060",$L$10,IF(C61="50100",$L$11,IF(C61="50110",$L$12)))))))))) -> 0 | G61: =IF(C61="",0,IF(C61="50000",$G$4,IF(C61="50010",$G$5,IF(C61="50020",$G$6,IF(C61="50030",$G$7,IF(C61="50040",$G$8,IF(C61="50050",$G$9,IF(C61="50060",$G$10,IF(C61="50100",$G$11,IF(C61="50110",$G$12)))))))))) -> 0 | I61: =F61*H61 -> 0 | J61: =F61*G61*H61 -> 0 | K61: =F61*(1+G61)*H61 -> 0 | M61: =$K61*L61 -> 0 | N61: =$I61*L61 -> 0 | O61: =$J61*L61 -> 0 | Q61: =$K61*P61 -> 0 | R61: =$I61*P61 -> 0 | S61: =$J61*P61 -> 0 | U61: =$K61*T61 -> 0 | V61: =$I61*T61 -> 0 | W61: =$J61*T61 -> 0 | Y61: =$K61*X61 -> 0 | Z61: =$I61*X61 -> 0 | AA61: =$J61*X61 -> 0 | AC61: =$K61*AB61 -> 0 | AD61: =$I61*AB61 -> 0 | AE61: =$J61*AB61 -> 0 | AG61: =$K61*AF61 -> 0 | AH61: =$I61*AF61 -> 0 | AI61: =$J61*AF61 -> 0 | AK61: =L61+P61+T61+X61+AB61+AF61 -> 0 | AL61: =M61+Q61+U61+Y61+AC61+AG61 -> 0 | AM61: =AL61-K61 -> 0
F62: =E62*(IF(C62="",0,IF(C62="50000",$K$4,IF(C62="50010",$K$5,IF(C62="50020",$K$6,IF(C62="50030",$K$7,IF(C62="50040",$K$8,IF(C62="50050",$K$9,IF(C62="50060",$K$10,IF(C62="50100",$K$11,IF(C62="50110",$K$12)))))))))))+(IF(C62="",0,IF(C62="50000",E62*(1+$F$4),IF(C62="50010",E62*(1+$F$5),IF(C62="50020",E62*(1+$F$6),IF(C62="50030",E62*(1+$F$7),IF(C62="50040",E62*(1+$F$8),IF(C62="50050",E62*(1+$F$9),IF(C62="50060",E62*(1+$F$10),IF(C62="50100",E62*(1+$F$11),IF(C62="50110",E62*(1+$F$12))))))))))))*IF(C62="",0,IF(C62="50000",$L$4,IF(C62="50010",$L$5,IF(C62="50020",$L$6,IF(C62="50030",$L$7,IF(C62="50040",$L$8,IF(C62="50050",$L$9,IF(C62="50060",$L$10,IF(C62="50100",$L$11,IF(C62="50110",$L$12)))))))))) -> 0 | G62: =IF(C62="",0,IF(C62="50000",$G$4,IF(C62="50010",$G$5,IF(C62="50020",$G$6,IF(C62="50030",$G$7,IF(C62="50040",$G$8,IF(C62="50050",$G$9,IF(C62="50060",$G$10,IF(C62="50100",$G$11,IF(C62="50110",$G$12)))))))))) -> 0 | I62: =F62*H62 -> 0 | J62: =F62*G62*H62 -> 0 | K62: =F62*(1+G62)*H62 -> 0 | M62: =$K62*L62 -> 0 | N62: =$I62*L62 -> 0 | O62: =$J62*L62 -> 0 | Q62: =$K62*P62 -> 0 | R62: =$I62*P62 -> 0 | S62: =$J62*P62 -> 0 | U62: =$K62*T62 -> 0 | V62: =$I62*T62 -> 0 | W62: =$J62*T62 -> 0 | Y62: =$K62*X62 -> 0 | Z62: =$I62*X62 -> 0 | AA62: =$J62*X62 -> 0 | AC62: =$K62*AB62 -> 0 | AD62: =$I62*AB62 -> 0 | AE62: =$J62*AB62 -> 0 | AG62: =$K62*AF62 -> 0 | AH62: =$I62*AF62 -> 0 | AI62: =$J62*AF62 -> 0 | AK62: =L62+P62+T62+X62+AB62+AF62 -> 0 | AL62: =M62+Q62+U62+Y62+AC62+AG62 -> 0 | AM62: =AL62-K62 -> 0
F63: =E63*(IF(C63="",0,IF(C63="50000",$K$4,IF(C63="50010",$K$5,IF(C63="50020",$K$6,IF(C63="50030",$K$7,IF(C63="50040",$K$8,IF(C63="50050",$K$9,IF(C63="50060",$K$10,IF(C63="50100",$K$11,IF(C63="50110",$K$12)))))))))))+(IF(C63="",0,IF(C63="50000",E63*(1+$F$4),IF(C63="50010",E63*(1+$F$5),IF(C63="50020",E63*(1+$F$6),IF(C63="50030",E63*(1+$F$7),IF(C63="50040",E63*(1+$F$8),IF(C63="50050",E63*(1+$F$9),IF(C63="50060",E63*(1+$F$10),IF(C63="50100",E63*(1+$F$11),IF(C63="50110",E63*(1+$F$12))))))))))))*IF(C63="",0,IF(C63="50000",$L$4,IF(C63="50010",$L$5,IF(C63="50020",$L$6,IF(C63="50030",$L$7,IF(C63="50040",$L$8,IF(C63="50050",$L$9,IF(C63="50060",$L$10,IF(C63="50100",$L$11,IF(C63="50110",$L$12)))))))))) -> 0 | G63: =IF(C63="",0,IF(C63="50000",$G$4,IF(C63="50010",$G$5,IF(C63="50020",$G$6,IF(C63="50030",$G$7,IF(C63="50040",$G$8,IF(C63="50050",$G$9,IF(C63="50060",$G$10,IF(C63="50100",$G$11,IF(C63="50110",$G$12)))))))))) -> 0 | I63: =F63*H63 -> 0 | J63: =F63*G63*H63 -> 0 | K63: =F63*(1+G63)*H63 -> 0 | M63: =$K63*L63 -> 0 | N63: =$I63*L63 -> 0 | O63: =$J63*L63 -> 0 | Q63: =$K63*P63 -> 0 | R63: =$I63*P63 -> 0 | S63: =$J63*P63 -> 0 | U63: =$K63*T63 -> 0 | V63: =$I63*T63 -> 0 | W63: =$J63*T63 -> 0 | Y63: =$K63*X63 -> 0 | Z63: =$I63*X63 -> 0 | AA63: =$J63*X63 -> 0 | AC63: =$K63*AB63 -> 0 | AD63: =$I63*AB63 -> 0 | AE63: =$J63*AB63 -> 0 | AG63: =$K63*AF63 -> 0 | AH63: =$I63*AF63 -> 0 | AI63: =$J63*AF63 -> 0 | AK63: =L63+P63+T63+X63+AB63+AF63 -> 0 | AL63: =M63+Q63+U63+Y63+AC63+AG63 -> 0 | AM63: =AL63-K63 -> 0
F64: =E64*(IF(C64="",0,IF(C64="50000",$K$4,IF(C64="50010",$K$5,IF(C64="50020",$K$6,IF(C64="50030",$K$7,IF(C64="50040",$K$8,IF(C64="50050",$K$9,IF(C64="50060",$K$10,IF(C64="50100",$K$11,IF(C64="50110",$K$12)))))))))))+(IF(C64="",0,IF(C64="50000",E64*(1+$F$4),IF(C64="50010",E64*(1+$F$5),IF(C64="50020",E64*(1+$F$6),IF(C64="50030",E64*(1+$F$7),IF(C64="50040",E64*(1+$F$8),IF(C64="50050",E64*(1+$F$9),IF(C64="50060",E64*(1+$F$10),IF(C64="50100",E64*(1+$F$11),IF(C64="50110",E64*(1+$F$12))))))))))))*IF(C64="",0,IF(C64="50000",$L$4,IF(C64="50010",$L$5,IF(C64="50020",$L$6,IF(C64="50030",$L$7,IF(C64="50040",$L$8,IF(C64="50050",$L$9,IF(C64="50060",$L$10,IF(C64="50100",$L$11,IF(C64="50110",$L$12)))))))))) -> 0 | G64: =IF(C64="",0,IF(C64="50000",$G$4,IF(C64="50010",$G$5,IF(C64="50020",$G$6,IF(C64="50030",$G$7,IF(C64="50040",$G$8,IF(C64="50050",$G$9,IF(C64="50060",$G$10,IF(C64="50100",$G$11,IF(C64="50110",$G$12)))))))))) -> 0 | I64: =F64*H64 -> 0 | J64: =F64*G64*H64 -> 0 | K64: =F64*(1+G64)*H64 -> 0 | M64: =$K64*L64 -> 0 | N64: =$I64*L64 -> 0 | O64: =$J64*L64 -> 0 | Q64: =$K64*P64 -> 0 | R64: =$I64*P64 -> 0 | S64: =$J64*P64 -> 0 | U64: =$K64*T64 -> 0 | V64: =$I64*T64 -> 0 | W64: =$J64*T64 -> 0 | Y64: =$K64*X64 -> 0 | Z64: =$I64*X64 -> 0 | AA64: =$J64*X64 -> 0 | AC64: =$K64*AB64 -> 0 | AD64: =$I64*AB64 -> 0 | AE64: =$J64*AB64 -> 0 | AG64: =$K64*AF64 -> 0 | AH64: =$I64*AF64 -> 0 | AI64: =$J64*AF64 -> 0 | AK64: =L64+P64+T64+X64+AB64+AF64 -> 0 | AL64: =M64+Q64+U64+Y64+AC64+AG64 -> 0 | AM64: =AL64-K64 -> 0
F65: =E65*(IF(C65="",0,IF(C65="50000",$K$4,IF(C65="50010",$K$5,IF(C65="50020",$K$6,IF(C65="50030",$K$7,IF(C65="50040",$K$8,IF(C65="50050",$K$9,IF(C65="50060",$K$10,IF(C65="50100",$K$11,IF(C65="50110",$K$12)))))))))))+(IF(C65="",0,IF(C65="50000",E65*(1+$F$4),IF(C65="50010",E65*(1+$F$5),IF(C65="50020",E65*(1+$F$6),IF(C65="50030",E65*(1+$F$7),IF(C65="50040",E65*(1+$F$8),IF(C65="50050",E65*(1+$F$9),IF(C65="50060",E65*(1+$F$10),IF(C65="50100",E65*(1+$F$11),IF(C65="50110",E65*(1+$F$12))))))))))))*IF(C65="",0,IF(C65="50000",$L$4,IF(C65="50010",$L$5,IF(C65="50020",$L$6,IF(C65="50030",$L$7,IF(C65="50040",$L$8,IF(C65="50050",$L$9,IF(C65="50060",$L$10,IF(C65="50100",$L$11,IF(C65="50110",$L$12)))))))))) -> 0 | G65: =IF(C65="",0,IF(C65="50000",$G$4,IF(C65="50010",$G$5,IF(C65="50020",$G$6,IF(C65="50030",$G$7,IF(C65="50040",$G$8,IF(C65="50050",$G$9,IF(C65="50060",$G$10,IF(C65="50100",$G$11,IF(C65="50110",$G$12)))))))))) -> 0 | I65: =F65*H65 -> 0 | J65: =F65*G65*H65 -> 0 | K65: =F65*(1+G65)*H65 -> 0 | M65: =$K65*L65 -> 0 | N65: =$I65*L65 -> 0 | O65: =$J65*L65 -> 0 | Q65: =$K65*P65 -> 0 | R65: =$I65*P65 -> 0 | S65: =$J65*P65 -> 0 | U65: =$K65*T65 -> 0 | V65: =$I65*T65 -> 0 | W65: =$J65*T65 -> 0 | Y65: =$K65*X65 -> 0 | Z65: =$I65*X65 -> 0 | AA65: =$J65*X65 -> 0 | AC65: =$K65*AB65 -> 0 | AD65: =$I65*AB65 -> 0 | AE65: =$J65*AB65 -> 0 | AG65: =$K65*AF65 -> 0 | AH65: =$I65*AF65 -> 0 | AI65: =$J65*AF65 -> 0 | AK65: =L65+P65+T65+X65+AB65+AF65 -> 0 | AL65: =M65+Q65+U65+Y65+AC65+AG65 -> 0 | AM65: =AL65-K65 -> 0
F66: =E66*(IF(C66="",0,IF(C66="50000",$K$4,IF(C66="50010",$K$5,IF(C66="50020",$K$6,IF(C66="50030",$K$7,IF(C66="50040",$K$8,IF(C66="50050",$K$9,IF(C66="50060",$K$10,IF(C66="50100",$K$11,IF(C66="50110",$K$12)))))))))))+(IF(C66="",0,IF(C66="50000",E66*(1+$F$4),IF(C66="50010",E66*(1+$F$5),IF(C66="50020",E66*(1+$F$6),IF(C66="50030",E66*(1+$F$7),IF(C66="50040",E66*(1+$F$8),IF(C66="50050",E66*(1+$F$9),IF(C66="50060",E66*(1+$F$10),IF(C66="50100",E66*(1+$F$11),IF(C66="50110",E66*(1+$F$12))))))))))))*IF(C66="",0,IF(C66="50000",$L$4,IF(C66="50010",$L$5,IF(C66="50020",$L$6,IF(C66="50030",$L$7,IF(C66="50040",$L$8,IF(C66="50050",$L$9,IF(C66="50060",$L$10,IF(C66="50100",$L$11,IF(C66="50110",$L$12)))))))))) -> 0 | G66: =IF(C66="",0,IF(C66="50000",$G$4,IF(C66="50010",$G$5,IF(C66="50020",$G$6,IF(C66="50030",$G$7,IF(C66="50040",$G$8,IF(C66="50050",$G$9,IF(C66="50060",$G$10,IF(C66="50100",$G$11,IF(C66="50110",$G$12)))))))))) -> 0 | I66: =F66*H66 -> 0 | J66: =F66*G66*H66 -> 0 | K66: =F66*(1+G66)*H66 -> 0 | M66: =$K66*L66 -> 0 | N66: =$I66*L66 -> 0 | O66: =$J66*L66 -> 0 | Q66: =$K66*P66 -> 0 | R66: =$I66*P66 -> 0 | S66: =$J66*P66 -> 0 | U66: =$K66*T66 -> 0 | V66: =$I66*T66 -> 0 | W66: =$J66*T66 -> 0 | Y66: =$K66*X66 -> 0 | Z66: =$I66*X66 -> 0 | AA66: =$J66*X66 -> 0 | AC66: =$K66*AB66 -> 0 | AD66: =$I66*AB66 -> 0 | AE66: =$J66*AB66 -> 0 | AG66: =$K66*AF66 -> 0 | AH66: =$I66*AF66 -> 0 | AI66: =$J66*AF66 -> 0 | AK66: =L66+P66+T66+X66+AB66+AF66 -> 0 | AL66: =M66+Q66+U66+Y66+AC66+AG66 -> 0 | AM66: =AL66-K66 -> 0
F67: =E67*(IF(C67="",0,IF(C67="50000",$K$4,IF(C67="50010",$K$5,IF(C67="50020",$K$6,IF(C67="50030",$K$7,IF(C67="50040",$K$8,IF(C67="50050",$K$9,IF(C67="50060",$K$10,IF(C67="50100",$K$11,IF(C67="50110",$K$12)))))))))))+(IF(C67="",0,IF(C67="50000",E67*(1+$F$4),IF(C67="50010",E67*(1+$F$5),IF(C67="50020",E67*(1+$F$6),IF(C67="50030",E67*(1+$F$7),IF(C67="50040",E67*(1+$F$8),IF(C67="50050",E67*(1+$F$9),IF(C67="50060",E67*(1+$F$10),IF(C67="50100",E67*(1+$F$11),IF(C67="50110",E67*(1+$F$12))))))))))))*IF(C67="",0,IF(C67="50000",$L$4,IF(C67="50010",$L$5,IF(C67="50020",$L$6,IF(C67="50030",$L$7,IF(C67="50040",$L$8,IF(C67="50050",$L$9,IF(C67="50060",$L$10,IF(C67="50100",$L$11,IF(C67="50110",$L$12)))))))))) -> 0 | G67: =IF(C67="",0,IF(C67="50000",$G$4,IF(C67="50010",$G$5,IF(C67="50020",$G$6,IF(C67="50030",$G$7,IF(C67="50040",$G$8,IF(C67="50050",$G$9,IF(C67="50060",$G$10,IF(C67="50100",$G$11,IF(C67="50110",$G$12)))))))))) -> 0 | I67: =F67*H67 -> 0 | J67: =F67*G67*H67 -> 0 | K67: =F67*(1+G67)*H67 -> 0 | M67: =$K67*L67 -> 0 | N67: =$I67*L67 -> 0 | O67: =$J67*L67 -> 0 | Q67: =$K67*P67 -> 0 | R67: =$I67*P67 -> 0 | S67: =$J67*P67 -> 0 | U67: =$K67*T67 -> 0 | V67: =$I67*T67 -> 0 | W67: =$J67*T67 -> 0 | Y67: =$K67*X67 -> 0 | Z67: =$I67*X67 -> 0 | AA67: =$J67*X67 -> 0 | AC67: =$K67*AB67 -> 0 | AD67: =$I67*AB67 -> 0 | AE67: =$J67*AB67 -> 0 | AG67: =$K67*AF67 -> 0 | AH67: =$I67*AF67 -> 0 | AI67: =$J67*AF67 -> 0 | AK67: =L67+P67+T67+X67+AB67+AF67 -> 0 | AL67: =M67+Q67+U67+Y67+AC67+AG67 -> 0 | AM67: =AL67-K67 -> 0
F68: =E68*(IF(C68="",0,IF(C68="50000",$K$4,IF(C68="50010",$K$5,IF(C68="50020",$K$6,IF(C68="50030",$K$7,IF(C68="50040",$K$8,IF(C68="50050",$K$9,IF(C68="50060",$K$10,IF(C68="50100",$K$11,IF(C68="50110",$K$12)))))))))))+(IF(C68="",0,IF(C68="50000",E68*(1+$F$4),IF(C68="50010",E68*(1+$F$5),IF(C68="50020",E68*(1+$F$6),IF(C68="50030",E68*(1+$F$7),IF(C68="50040",E68*(1+$F$8),IF(C68="50050",E68*(1+$F$9),IF(C68="50060",E68*(1+$F$10),IF(C68="50100",E68*(1+$F$11),IF(C68="50110",E68*(1+$F$12))))))))))))*IF(C68="",0,IF(C68="50000",$L$4,IF(C68="50010",$L$5,IF(C68="50020",$L$6,IF(C68="50030",$L$7,IF(C68="50040",$L$8,IF(C68="50050",$L$9,IF(C68="50060",$L$10,IF(C68="50100",$L$11,IF(C68="50110",$L$12)))))))))) -> 0 | G68: =IF(C68="",0,IF(C68="50000",$G$4,IF(C68="50010",$G$5,IF(C68="50020",$G$6,IF(C68="50030",$G$7,IF(C68="50040",$G$8,IF(C68="50050",$G$9,IF(C68="50060",$G$10,IF(C68="50100",$G$11,IF(C68="50110",$G$12)))))))))) -> 0 | I68: =F68*H68 -> 0 | J68: =F68*G68*H68 -> 0 | K68: =F68*(1+G68)*H68 -> 0 | M68: =$K68*L68 -> 0 | N68: =$I68*L68 -> 0 | O68: =$J68*L68 -> 0 | Q68: =$K68*P68 -> 0 | R68: =$I68*P68 -> 0 | S68: =$J68*P68 -> 0 | U68: =$K68*T68 -> 0 | V68: =$I68*T68 -> 0 | W68: =$J68*T68 -> 0 | Y68: =$K68*X68 -> 0 | Z68: =$I68*X68 -> 0 | AA68: =$J68*X68 -> 0 | AC68: =$K68*AB68 -> 0 | AD68: =$I68*AB68 -> 0 | AE68: =$J68*AB68 -> 0 | AG68: =$K68*AF68 -> 0 | AH68: =$I68*AF68 -> 0 | AI68: =$J68*AF68 -> 0 | AK68: =L68+P68+T68+X68+AB68+AF68 -> 0 | AL68: =M68+Q68+U68+Y68+AC68+AG68 -> 0 | AM68: =AL68-K68 -> 0
F69: =E69*(IF(C69="",0,IF(C69="50000",$K$4,IF(C69="50010",$K$5,IF(C69="50020",$K$6,IF(C69="50030",$K$7,IF(C69="50040",$K$8,IF(C69="50050",$K$9,IF(C69="50060",$K$10,IF(C69="50100",$K$11,IF(C69="50110",$K$12)))))))))))+(IF(C69="",0,IF(C69="50000",E69*(1+$F$4),IF(C69="50010",E69*(1+$F$5),IF(C69="50020",E69*(1+$F$6),IF(C69="50030",E69*(1+$F$7),IF(C69="50040",E69*(1+$F$8),IF(C69="50050",E69*(1+$F$9),IF(C69="50060",E69*(1+$F$10),IF(C69="50100",E69*(1+$F$11),IF(C69="50110",E69*(1+$F$12))))))))))))*IF(C69="",0,IF(C69="50000",$L$4,IF(C69="50010",$L$5,IF(C69="50020",$L$6,IF(C69="50030",$L$7,IF(C69="50040",$L$8,IF(C69="50050",$L$9,IF(C69="50060",$L$10,IF(C69="50100",$L$11,IF(C69="50110",$L$12)))))))))) -> 0 | G69: =IF(C69="",0,IF(C69="50000",$G$4,IF(C69="50010",$G$5,IF(C69="50020",$G$6,IF(C69="50030",$G$7,IF(C69="50040",$G$8,IF(C69="50050",$G$9,IF(C69="50060",$G$10,IF(C69="50100",$G$11,IF(C69="50110",$G$12)))))))))) -> 0 | I69: =F69*H69 -> 0 | J69: =F69*G69*H69 -> 0 | K69: =F69*(1+G69)*H69 -> 0 | M69: =$K69*L69 -> 0 | N69: =$I69*L69 -> 0 | O69: =$J69*L69 -> 0 | Q69: =$K69*P69 -> 0 | R69: =$I69*P69 -> 0 | S69: =$J69*P69 -> 0 | U69: =$K69*T69 -> 0 | V69: =$I69*T69 -> 0 | W69: =$J69*T69 -> 0 | Y69: =$K69*X69 -> 0 | Z69: =$I69*X69 -> 0 | AA69: =$J69*X69 -> 0 | AC69: =$K69*AB69 -> 0 | AD69: =$I69*AB69 -> 0 | AE69: =$J69*AB69 -> 0 | AG69: =$K69*AF69 -> 0 | AH69: =$I69*AF69 -> 0 | AI69: =$J69*AF69 -> 0 | AK69: =L69+P69+T69+X69+AB69+AF69 -> 0 | AL69: =M69+Q69+U69+Y69+AC69+AG69 -> 0 | AM69: =AL69-K69 -> 0
F70: =E70*(IF(C70="",0,IF(C70="50000",$K$4,IF(C70="50010",$K$5,IF(C70="50020",$K$6,IF(C70="50030",$K$7,IF(C70="50040",$K$8,IF(C70="50050",$K$9,IF(C70="50060",$K$10,IF(C70="50100",$K$11,IF(C70="50110",$K$12)))))))))))+(IF(C70="",0,IF(C70="50000",E70*(1+$F$4),IF(C70="50010",E70*(1+$F$5),IF(C70="50020",E70*(1+$F$6),IF(C70="50030",E70*(1+$F$7),IF(C70="50040",E70*(1+$F$8),IF(C70="50050",E70*(1+$F$9),IF(C70="50060",E70*(1+$F$10),IF(C70="50100",E70*(1+$F$11),IF(C70="50110",E70*(1+$F$12))))))))))))*IF(C70="",0,IF(C70="50000",$L$4,IF(C70="50010",$L$5,IF(C70="50020",$L$6,IF(C70="50030",$L$7,IF(C70="50040",$L$8,IF(C70="50050",$L$9,IF(C70="50060",$L$10,IF(C70="50100",$L$11,IF(C70="50110",$L$12)))))))))) -> 0 | G70: =IF(C70="",0,IF(C70="50000",$G$4,IF(C70="50010",$G$5,IF(C70="50020",$G$6,IF(C70="50030",$G$7,IF(C70="50040",$G$8,IF(C70="50050",$G$9,IF(C70="50060",$G$10,IF(C70="50100",$G$11,IF(C70="50110",$G$12)))))))))) -> 0 | I70: =F70*H70 -> 0 | J70: =F70*G70*H70 -> 0 | K70: =F70*(1+G70)*H70 -> 0 | M70: =$K70*L70 -> 0 | N70: =$I70*L70 -> 0 | O70: =$J70*L70 -> 0 | Q70: =$K70*P70 -> 0 | R70: =$I70*P70 -> 0 | S70: =$J70*P70 -> 0 | U70: =$K70*T70 -> 0 | V70: =$I70*T70 -> 0 | W70: =$J70*T70 -> 0 | Y70: =$K70*X70 -> 0 | Z70: =$I70*X70 -> 0 | AA70: =$J70*X70 -> 0 | AC70: =$K70*AB70 -> 0 | AD70: =$I70*AB70 -> 0 | AE70: =$J70*AB70 -> 0 | AG70: =$K70*AF70 -> 0 | AH70: =$I70*AF70 -> 0 | AI70: =$J70*AF70 -> 0 | AK70: =L70+P70+T70+X70+AB70+AF70 -> 0 | AL70: =M70+Q70+U70+Y70+AC70+AG70 -> 0 | AM70: =AL70-K70 -> 0
... F74: =E74*(IF(C74="",0,IF(C74="50000",$K$4,IF(C74="50010",$K$5,IF(C74="50020",$K$6,IF(C74="50030",$K$7,IF(C74="50040",$K$8,IF(C74="50050",$K$9,IF(C74="50060",$K$10,IF(C74="50100",$K$11,IF(C74="50110",$K$12)))))))))))+(IF(C74="",0,IF(C74="50000",E74*(1+$F$4),IF(C74="50010",E74*(1+$F$5),IF(C74="50020",E74*(1+$F$6),IF(C74="50030",E74*(1+$F$7),IF(C74="50040",E74*(1+$F$8),IF(C74="50050",E74*(1+$F$9),IF(C74="50060",E74*(1+$F$10),IF(C74="50100",E74*(1+$F$11),IF(C74="50110",E74*(1+$F$12))))))))))))*IF(C74="",0,IF(C74="50000",$L$4,IF(C74="50010",$L$5,IF(C74="50020",$L$6,IF(C74="50030",$L$7,IF(C74="50040",$L$8,IF(C74="50050",$L$9,IF(C74="50060",$L$10,IF(C74="50100",$L$11,IF(C74="50110",$L$12)))))))))) -> 0 | G74: =IF(C74="",0,IF(C74="50000",$G$4,IF(C74="50010",$G$5,IF(C74="50020",$G$6,IF(C74="50030",$G$7,IF(C74="50040",$G$8,IF(C74="50050",$G$9,IF(C74="50060",$G$10,IF(C74="50100",$G$11,IF(C74="50110",$G$12)))))))))) -> 0 | I74: =F74*H74 -> 0 | J74: =F74*G74*H74 -> 0 | K74: =F74*(1+G74)*H74 -> 0 | M74: =$K74*L74 -> 0 | N74: =$I74*L74 -> 0 | O74: =$J74*L74 -> 0 | Q74: =$K74*P74 -> 0 | R74: =$I74*P74 -> 0 | S74: =$J74*P74 -> 0 | U74: =$K74*T74 -> 0 | V74: =$I74*T74 -> 0 | W74: =$J74*T74 -> 0 | Y74: =$K74*X74 -> 0 | Z74: =$I74*X74 -> 0 | AA74: =$J74*X74 -> 0 | AC74: =$K74*AB74 -> 0 | AD74: =$I74*AB74 -> 0 | AE74: =$J74*AB74 -> 0 | AG74: =$K74*AF74 -> 0 | AH74: =$I74*AF74 -> 0 | AI74: =$J74*AF74 -> 0 | AK74: =L74+P74+T74+X74+AB74+AF74 -> 0 | AL74: =M74+Q74+U74+Y74+AC74+AG74 -> 0 | AM74: =AL74-K74 -> 0
A76: Direct Salaries-Faculty and Staff | F76: =SUM(F59:F74) -> 0 | I76: =SUM(I59:I74) -> 0 | J76: =SUM(J59:J74) -> 0 | K76: =SUM(K59:K74) -> 0 | M76: =SUM(M59:M74) -> 0 | N76: =SUM(N59:N74) -> 0 | O76: =SUM(O59:O74) -> 0 | Q76: =SUM(Q59:Q74) -> 0 | R76: =SUM(R59:R74) -> 0 | S76: =SUM(S59:S74) -> 0 | U76: =SUM(U59:U74) -> 0 | V76: =SUM(V59:V74) -> 0 | W76: =SUM(W59:W74) -> 0 | Y76: =SUM(Y59:Y74) -> 0 | Z76: =SUM(Z59:Z74) -> 0 | AA76: =SUM(AA59:AA74) -> 0 | AC76: =SUM(AC59:AC74) -> 0 | AD76: =SUM(AD59:AD74) -> 0 | AE76: =SUM(AE59:AE74) -> 0 | AG76: =SUM(AG59:AG74) -> 0 | AH76: =SUM(AH59:AH74) -> 0 | AI76: =SUM(AI59:AI74) -> 0 | AL76: =M76+Q76+U76+Y76+AC76+AG76 -> 0 | AM76: =AL76-K76 -> 0
F79: Total Salaries Year 1 | I79: =I51+I76 -> 0 | J79: =J51+J76 -> 0 | K79: =K51+K76 -> 0 | M79: =M51+M76 -> 0 | N79: =N51+N76 -> 0 | O79: =O51+O76 -> 0 | Q79: =Q51+Q76 -> 0 | R79: =R51+R76 -> 0 | S79: =S51+S76 -> 0 | U79: =U51+U76 -> 0 | V79: =V51+V76 -> 0 | W79: =W51+W76 -> 0 | Y79: =Y51+Y76 -> 0 | Z79: =Z51+Z76 -> 0 | AA79: =AA51+AA76 -> 0 | AC79: =AC51+AC76 -> 0 | AD79: =AD51+AD76 -> 0 | AE79: =AE51+AE76 -> 0 | AG79: =AG51+AG76 -> 0 | AH79: =AH51+AH76 -> 0 | AI79: =AI51+AI76 -> 0
A82: Year 2 Salaries & Benefits
A83: Purpose: List personnel paid on the center and allocated S&B to each rate.
A84: =IF('General Information'!B9=0, "Please Enter End Date On General Information Sheet", "Year 2: "&TEXT('General Information'!B11,"mm/dd/yy")&" to "&TEXT('General Information'!B12, "mm/dd/yy")) -> Please Enter End Date On General Information Sheet
A85: NAME | B85: EMPLOYEE ID NUMBER | C85: Job Family Ledger | D85: TITLE | E85: FULL TIME RATE MONTHLY | F85: BASE SALARY (AT 100% FTE) | G85: BEN % | H85: FTE ON CENTER | I85: TOTAL SALARY | J85: TOTAL BENEFITS | K85: TOTAL SAL & BEN ON CTR | L85: Center Overhead Yr. 2 | P85: Rate 1 Yr. 2 | T85: Rate 2 Yr. 2 | X85: Rate 3 Yr. 2 | AB85: Rate 4 Yr. 2 | AF85: Rate 5 Yr. 2 | AK85: Percent Check | AL85: Dollar Check | AM85: Difference between allocated dollar and total dollar
L86: =IF(Usage!$B$8=0, "", Usage!$B$8) -> Center Overhead | P86: =IF(Usage!$B$9=0, "", Usage!$B$9) | T86: =IF(Usage!$B$10=0, "", Usage!$B$10) | X86: =IF(Usage!$B$11=0, "", Usage!$B$11) | AB86: =IF(Usage!$B$12=0, "", Usage!$B$12) | AF86: =IF(Usage!$B$13=0, "", Usage!$B$13) | AK86: (should add up to 100%)
A87: Salaries of All Faculty and Staff vacant position approved by management | L87: FTE % | M87: Amount | N87: Sal | O87: Ben | P87: FTE % | Q87: Amount | R87: Sal | S87: Ben | T87: FTE % | U87: Amount | V87: Sal | W87: Ben | X87: FTE % | Y87: Amount | Z87: Sal | AA87: Ben | AB87: FTE % | AC87: Amount | AD87: Sal | AE87: Ben | AF87: FTE % | AG87: Amount | AH87: Sal | AI87: Ben
A88: =IF(A19=0, "", A19) | B88: =IF(B19=0, "", B19) | C88: =IF(C19=0, "", C19) | D88: =IF(D19=0, "", D19) | E88: {=IF(C88="",0,IF(C88="50000",E19*(1+$F$4),IF(C88="50010",E19*(1+$F$5),IF(C88="50020",E19*(1+$F$6),IF(C88="50030",E19*(1+$F$7,IF(C88="50040",E19*(1+$F$8,IF(C88="50050",E19*(1+$F$9,IF(C88="50060",E19*(1+$F$10,IF(C88="50100",E19*(1+$F$11,IF(C88="50110",E19*(1+$F$12))))))))))))))))} -> 0 | F88: =E88*(IF(C88="",0,IF(C88="50000",$M$4,IF(C88="50010",$M$5,IF(C88="50020",$M$6,IF(C88="50030",$M$7,IF(C88="50040",$M$8,IF(C88="50050",$M$9,IF(C88="50060",$M$10,IF(C88="50100",$M$11,IF(C88="50110",$M$12)))))))))))+(IF(C88="",0,IF(C88="50000",E88*(1+$F$4),IF(C88="50010",E88*(1+$F$5),IF(C88="50020",E88*(1+$F$6),IF(C88="50030",E88*(1+$F$7),IF(C88="50040",E88*(1+$F$8),IF(C88="50050",E88*(1+$F$9),IF(C88="50060",E88*(1+$F$10),IF(C88="50100",E88*(1+$F$11),IF(C88="50110",E88*(1+$F$12))))))))))))*IF(C88="",0,IF(C88="50000",$N$4,IF(C88="50010",$N$5,IF(C88="50020",$N$6,IF(C88="50030",$N$7,IF(C88="50040",$N$8,IF(C88="50050",$N$9,IF(C88="50060",$N$10,IF(C88="50100",$N$11,IF(C88="50110",$N$12)))))))))) -> 0 | G88: =IF(C88="",0,IF(C88="50000",$I$4,IF(C88="50010",$I$5,IF(C88="50020",$I$6,IF(C88="50030",$I$7,IF(C88="50040",$I$8,IF(C88="50050",$I$9,IF(C88="50060",$I$10,IF(C88="50100",$I$11,IF(C88="50110",$I$12)))))))))) -> 0 | H88: =H19 -> 0 | I88: =F88*H88 -> 0 | J88: =F88*G88*H88 -> 0 | K88: =F88*(1+G88)*H88 -> 0 | L88: =L19 -> 0 | M88: =$K88*L88 -> 0 | N88: =$I88*L88 -> 0 | O88: =$J88*L88 -> 0 | P88: =P19 -> 0 | Q88: =$K88*P88 -> 0 | R88: =$I88*P88 -> 0 | S88: =$J88*P88 -> 0 | T88: =T19 -> 0 | U88: =$K88*T88 -> 0 | V88: =$I88*T88 -> 0 | W88: =$J88*T88 -> 0 | X88: =X19 -> 0 | Y88: =$K88*X88 -> 0 | Z88: =$I88*X88 -> 0 | AA88: =$J88*X88 -> 0 | AB88: =AB19 -> 0 | AC88: =$K88*AB88 -> 0 | AD88: =$I88*AB88 -> 0 | AE88: =$J88*AB88 -> 0 | AF88: =AF19 -> 0 | AG88: =$K88*AF88 -> 0 | AH88: =$I88*AF88 -> 0 | AI88: =$J88*AF88 -> 0 | AK88: =L88+P88+T88+X88+AB88+AF88 -> 0 | AL88: =M88+Q88+U88+Y88+AC88+AG88 -> 0 | AM88: =AL88-K88 -> 0
A89: =IF(A20=0, "", A20) | B89: =IF(B20=0, "", B20) | C89: =IF(C20=0, "", C20) | D89: =IF(D20=0, "", D20) | E89: {=IF(C89="",0,IF(C89="50000",E20*(1+$F$4),IF(C89="50010",E20*(1+$F$5),IF(C89="50020",E20*(1+$F$6),IF(C89="50030",E20*(1+$F$7,IF(C89="50040",E20*(1+$F$8,IF(C89="50050",E20*(1+$F$9,IF(C89="50060",E20*(1+$F$10,IF(C89="50100",E20*(1+$F$11,IF(C89="50110",E20*(1+$F$12))))))))))))))))} -> 0 | F89: =E89*(IF(C89="",0,IF(C89="50000",$M$4,IF(C89="50010",$M$5,IF(C89="50020",$M$6,IF(C89="50030",$M$7,IF(C89="50040",$M$8,IF(C89="50050",$M$9,IF(C89="50060",$M$10,IF(C89="50100",$M$11,IF(C89="50110",$M$12)))))))))))+(IF(C89="",0,IF(C89="50000",E89*(1+$F$4),IF(C89="50010",E89*(1+$F$5),IF(C89="50020",E89*(1+$F$6),IF(C89="50030",E89*(1+$F$7),IF(C89="50040",E89*(1+$F$8),IF(C89="50050",E89*(1+$F$9),IF(C89="50060",E89*(1+$F$10),IF(C89="50100",E89*(1+$F$11),IF(C89="50110",E89*(1+$F$12))))))))))))*IF(C89="",0,IF(C89="50000",$N$4,IF(C89="50010",$N$5,IF(C89="50020",$N$6,IF(C89="50030",$N$7,IF(C89="50040",$N$8,IF(C89="50050",$N$9,IF(C89="50060",$N$10,IF(C89="50100",$N$11,IF(C89="50110",$N$12)))))))))) -> 0 | G89: =IF(C89="",0,IF(C89="50000",$I$4,IF(C89="50010",$I$5,IF(C89="50020",$I$6,IF(C89="50030",$I$7,IF(C89="50040",$I$8,IF(C89="50050",$I$9,IF(C89="50060",$I$10,IF(C89="50100",$I$11,IF(C89="50110",$I$12)))))))))) -> 0 | H89: =H20 -> 0 | I89: =F89*H89 -> 0 | J89: =F89*G89*H89 -> 0 | K89: =F89*(1+G89)*H89 -> 0 | L89: =L20 -> 0 | M89: =$K89*L89 -> 0 | N89: =$I89*L89 -> 0 | O89: =$J89*L89 -> 0 | P89: =P20 -> 0 | Q89: =$K89*P89 -> 0 | R89: =$I89*P89 -> 0 | S89: =$J89*P89 -> 0 | T89: =T20 -> 0 | U89: =$K89*T89 -> 0 | V89: =$I89*T89 -> 0 | W89: =$J89*T89 -> 0 | X89: =X20 -> 0 | Y89: =$K89*X89 -> 0 | Z89: =$I89*X89 -> 0 | AA89: =$J89*X89 -> 0 | AB89: =AB20 -> 0 | AC89: =$K89*AB89 -> 0 | AD89: =$I89*AB89 -> 0 | AE89: =$J89*AB89 -> 0 | AF89: =AF20 -> 0 | AG89: =$K89*AF89 -> 0 | AH89: =$I89*AF89 -> 0 | AI89: =$J89*AF89 -> 0 | AK89: =L89+P89+T89+X89+AB89+AF89 -> 0 | AL89: =M89+Q89+U89+Y89+AC89+AG89 -> 0 | AM89: =AL89-K89 -> 0
A90: =IF(A21=0, "", A21) | B90: =IF(B21=0, "", B21) | C90: =IF(C21=0, "", C21) | D90: =IF(D21=0, "", D21) | E90: {=IF(C90="",0,IF(C90="50000",E21*(1+$F$4),IF(C90="50010",E21*(1+$F$5),IF(C90="50020",E21*(1+$F$6),IF(C90="50030",E21*(1+$F$7,IF(C90="50040",E21*(1+$F$8,IF(C90="50050",E21*(1+$F$9,IF(C90="50060",E21*(1+$F$10,IF(C90="50100",E21*(1+$F$11,IF(C90="50110",E21*(1+$F$12))))))))))))))))} -> 0 | F90: =E90*(IF(C90="",0,IF(C90="50000",$M$4,IF(C90="50010",$M$5,IF(C90="50020",$M$6,IF(C90="50030",$M$7,IF(C90="50040",$M$8,IF(C90="50050",$M$9,IF(C90="50060",$M$10,IF(C90="50100",$M$11,IF(C90="50110",$M$12)))))))))))+(IF(C90="",0,IF(C90="50000",E90*(1+$F$4),IF(C90="50010",E90*(1+$F$5),IF(C90="50020",E90*(1+$F$6),IF(C90="50030",E90*(1+$F$7),IF(C90="50040",E90*(1+$F$8),IF(C90="50050",E90*(1+$F$9),IF(C90="50060",E90*(1+$F$10),IF(C90="50100",E90*(1+$F$11),IF(C90="50110",E90*(1+$F$12))))))))))))*IF(C90="",0,IF(C90="50000",$N$4,IF(C90="50010",$N$5,IF(C90="50020",$N$6,IF(C90="50030",$N$7,IF(C90="50040",$N$8,IF(C90="50050",$N$9,IF(C90="50060",$N$10,IF(C90="50100",$N$11,IF(C90="50110",$N$12)))))))))) -> 0 | G90: =IF(C90="",0,IF(C90="50000",$I$4,IF(C90="50010",$I$5,IF(C90="50020",$I$6,IF(C90="50030",$I$7,IF(C90="50040",$I$8,IF(C90="50050",$I$9,IF(C90="50060",$I$10,IF(C90="50100",$I$11,IF(C90="50110",$I$12)))))))))) -> 0 | H90: =H21 -> 0 | I90: =F90*H90 -> 0 | J90: =F90*G90*H90 -> 0 | K90: =F90*(1+G90)*H90 -> 0 | L90: =L21 -> 0 | M90: =$K90*L90 -> 0 | N90: =$I90*L90 -> 0 | O90: =$J90*L90 -> 0 | P90: =P21 -> 0 | Q90: =$K90*P90 -> 0 | R90: =$I90*P90 -> 0 | S90: =$J90*P90 -> 0 | T90: =T21 -> 0 | U90: =$K90*T90 -> 0 | V90: =$I90*T90 -> 0 | W90: =$J90*T90 -> 0 | X90: =X21 -> 0 | Y90: =$K90*X90 -> 0 | Z90: =$I90*X90 -> 0 | AA90: =$J90*X90 -> 0 | AB90: =AB21 -> 0 | AC90: =$K90*AB90 -> 0 | AD90: =$I90*AB90 -> 0 | AE90: =$J90*AB90 -> 0 | AF90: =AF21 -> 0 | AG90: =$K90*AF90 -> 0 | AH90: =$I90*AF90 -> 0 | AI90: =$J90*AF90 -> 0 | AK90: =L90+P90+T90+X90+AB90+AF90 -> 0 | AL90: =M90+Q90+U90+Y90+AC90+AG90 -> 0 | AM90: =AL90-K90 -> 0
A91: =IF(A22=0, "", A22) | B91: =IF(B22=0, "", B22) | C91: =IF(C22=0, "", C22) | D91: =IF(D22=0, "", D22) | E91: {=IF(C91="",0,IF(C91="50000",E22*(1+$F$4),IF(C91="50010",E22*(1+$F$5),IF(C91="50020",E22*(1+$F$6),IF(C91="50030",E22*(1+$F$7),IF(C91="50040",E22*(1+$F$8,IF(C91="50050",E22*(1+$F$9,IF(C91="50060",E22*(1+$F$10,IF(C91="50100",E22*(1+$F$11,IF(C91="50110",E22*(1+$F$12)))))))))))))))} -> 0 | F91: =E91*(IF(C91="",0,IF(C91="50000",$M$4,IF(C91="50010",$M$5,IF(C91="50020",$M$6,IF(C91="50030",$M$7,IF(C91="50040",$M$8,IF(C91="50050",$M$9,IF(C91="50060",$M$10,IF(C91="50100",$M$11,IF(C91="50110",$M$12)))))))))))+(IF(C91="",0,IF(C91="50000",E91*(1+$F$4),IF(C91="50010",E91*(1+$F$5),IF(C91="50020",E91*(1+$F$6),IF(C91="50030",E91*(1+$F$7),IF(C91="50040",E91*(1+$F$8),IF(C91="50050",E91*(1+$F$9),IF(C91="50060",E91*(1+$F$10),IF(C91="50100",E91*(1+$F$11),IF(C91="50110",E91*(1+$F$12))))))))))))*IF(C91="",0,IF(C91="50000",$N$4,IF(C91="50010",$N$5,IF(C91="50020",$N$6,IF(C91="50030",$N$7,IF(C91="50040",$N$8,IF(C91="50050",$N$9,IF(C91="50060",$N$10,IF(C91="50100",$N$11,IF(C91="50110",$N$12)))))))))) -> 0 | G91: =IF(C91="",0,IF(C91="50000",$I$4,IF(C91="50010",$I$5,IF(C91="50020",$I$6,IF(C91="50030",$I$7,IF(C91="50040",$I$8,IF(C91="50050",$I$9,IF(C91="50060",$I$10,IF(C91="50100",$I$11,IF(C91="50110",$I$12)))))))))) -> 0 | H91: =H22 -> 0 | I91: =F91*H91 -> 0 | J91: =F91*G91*H91 -> 0 | K91: =F91*(1+G91)*H91 -> 0 | L91: =L22 -> 0 | M91: =$K91*L91 -> 0 | N91: =$I91*L91 -> 0 | O91: =$J91*L91 -> 0 | P91: =P22 -> 0 | Q91: =$K91*P91 -> 0 | R91: =$I91*P91 -> 0 | S91: =$J91*P91 -> 0 | T91: =T22 -> 0 | U91: =$K91*T91 -> 0 | V91: =$I91*T91 -> 0 | W91: =$J91*T91 -> 0 | X91: =X22 -> 0 | Y91: =$K91*X91 -> 0 | Z91: =$I91*X91 -> 0 | AA91: =$J91*X91 -> 0 | AB91: =AB22 -> 0 | AC91: =$K91*AB91 -> 0 | AD91: =$I91*AB91 -> 0 | AE91: =$J91*AB91 -> 0 | AF91: =AF22 -> 0 | AG91: =$K91*AF91 -> 0 | AH91: =$I91*AF91 -> 0 | AI91: =$J91*AF91 -> 0 | AK91: =L91+P91+T91+X91+AB91+AF91 -> 0 | AL91: =M91+Q91+U91+Y91+AC91+AG91 -> 0 | AM91: =AL91-K91 -> 0
A92: =IF(A23=0, "", A23) | B92: =IF(B23=0, "", B23) | C92: =IF(C23=0, "", C23) | D92: =IF(D23=0, "", D23) | E92: =IF(C92="",0,IF(C92="50000",E23*(1+$F$4),IF(C92="50010",E23*(1+$F$5),IF(C92="50020",E23*(1+$F$6),IF(C92="50030",E23*(1+$F$7),IF(C92="50040",E23*(1+$F$8),IF(C92="50050",E23*(1+$F$9),IF(C92="50060",E23*(1+$F$10),IF(C92="50100",E23*(1+$F$11),IF(C92="50110",E23*(1+$F$12))))))))))) -> 0 | F92: =E92*(IF(C92="",0,IF(C92="50000",$M$4,IF(C92="50010",$M$5,IF(C92="50020",$M$6,IF(C92="50030",$M$7,IF(C92="50040",$M$8,IF(C92="50050",$M$9,IF(C92="50060",$M$10,IF(C92="50100",$M$11,IF(C92="50110",$M$12)))))))))))+(IF(C92="",0,IF(C92="50000",E92*(1+$F$4),IF(C92="50010",E92*(1+$F$5),IF(C92="50020",E92*(1+$F$6),IF(C92="50030",E92*(1+$F$7),IF(C92="50040",E92*(1+$F$8),IF(C92="50050",E92*(1+$F$9),IF(C92="50060",E92*(1+$F$10),IF(C92="50100",E92*(1+$F$11),IF(C92="50110",E92*(1+$F$12))))))))))))*IF(C92="",0,IF(C92="50000",$N$4,IF(C92="50010",$N$5,IF(C92="50020",$N$6,IF(C92="50030",$N$7,IF(C92="50040",$N$8,IF(C92="50050",$N$9,IF(C92="50060",$N$10,IF(C92="50100",$N$11,IF(C92="50110",$N$12)))))))))) -> 0 | G92: =IF(C92="",0,IF(C92="50000",$I$4,IF(C92="50010",$I$5,IF(C92="50020",$I$6,IF(C92="50030",$I$7,IF(C92="50040",$I$8,IF(C92="50050",$I$9,IF(C92="50060",$I$10,IF(C92="50100",$I$11,IF(C92="50110",$I$12)))))))))) -> 0 | H92: =H23 -> 0 | I92: =F92*H92 -> 0 | J92: =F92*G92*H92 -> 0 | K92: =F92*(1+G92)*H92 -> 0 | L92: =L23 -> 0 | M92: =$K92*L92 -> 0 | N92: =$I92*L92 -> 0 | O92: =$J92*L92 -> 0 | P92: =P23 -> 0 | Q92: =$K92*P92 -> 0 | R92: =$I92*P92 -> 0 | S92: =$J92*P92 -> 0 | T92: =T23 -> 0 | U92: =$K92*T92 -> 0 | V92: =$I92*T92 -> 0 | W92: =$J92*T92 -> 0 | X92: =X23 -> 0 | Y92: =$K92*X92 -> 0 | Z92: =$I92*X92 -> 0 | AA92: =$J92*X92 -> 0 | AB92: =AB23 -> 0 | AC92: =$K92*AB92 -> 0 | AD92: =$I92*AB92 -> 0 | AE92: =$J92*AB92 -> 0 | AF92: =AF23 -> 0 | AG92: =$K92*AF92 -> 0 | AH92: =$I92*AF92 -> 0 | AI92: =$J92*AF92 -> 0 | AK92: =L92+P92+T92+X92+AB92+AF92 -> 0 | AL92: =M92+Q92+U92+Y92+AC92+AG92 -> 0 | AM92: =AL92-K92 -> 0
A93: =IF(A24=0, "", A24) | B93: =IF(B24=0, "", B24) | C93: =IF(C24=0, "", C24) | D93: =IF(D24=0, "", D24) | E93: =IF(C93="",0,IF(C93="50000",E24*(1+$F$4),IF(C93="50010",E24*(1+$F$5),IF(C93="50020",E24*(1+$F$6),IF(C93="50030",E24*(1+$F$7),IF(C93="50040",E24*(1+$F$8),IF(C93="50050",E24*(1+$F$9),IF(C93="50060",E24*(1+$F$10),IF(C93="50100",E24*(1+$F$11),IF(C93="50110",E24*(1+$F$12))))))))))) -> 0 | F93: =E93*(IF(C93="",0,IF(C93="50000",$M$4,IF(C93="50010",$M$5,IF(C93="50020",$M$6,IF(C93="50030",$M$7,IF(C93="50040",$M$8,IF(C93="50050",$M$9,IF(C93="50060",$M$10,IF(C93="50100",$M$11,IF(C93="50110",$M$12)))))))))))+(IF(C93="",0,IF(C93="50000",E93*(1+$F$4),IF(C93="50010",E93*(1+$F$5),IF(C93="50020",E93*(1+$F$6),IF(C93="50030",E93*(1+$F$7),IF(C93="50040",E93*(1+$F$8),IF(C93="50050",E93*(1+$F$9),IF(C93="50060",E93*(1+$F$10),IF(C93="50100",E93*(1+$F$11),IF(C93="50110",E93*(1+$F$12))))))))))))*IF(C93="",0,IF(C93="50000",$N$4,IF(C93="50010",$N$5,IF(C93="50020",$N$6,IF(C93="50030",$N$7,IF(C93="50040",$N$8,IF(C93="50050",$N$9,IF(C93="50060",$N$10,IF(C93="50100",$N$11,IF(C93="50110",$N$12)))))))))) -> 0 | G93: =IF(C93="",0,IF(C93="50000",$I$4,IF(C93="50010",$I$5,IF(C93="50020",$I$6,IF(C93="50030",$I$7,IF(C93="50040",$I$8,IF(C93="50050",$I$9,IF(C93="50060",$I$10,IF(C93="50100",$I$11,IF(C93="50110",$I$12)))))))))) -> 0 | H93: =H24 -> 0 | I93: =F93*H93 -> 0 | J93: =F93*G93*H93 -> 0 | K93: =F93*(1+G93)*H93 -> 0 | L93: =L24 -> 0 | M93: =$K93*L93 -> 0 | N93: =$I93*L93 -> 0 | O93: =$J93*L93 -> 0 | P93: =P24 -> 0 | Q93: =$K93*P93 -> 0 | R93: =$I93*P93 -> 0 | S93: =$J93*P93 -> 0 | T93: =T24 -> 0 | U93: =$K93*T93 -> 0 | V93: =$I93*T93 -> 0 | W93: =$J93*T93 -> 0 | X93: =X24 -> 0 | Y93: =$K93*X93 -> 0 | Z93: =$I93*X93 -> 0 | AA93: =$J93*X93 -> 0 | AB93: =AB24 -> 0 | AC93: =$K93*AB93 -> 0 | AD93: =$I93*AB93 -> 0 | AE93: =$J93*AB93 -> 0 | AF93: =AF24 -> 0 | AG93: =$K93*AF93 -> 0 | AH93: =$I93*AF93 -> 0 | AI93: =$J93*AF93 -> 0 | AK93: =L93+P93+T93+X93+AB93+AF93 -> 0 | AL93: =M93+Q93+U93+Y93+AC93+AG93 -> 0 | AM93: =AL93-K93 -> 0
A94: =IF(A25=0, "", A25) | B94: =IF(B25=0, "", B25) | C94: =IF(C25=0, "", C25) | D94: =IF(D25=0, "", D25) | E94: =IF(C94="",0,IF(C94="50000",E25*(1+$F$4),IF(C94="50010",E25*(1+$F$5),IF(C94="50020",E25*(1+$F$6),IF(C94="50030",E25*(1+$F$7),IF(C94="50040",E25*(1+$F$8),IF(C94="50050",E25*(1+$F$9),IF(C94="50060",E25*(1+$F$10),IF(C94="50100",E25*(1+$F$11),IF(C94="50110",E25*(1+$F$12))))))))))) -> 0 | F94: =E94*(IF(C94="",0,IF(C94="50000",$M$4,IF(C94="50010",$M$5,IF(C94="50020",$M$6,IF(C94="50030",$M$7,IF(C94="50040",$M$8,IF(C94="50050",$M$9,IF(C94="50060",$M$10,IF(C94="50100",$M$11,IF(C94="50110",$M$12)))))))))))+(IF(C94="",0,IF(C94="50000",E94*(1+$F$4),IF(C94="50010",E94*(1+$F$5),IF(C94="50020",E94*(1+$F$6),IF(C94="50030",E94*(1+$F$7),IF(C94="50040",E94*(1+$F$8),IF(C94="50050",E94*(1+$F$9),IF(C94="50060",E94*(1+$F$10),IF(C94="50100",E94*(1+$F$11),IF(C94="50110",E94*(1+$F$12))))))))))))*IF(C94="",0,IF(C94="50000",$N$4,IF(C94="50010",$N$5,IF(C94="50020",$N$6,IF(C94="50030",$N$7,IF(C94="50040",$N$8,IF(C94="50050",$N$9,IF(C94="50060",$N$10,IF(C94="50100",$N$11,IF(C94="50110",$N$12)))))))))) -> 0 | G94: =IF(C94="",0,IF(C94="50000",$I$4,IF(C94="50010",$I$5,IF(C94="50020",$I$6,IF(C94="50030",$I$7,IF(C94="50040",$I$8,IF(C94="50050",$I$9,IF(C94="50060",$I$10,IF(C94="50100",$I$11,IF(C94="50110",$I$12)))))))))) -> 0 | H94: =H25 -> 0 | I94: =F94*H94 -> 0 | J94: =F94*G94*H94 -> 0 | K94: =F94*(1+G94)*H94 -> 0 | L94: =L25 -> 0 | M94: =$K94*L94 -> 0 | N94: =$I94*L94 -> 0 | O94: =$J94*L94 -> 0 | P94: =P25 -> 0 | Q94: =$K94*P94 -> 0 | R94: =$I94*P94 -> 0 | S94: =$J94*P94 -> 0 | T94: =T25 -> 0 | U94: =$K94*T94 -> 0 | V94: =$I94*T94 -> 0 | W94: =$J94*T94 -> 0 | X94: =X25 -> 0 | Y94: =$K94*X94 -> 0 | Z94: =$I94*X94 -> 0 | AA94: =$J94*X94 -> 0 | AB94: =AB25 -> 0 | AC94: =$K94*AB94 -> 0 | AD94: =$I94*AB94 -> 0 | AE94: =$J94*AB94 -> 0 | AF94: =AF25 -> 0 | AG94: =$K94*AF94 -> 0 | AH94: =$I94*AF94 -> 0 | AI94: =$J94*AF94 -> 0 | AK94: =L94+P94+T94+X94+AB94+AF94 -> 0 | AL94: =M94+Q94+U94+Y94+AC94+AG94 -> 0 | AM94: =AL94-K94 -> 0
A95: =IF(A26=0, "", A26) | B95: =IF(B26=0, "", B26) | C95: =IF(C26=0, "", C26) | D95: =IF(D26=0, "", D26) | E95: =IF(C95="",0,IF(C95="50000",E26*(1+$F$4),IF(C95="50010",E26*(1+$F$5),IF(C95="50020",E26*(1+$F$6),IF(C95="50030",E26*(1+$F$7),IF(C95="50040",E26*(1+$F$8),IF(C95="50050",E26*(1+$F$9),IF(C95="50060",E26*(1+$F$10),IF(C95="50100",E26*(1+$F$11),IF(C95="50110",E26*(1+$F$12))))))))))) -> 0 | F95: =E95*(IF(C95="",0,IF(C95="50000",$M$4,IF(C95="50010",$M$5,IF(C95="50020",$M$6,IF(C95="50030",$M$7,IF(C95="50040",$M$8,IF(C95="50050",$M$9,IF(C95="50060",$M$10,IF(C95="50100",$M$11,IF(C95="50110",$M$12)))))))))))+(IF(C95="",0,IF(C95="50000",E95*(1+$F$4),IF(C95="50010",E95*(1+$F$5),IF(C95="50020",E95*(1+$F$6),IF(C95="50030",E95*(1+$F$7),IF(C95="50040",E95*(1+$F$8),IF(C95="50050",E95*(1+$F$9),IF(C95="50060",E95*(1+$F$10),IF(C95="50100",E95*(1+$F$11),IF(C95="50110",E95*(1+$F$12))))))))))))*IF(C95="",0,IF(C95="50000",$N$4,IF(C95="50010",$N$5,IF(C95="50020",$N$6,IF(C95="50030",$N$7,IF(C95="50040",$N$8,IF(C95="50050",$N$9,IF(C95="50060",$N$10,IF(C95="50100",$N$11,IF(C95="50110",$N$12)))))))))) -> 0 | G95: =IF(C95="",0,IF(C95="50000",$I$4,IF(C95="50010",$I$5,IF(C95="50020",$I$6,IF(C95="50030",$I$7,IF(C95="50040",$I$8,IF(C95="50050",$I$9,IF(C95="50060",$I$10,IF(C95="50100",$I$11,IF(C95="50110",$I$12)))))))))) -> 0 | H95: =H26 -> 0 | I95: =F95*H95 -> 0 | J95: =F95*G95*H95 -> 0 | K95: =F95*(1+G95)*H95 -> 0 | L95: =L26 -> 0 | M95: =$K95*L95 -> 0 | N95: =$I95*L95 -> 0 | O95: =$J95*L95 -> 0 | P95: =P26 -> 0 | Q95: =$K95*P95 -> 0 | R95: =$I95*P95 -> 0 | S95: =$J95*P95 -> 0 | T95: =T26 -> 0 | U95: =$K95*T95 -> 0 | V95: =$I95*T95 -> 0 | W95: =$J95*T95 -> 0 | X95: =X26 -> 0 | Y95: =$K95*X95 -> 0 | Z95: =$I95*X95 -> 0 | AA95: =$J95*X95 -> 0 | AB95: =AB26 -> 0 | AC95: =$K95*AB95 -> 0 | AD95: =$I95*AB95 -> 0 | AE95: =$J95*AB95 -> 0 | AF95: =AF26 -> 0 | AG95: =$K95*AF95 -> 0 | AH95: =$I95*AF95 -> 0 | AI95: =$J95*AF95 -> 0 | AK95: =L95+P95+T95+X95+AB95+AF95 -> 0 | AL95: =M95+Q95+U95+Y95+AC95+AG95 -> 0 | AM95: =AL95-K95 -> 0
A96: =IF(A27=0, "", A27) | B96: =IF(B27=0, "", B27) | C96: =IF(C27=0, "", C27) | D96: =IF(D27=0, "", D27) | E96: =IF(C96="",0,IF(C96="50000",E27*(1+$F$4),IF(C96="50010",E27*(1+$F$5),IF(C96="50020",E27*(1+$F$6),IF(C96="50030",E27*(1+$F$7),IF(C96="50040",E27*(1+$F$8),IF(C96="50050",E27*(1+$F$9),IF(C96="50060",E27*(1+$F$10),IF(C96="50100",E27*(1+$F$11),IF(C96="50110",E27*(1+$F$12))))))))))) -> 0 | F96: =E96*(IF(C96="",0,IF(C96="50000",$M$4,IF(C96="50010",$M$5,IF(C96="50020",$M$6,IF(C96="50030",$M$7,IF(C96="50040",$M$8,IF(C96="50050",$M$9,IF(C96="50060",$M$10,IF(C96="50100",$M$11,IF(C96="50110",$M$12)))))))))))+(IF(C96="",0,IF(C96="50000",E96*(1+$F$4),IF(C96="50010",E96*(1+$F$5),IF(C96="50020",E96*(1+$F$6),IF(C96="50030",E96*(1+$F$7),IF(C96="50040",E96*(1+$F$8),IF(C96="50050",E96*(1+$F$9),IF(C96="50060",E96*(1+$F$10),IF(C96="50100",E96*(1+$F$11),IF(C96="50110",E96*(1+$F$12))))))))))))*IF(C96="",0,IF(C96="50000",$N$4,IF(C96="50010",$N$5,IF(C96="50020",$N$6,IF(C96="50030",$N$7,IF(C96="50040",$N$8,IF(C96="50050",$N$9,IF(C96="50060",$N$10,IF(C96="50100",$N$11,IF(C96="50110",$N$12)))))))))) -> 0 | G96: =IF(C96="",0,IF(C96="50000",$I$4,IF(C96="50010",$I$5,IF(C96="50020",$I$6,IF(C96="50030",$I$7,IF(C96="50040",$I$8,IF(C96="50050",$I$9,IF(C96="50060",$I$10,IF(C96="50100",$I$11,IF(C96="50110",$I$12)))))))))) -> 0 | H96: =H27 -> 0 | I96: =F96*H96 -> 0 | J96: =F96*G96*H96 -> 0 | K96: =F96*(1+G96)*H96 -> 0 | L96: =L27 -> 0 | M96: =$K96*L96 -> 0 | N96: =$I96*L96 -> 0 | O96: =$J96*L96 -> 0 | P96: =P27 -> 0 | Q96: =$K96*P96 -> 0 | R96: =$I96*P96 -> 0 | S96: =$J96*P96 -> 0 | T96: =T27 -> 0 | U96: =$K96*T96 -> 0 | V96: =$I96*T96 -> 0 | W96: =$J96*T96 -> 0 | X96: =X27 -> 0 | Y96: =$K96*X96 -> 0 | Z96: =$I96*X96 -> 0 | AA96: =$J96*X96 -> 0 | AB96: =AB27 -> 0 | AC96: =$K96*AB96 -> 0 | AD96: =$I96*AB96 -> 0 | AE96: =$J96*AB96 -> 0 | AF96: =AF27 -> 0 | AG96: =$K96*AF96 -> 0 | AH96: =$I96*AF96 -> 0 | AI96: =$J96*AF96 -> 0 | AK96: =L96+P96+T96+X96+AB96+AF96 -> 0 | AL96: =M96+Q96+U96+Y96+AC96+AG96 -> 0 | AM96: =AL96-K96 -> 0
A97: =IF(A28=0, "", A28) | B97: =IF(B28=0, "", B28) | C97: =IF(C28=0, "", C28) | D97: =IF(D28=0, "", D28) | E97: =IF(C97="",0,IF(C97="50000",E28*(1+$F$4),IF(C97="50010",E28*(1+$F$5),IF(C97="50020",E28*(1+$F$6),IF(C97="50030",E28*(1+$F$7),IF(C97="50040",E28*(1+$F$8),IF(C97="50050",E28*(1+$F$9),IF(C97="50060",E28*(1+$F$10),IF(C97="50100",E28*(1+$F$11),IF(C97="50110",E28*(1+$F$12))))))))))) -> 0 | F97: =E97*(IF(C97="",0,IF(C97="50000",$M$4,IF(C97="50010",$M$5,IF(C97="50020",$M$6,IF(C97="50030",$M$7,IF(C97="50040",$M$8,IF(C97="50050",$M$9,IF(C97="50060",$M$10,IF(C97="50100",$M$11,IF(C97="50110",$M$12)))))))))))+(IF(C97="",0,IF(C97="50000",E97*(1+$F$4),IF(C97="50010",E97*(1+$F$5),IF(C97="50020",E97*(1+$F$6),IF(C97="50030",E97*(1+$F$7),IF(C97="50040",E97*(1+$F$8),IF(C97="50050",E97*(1+$F$9),IF(C97="50060",E97*(1+$F$10),IF(C97="50100",E97*(1+$F$11),IF(C97="50110",E97*(1+$F$12))))))))))))*IF(C97="",0,IF(C97="50000",$N$4,IF(C97="50010",$N$5,IF(C97="50020",$N$6,IF(C97="50030",$N$7,IF(C97="50040",$N$8,IF(C97="50050",$N$9,IF(C97="50060",$N$10,IF(C97="50100",$N$11,IF(C97="50110",$N$12)))))))))) -> 0 | G97: =IF(C97="",0,IF(C97="50000",$I$4,IF(C97="50010",$I$5,IF(C97="50020",$I$6,IF(C97="50030",$I$7,IF(C97="50040",$I$8,IF(C97="50050",$I$9,IF(C97="50060",$I$10,IF(C97="50100",$I$11,IF(C97="50110",$I$12)))))))))) -> 0 | H97: =H28 -> 0 | I97: =F97*H97 -> 0 | J97: =F97*G97*H97 -> 0 | K97: =F97*(1+G97)*H97 -> 0 | L97: =L28 -> 0 | M97: =$K97*L97 -> 0 | N97: =$I97*L97 -> 0 | O97: =$J97*L97 -> 0 | P97: =P28 -> 0 | Q97: =$K97*P97 -> 0 | R97: =$I97*P97 -> 0 | S97: =$J97*P97 -> 0 | T97: =T28 -> 0 | U97: =$K97*T97 -> 0 | V97: =$I97*T97 -> 0 | W97: =$J97*T97 -> 0 | X97: =X28 -> 0 | Y97: =$K97*X97 -> 0 | Z97: =$I97*X97 -> 0 | AA97: =$J97*X97 -> 0 | AB97: =AB28 -> 0 | AC97: =$K97*AB97 -> 0 | AD97: =$I97*AB97 -> 0 | AE97: =$J97*AB97 -> 0 | AF97: =AF28 -> 0 | AG97: =$K97*AF97 -> 0 | AH97: =$I97*AF97 -> 0 | AI97: =$J97*AF97 -> 0 | AK97: =L97+P97+T97+X97+AB97+AF97 -> 0 | AL97: =M97+Q97+U97+Y97+AC97+AG97 -> 0 | AM97: =AL97-K97 -> 0
A98: =IF(A29=0, "", A29) | B98: =IF(B29=0, "", B29) | C98: =IF(C29=0, "", C29) | D98: =IF(D29=0, "", D29) | E98: =IF(C98="",0,IF(C98="50000",E29*(1+$F$4),IF(C98="50010",E29*(1+$F$5),IF(C98="50020",E29*(1+$F$6),IF(C98="50030",E29*(1+$F$7),IF(C98="50040",E29*(1+$F$8),IF(C98="50050",E29*(1+$F$9),IF(C98="50060",E29*(1+$F$10),IF(C98="50100",E29*(1+$F$11),IF(C98="50110",E29*(1+$F$12))))))))))) -> 0 | F98: =E98*(IF(C98="",0,IF(C98="50000",$M$4,IF(C98="50010",$M$5,IF(C98="50020",$M$6,IF(C98="50030",$M$7,IF(C98="50040",$M$8,IF(C98="50050",$M$9,IF(C98="50060",$M$10,IF(C98="50100",$M$11,IF(C98="50110",$M$12)))))))))))+(IF(C98="",0,IF(C98="50000",E98*(1+$F$4),IF(C98="50010",E98*(1+$F$5),IF(C98="50020",E98*(1+$F$6),IF(C98="50030",E98*(1+$F$7),IF(C98="50040",E98*(1+$F$8),IF(C98="50050",E98*(1+$F$9),IF(C98="50060",E98*(1+$F$10),IF(C98="50100",E98*(1+$F$11),IF(C98="50110",E98*(1+$F$12))))))))))))*IF(C98="",0,IF(C98="50000",$N$4,IF(C98="50010",$N$5,IF(C98="50020",$N$6,IF(C98="50030",$N$7,IF(C98="50040",$N$8,IF(C98="50050",$N$9,IF(C98="50060",$N$10,IF(C98="50100",$N$11,IF(C98="50110",$N$12)))))))))) -> 0 | G98: =IF(C98="",0,IF(C98="50000",$I$4,IF(C98="50010",$I$5,IF(C98="50020",$I$6,IF(C98="50030",$I$7,IF(C98="50040",$I$8,IF(C98="50050",$I$9,IF(C98="50060",$I$10,IF(C98="50100",$I$11,IF(C98="50110",$I$12)))))))))) -> 0 | H98: =H29 -> 0 | I98: =F98*H98 -> 0 | J98: =F98*G98*H98 -> 0 | K98: =F98*(1+G98)*H98 -> 0 | L98: =L29 -> 0 | M98: =$K98*L98 -> 0 | N98: =$I98*L98 -> 0 | O98: =$J98*L98 -> 0 | P98: =P29 -> 0 | Q98: =$K98*P98 -> 0 | R98: =$I98*P98 -> 0 | S98: =$J98*P98 -> 0 | T98: =T29 -> 0 | U98: =$K98*T98 -> 0 | V98: =$I98*T98 -> 0 | W98: =$J98*T98 -> 0 | X98: =X29 -> 0 | Y98: =$K98*X98 -> 0 | Z98: =$I98*X98 -> 0 | AA98: =$J98*X98 -> 0 | AB98: =AB29 -> 0 | AC98: =$K98*AB98 -> 0 | AD98: =$I98*AB98 -> 0 | AE98: =$J98*AB98 -> 0 | AF98: =AF29 -> 0 | AG98: =$K98*AF98 -> 0 | AH98: =$I98*AF98 -> 0 | AI98: =$J98*AF98 -> 0 | AK98: =L98+P98+T98+X98+AB98+AF98 -> 0 | AL98: =M98+Q98+U98+Y98+AC98+AG98 -> 0 | AM98: =AL98-K98 -> 0
A99: =IF(A30=0, "", A30) | B99: =IF(B30=0, "", B30) | C99: =IF(C30=0, "", C30) | D99: =IF(D30=0, "", D30) | E99: =IF(C99="",0,IF(C99="50000",E30*(1+$F$4),IF(C99="50010",E30*(1+$F$5),IF(C99="50020",E30*(1+$F$6),IF(C99="50030",E30*(1+$F$7),IF(C99="50040",E30*(1+$F$8),IF(C99="50050",E30*(1+$F$9),IF(C99="50060",E30*(1+$F$10),IF(C99="50100",E30*(1+$F$11),IF(C99="50110",E30*(1+$F$12))))))))))) -> 0 | F99: =E99*(IF(C99="",0,IF(C99="50000",$M$4,IF(C99="50010",$M$5,IF(C99="50020",$M$6,IF(C99="50030",$M$7,IF(C99="50040",$M$8,IF(C99="50050",$M$9,IF(C99="50060",$M$10,IF(C99="50100",$M$11,IF(C99="50110",$M$12)))))))))))+(IF(C99="",0,IF(C99="50000",E99*(1+$F$4),IF(C99="50010",E99*(1+$F$5),IF(C99="50020",E99*(1+$F$6),IF(C99="50030",E99*(1+$F$7),IF(C99="50040",E99*(1+$F$8),IF(C99="50050",E99*(1+$F$9),IF(C99="50060",E99*(1+$F$10),IF(C99="50100",E99*(1+$F$11),IF(C99="50110",E99*(1+$F$12))))))))))))*IF(C99="",0,IF(C99="50000",$N$4,IF(C99="50010",$N$5,IF(C99="50020",$N$6,IF(C99="50030",$N$7,IF(C99="50040",$N$8,IF(C99="50050",$N$9,IF(C99="50060",$N$10,IF(C99="50100",$N$11,IF(C99="50110",$N$12)))))))))) -> 0 | G99: =IF(C99="",0,IF(C99="50000",$I$4,IF(C99="50010",$I$5,IF(C99="50020",$I$6,IF(C99="50030",$I$7,IF(C99="50040",$I$8,IF(C99="50050",$I$9,IF(C99="50060",$I$10,IF(C99="50100",$I$11,IF(C99="50110",$I$12)))))))))) -> 0 | H99: =H30 -> 0 | I99: =F99*H99 -> 0 | J99: =F99*G99*H99 -> 0 | K99: =F99*(1+G99)*H99 -> 0 | L99: =L30 -> 0 | M99: =$K99*L99 -> 0 | N99: =$I99*L99 -> 0 | O99: =$J99*L99 -> 0 | P99: =P30 -> 0 | Q99: =$K99*P99 -> 0 | R99: =$I99*P99 -> 0 | S99: =$J99*P99 -> 0 | T99: =T30 -> 0 | U99: =$K99*T99 -> 0 | V99: =$I99*T99 -> 0 | W99: =$J99*T99 -> 0 | X99: =X30 -> 0 | Y99: =$K99*X99 -> 0 | Z99: =$I99*X99 -> 0 | AA99: =$J99*X99 -> 0 | AB99: =AB30 -> 0 | AC99: =$K99*AB99 -> 0 | AD99: =$I99*AB99 -> 0 | AE99: =$J99*AB99 -> 0 | AF99: =AF30 -> 0 | AG99: =$K99*AF99 -> 0 | AH99: =$I99*AF99 -> 0 | AI99: =$J99*AF99 -> 0 | AK99: =L99+P99+T99+X99+AB99+AF99 -> 0 | AL99: =M99+Q99+U99+Y99+AC99+AG99 -> 0 | AM99: =AL99-K99 -> 0
A100: =IF(A31=0, "", A31) | B100: =IF(B31=0, "", B31) | C100: =IF(C31=0, "", C31) | D100: =IF(D31=0, "", D31) | E100: =IF(C100="",0,IF(C100="50000",E31*(1+$F$4),IF(C100="50010",E31*(1+$F$5),IF(C100="50020",E31*(1+$F$6),IF(C100="50030",E31*(1+$F$7),IF(C100="50040",E31*(1+$F$8),IF(C100="50050",E31*(1+$F$9),IF(C100="50060",E31*(1+$F$10),IF(C100="50100",E31*(1+$F$11),IF(C100="50110",E31*(1+$F$12))))))))))) -> 0 | F100: =E100*(IF(C100="",0,IF(C100="50000",$M$4,IF(C100="50010",$M$5,IF(C100="50020",$M$6,IF(C100="50030",$M$7,IF(C100="50040",$M$8,IF(C100="50050",$M$9,IF(C100="50060",$M$10,IF(C100="50100",$M$11,IF(C100="50110",$M$12)))))))))))+(IF(C100="",0,IF(C100="50000",E100*(1+$F$4),IF(C100="50010",E100*(1+$F$5),IF(C100="50020",E100*(1+$F$6),IF(C100="50030",E100*(1+$F$7),IF(C100="50040",E100*(1+$F$8),IF(C100="50050",E100*(1+$F$9),IF(C100="50060",E100*(1+$F$10),IF(C100="50100",E100*(1+$F$11),IF(C100="50110",E100*(1+$F$12))))))))))))*IF(C100="",0,IF(C100="50000",$N$4,IF(C100="50010",$N$5,IF(C100="50020",$N$6,IF(C100="50030",$N$7,IF(C100="50040",$N$8,IF(C100="50050",$N$9,IF(C100="50060",$N$10,IF(C100="50100",$N$11,IF(C100="50110",$N$12)))))))))) -> 0 | G100: =IF(C100="",0,IF(C100="50000",$I$4,IF(C100="50010",$I$5,IF(C100="50020",$I$6,IF(C100="50030",$I$7,IF(C100="50040",$I$8,IF(C100="50050",$I$9,IF(C100="50060",$I$10,IF(C100="50100",$I$11,IF(C100="50110",$I$12)))))))))) -> 0 | H100: =H31 -> 0 | I100: =F100*H100 -> 0 | J100: =F100*G100*H100 -> 0 | K100: =F100*(1+G100)*H100 -> 0 | L100: =L31 -> 0 | M100: =$K100*L100 -> 0 | N100: =$I100*L100 -> 0 | O100: =$J100*L100 -> 0 | P100: =P31 -> 0 | Q100: =$K100*P100 -> 0 | R100: =$I100*P100 -> 0 | S100: =$J100*P100 -> 0 | T100: =T31 -> 0 | U100: =$K100*T100 -> 0 | V100: =$I100*T100 -> 0 | W100: =$J100*T100 -> 0 | X100: =X31 -> 0 | Y100: =$K100*X100 -> 0 | Z100: =$I100*X100 -> 0 | AA100: =$J100*X100 -> 0 | AB100: =AB31 -> 0 | AC100: =$K100*AB100 -> 0 | AD100: =$I100*AB100 -> 0 | AE100: =$J100*AB100 -> 0 | AF100: =AF31 -> 0 | AG100: =$K100*AF100 -> 0 | AH100: =$I100*AF100 -> 0 | AI100: =$J100*AF100 -> 0 | AK100: =L100+P100+T100+X100+AB100+AF100 -> 0 | AL100: =M100+Q100+U100+Y100+AC100+AG100 -> 0 | AM100: =AL100-K100 -> 0
A101: =IF(A32=0, "", A32) | B101: =IF(B32=0, "", B32) | C101: =IF(C32=0, "", C32) | D101: =IF(D32=0, "", D32) | E101: =IF(C101="",0,IF(C101="50000",E32*(1+$F$4),IF(C101="50010",E32*(1+$F$5),IF(C101="50020",E32*(1+$F$6),IF(C101="50030",E32*(1+$F$7),IF(C101="50040",E32*(1+$F$8),IF(C101="50050",E32*(1+$F$9),IF(C101="50060",E32*(1+$F$10),IF(C101="50100",E32*(1+$F$11),IF(C101="50110",E32*(1+$F$12))))))))))) -> 0 | F101: =E101*(IF(C101="",0,IF(C101="50000",$M$4,IF(C101="50010",$M$5,IF(C101="50020",$M$6,IF(C101="50030",$M$7,IF(C101="50040",$M$8,IF(C101="50050",$M$9,IF(C101="50060",$M$10,IF(C101="50100",$M$11,IF(C101="50110",$M$12)))))))))))+(IF(C101="",0,IF(C101="50000",E101*(1+$F$4),IF(C101="50010",E101*(1+$F$5),IF(C101="50020",E101*(1+$F$6),IF(C101="50030",E101*(1+$F$7),IF(C101="50040",E101*(1+$F$8),IF(C101="50050",E101*(1+$F$9),IF(C101="50060",E101*(1+$F$10),IF(C101="50100",E101*(1+$F$11),IF(C101="50110",E101*(1+$F$12))))))))))))*IF(C101="",0,IF(C101="50000",$N$4,IF(C101="50010",$N$5,IF(C101="50020",$N$6,IF(C101="50030",$N$7,IF(C101="50040",$N$8,IF(C101="50050",$N$9,IF(C101="50060",$N$10,IF(C101="50100",$N$11,IF(C101="50110",$N$12)))))))))) -> 0 | G101: =IF(C101="",0,IF(C101="50000",$I$4,IF(C101="50010",$I$5,IF(C101="50020",$I$6,IF(C101="50030",$I$7,IF(C101="50040",$I$8,IF(C101="50050",$I$9,IF(C101="50060",$I$10,IF(C101="50100",$I$11,IF(C101="50110",$I$12)))))))))) -> 0 | H101: =H32 -> 0 | I101: =F101*H101 -> 0 | J101: =F101*G101*H101 -> 0 | K101: =F101*(1+G101)*H101 -> 0 | L101: =L32 -> 0 | M101: =$K101*L101 -> 0 | N101: =$I101*L101 -> 0 | O101: =$J101*L101 -> 0 | P101: =P32 -> 0 | Q101: =$K101*P101 -> 0 | R101: =$I101*P101 -> 0 | S101: =$J101*P101 -> 0 | T101: =T32 -> 0 | U101: =$K101*T101 -> 0 | V101: =$I101*T101 -> 0 | W101: =$J101*T101 -> 0 | X101: =X32 -> 0 | Y101: =$K101*X101 -> 0 | Z101: =$I101*X101 -> 0 | AA101: =$J101*X101 -> 0 | AB101: =AB32 -> 0 | AC101: =$K101*AB101 -> 0 | AD101: =$I101*AB101 -> 0 | AE101: =$J101*AB101 -> 0 | AF101: =AF32 -> 0 | AG101: =$K101*AF101 -> 0 | AH101: =$I101*AF101 -> 0 | AI101: =$J101*AF101 -> 0 | AK101: =L101+P101+T101+X101+AB101+AF101 -> 0 | AL101: =M101+Q101+U101+Y101+AC101+AG101 -> 0 | AM101: =AL101-K101 -> 0
A102: =IF(A33=0, "", A33) | B102: =IF(B33=0, "", B33) | C102: =IF(C33=0, "", C33) | D102: =IF(D33=0, "", D33) | E102: =IF(C102="",0,IF(C102="50000",E33*(1+$F$4),IF(C102="50010",E33*(1+$F$5),IF(C102="50020",E33*(1+$F$6),IF(C102="50030",E33*(1+$F$7),IF(C102="50040",E33*(1+$F$8),IF(C102="50050",E33*(1+$F$9),IF(C102="50060",E33*(1+$F$10),IF(C102="50100",E33*(1+$F$11),IF(C102="50110",E33*(1+$F$12))))))))))) -> 0 | F102: =E102*(IF(C102="",0,IF(C102="50000",$M$4,IF(C102="50010",$M$5,IF(C102="50020",$M$6,IF(C102="50030",$M$7,IF(C102="50040",$M$8,IF(C102="50050",$M$9,IF(C102="50060",$M$10,IF(C102="50100",$M$11,IF(C102="50110",$M$12)))))))))))+(IF(C102="",0,IF(C102="50000",E102*(1+$F$4),IF(C102="50010",E102*(1+$F$5),IF(C102="50020",E102*(1+$F$6),IF(C102="50030",E102*(1+$F$7),IF(C102="50040",E102*(1+$F$8),IF(C102="50050",E102*(1+$F$9),IF(C102="50060",E102*(1+$F$10),IF(C102="50100",E102*(1+$F$11),IF(C102="50110",E102*(1+$F$12))))))))))))*IF(C102="",0,IF(C102="50000",$N$4,IF(C102="50010",$N$5,IF(C102="50020",$N$6,IF(C102="50030",$N$7,IF(C102="50040",$N$8,IF(C102="50050",$N$9,IF(C102="50060",$N$10,IF(C102="50100",$N$11,IF(C102="50110",$N$12)))))))))) -> 0 | G102: =IF(C102="",0,IF(C102="50000",$I$4,IF(C102="50010",$I$5,IF(C102="50020",$I$6,IF(C102="50030",$I$7,IF(C102="50040",$I$8,IF(C102="50050",$I$9,IF(C102="50060",$I$10,IF(C102="50100",$I$11,IF(C102="50110",$I$12)))))))))) -> 0 | H102: =H33 -> 0 | I102: =F102*H102 -> 0 | J102: =F102*G102*H102 -> 0 | K102: =F102*(1+G102)*H102 -> 0 | L102: =L33 -> 0 | M102: =$K102*L102 -> 0 | N102: =$I102*L102 -> 0 | O102: =$J102*L102 -> 0 | P102: =P33 -> 0 | Q102: =$K102*P102 -> 0 | R102: =$I102*P102 -> 0 | S102: =$J102*P102 -> 0 | T102: =T33 -> 0 | U102: =$K102*T102 -> 0 | V102: =$I102*T102 -> 0 | W102: =$J102*T102 -> 0 | X102: =X33 -> 0 | Y102: =$K102*X102 -> 0 | Z102: =$I102*X102 -> 0 | AA102: =$J102*X102 -> 0 | AB102: =AB33 -> 0 | AC102: =$K102*AB102 -> 0 | AD102: =$I102*AB102 -> 0 | AE102: =$J102*AB102 -> 0 | AF102: =AF33 -> 0 | AG102: =$K102*AF102 -> 0 | AH102: =$I102*AF102 -> 0 | AI102: =$J102*AF102 -> 0 | AK102: =L102+P102+T102+X102+AB102+AF102 -> 0 | AL102: =M102+Q102+U102+Y102+AC102+AG102 -> 0 | AM102: =AL102-K102 -> 0
A103: =IF(A34=0, "", A34) | B103: =IF(B34=0, "", B34) | C103: =IF(C34=0, "", C34) | D103: =IF(D34=0, "", D34) | E103: =IF(C103="",0,IF(C103="50000",E34*(1+$F$4),IF(C103="50010",E34*(1+$F$5),IF(C103="50020",E34*(1+$F$6),IF(C103="50030",E34*(1+$F$7),IF(C103="50040",E34*(1+$F$8),IF(C103="50050",E34*(1+$F$9),IF(C103="50060",E34*(1+$F$10),IF(C103="50100",E34*(1+$F$11),IF(C103="50110",E34*(1+$F$12))))))))))) -> 0 | F103: =E103*(IF(C103="",0,IF(C103="50000",$M$4,IF(C103="50010",$M$5,IF(C103="50020",$M$6,IF(C103="50030",$M$7,IF(C103="50040",$M$8,IF(C103="50050",$M$9,IF(C103="50060",$M$10,IF(C103="50100",$M$11,IF(C103="50110",$M$12)))))))))))+(IF(C103="",0,IF(C103="50000",E103*(1+$F$4),IF(C103="50010",E103*(1+$F$5),IF(C103="50020",E103*(1+$F$6),IF(C103="50030",E103*(1+$F$7),IF(C103="50040",E103*(1+$F$8),IF(C103="50050",E103*(1+$F$9),IF(C103="50060",E103*(1+$F$10),IF(C103="50100",E103*(1+$F$11),IF(C103="50110",E103*(1+$F$12))))))))))))*IF(C103="",0,IF(C103="50000",$N$4,IF(C103="50010",$N$5,IF(C103="50020",$N$6,IF(C103="50030",$N$7,IF(C103="50040",$N$8,IF(C103="50050",$N$9,IF(C103="50060",$N$10,IF(C103="50100",$N$11,IF(C103="50110",$N$12)))))))))) -> 0 | G103: =IF(C103="",0,IF(C103="50000",$I$4,IF(C103="50010",$I$5,IF(C103="50020",$I$6,IF(C103="50030",$I$7,IF(C103="50040",$I$8,IF(C103="50050",$I$9,IF(C103="50060",$I$10,IF(C103="50100",$I$11,IF(C103="50110",$I$12)))))))))) -> 0 | H103: =H34 -> 0 | I103: =F103*H103 -> 0 | J103: =F103*G103*H103 -> 0 | K103: =F103*(1+G103)*H103 -> 0 | L103: =L34 -> 0 | M103: =$K103*L103 -> 0 | N103: =$I103*L103 -> 0 | O103: =$J103*L103 -> 0 | P103: =P34 -> 0 | Q103: =$K103*P103 -> 0 | R103: =$I103*P103 -> 0 | S103: =$J103*P103 -> 0 | T103: =T34 -> 0 | U103: =$K103*T103 -> 0 | V103: =$I103*T103 -> 0 | W103: =$J103*T103 -> 0 | X103: =X34 -> 0 | Y103: =$K103*X103 -> 0 | Z103: =$I103*X103 -> 0 | AA103: =$J103*X103 -> 0 | AB103: =AB34 -> 0 | AC103: =$K103*AB103 -> 0 | AD103: =$I103*AB103 -> 0 | AE103: =$J103*AB103 -> 0 | AF103: =AF34 -> 0 | AG103: =$K103*AF103 -> 0 | AH103: =$I103*AF103 -> 0 | AI103: =$J103*AF103 -> 0 | AK103: =L103+P103+T103+X103+AB103+AF103 -> 0 | AL103: =M103+Q103+U103+Y103+AC103+AG103 -> 0 | AM103: =AL103-K103 -> 0
... A118: =IF(A49=0, "", A49) | B118: =IF(B49=0, "", B49) | C118: =IF(C49=0, "", C49) | D118: =IF(D49=0, "", D49) | E118: =IF(C118="",0,IF(C118="50000",E49*(1+$F$4),IF(C118="50010",E49*(1+$F$5),IF(C118="50020",E49*(1+$F$6),IF(C118="50030",E49*(1+$F$7),IF(C118="50040",E49*(1+$F$8),IF(C118="50050",E49*(1+$F$9),IF(C118="50060",E49*(1+$F$10),IF(C118="50100",E49*(1+$F$11),IF(C118="50110",E49*(1+$F$12))))))))))) -> 0 | F118: =E118*(IF(C118="",0,IF(C118="50000",$M$4,IF(C118="50010",$M$5,IF(C118="50020",$M$6,IF(C118="50030",$M$7,IF(C118="50040",$M$8,IF(C118="50050",$M$9,IF(C118="50060",$M$10,IF(C118="50100",$M$11,IF(C118="50110",$M$12)))))))))))+(IF(C118="",0,IF(C118="50000",E118*(1+$F$4),IF(C118="50010",E118*(1+$F$5),IF(C118="50020",E118*(1+$F$6),IF(C118="50030",E118*(1+$F$7),IF(C118="50040",E118*(1+$F$8),IF(C118="50050",E118*(1+$F$9),IF(C118="50060",E118*(1+$F$10),IF(C118="50100",E118*(1+$F$11),IF(C118="50110",E118*(1+$F$12))))))))))))*IF(C118="",0,IF(C118="50000",$N$4,IF(C118="50010",$N$5,IF(C118="50020",$N$6,IF(C118="50030",$N$7,IF(C118="50040",$N$8,IF(C118="50050",$N$9,IF(C118="50060",$N$10,IF(C118="50100",$N$11,IF(C118="50110",$N$12)))))))))) -> 0 | G118: =IF(C118="",0,IF(C118="50000",$I$4,IF(C118="50010",$I$5,IF(C118="50020",$I$6,IF(C118="50030",$I$7,IF(C118="50040",$I$8,IF(C118="50050",$I$9,IF(C118="50060",$I$10,IF(C118="50100",$I$11,IF(C118="50110",$I$12)))))))))) -> 0 | H118: =H49 -> 0 | I118: =F118*H118 -> 0 | J118: =F118*G118*H118 -> 0 | K118: =F118*(1+G118)*H118 -> 0 | L118: =L49 -> 0 | M118: =$K118*L118 -> 0 | N118: =$I118*L118 -> 0 | O118: =$J118*L118 -> 0 | P118: =P49 -> 0 | Q118: =$K118*P118 -> 0 | R118: =$I118*P118 -> 0 | S118: =$J118*P118 -> 0 | T118: =T49 -> 0 | U118: =$K118*T118 -> 0 | V118: =$I118*T118 -> 0 | W118: =$J118*T118 -> 0 | X118: =X49 -> 0 | Y118: =$K118*X118 -> 0 | Z118: =$I118*X118 -> 0 | AA118: =$J118*X118 -> 0 | AB118: =AB49 -> 0 | AC118: =$K118*AB118 -> 0 | AD118: =$I118*AB118 -> 0 | AE118: =$J118*AB118 -> 0 | AF118: =AF49 -> 0 | AG118: =$K118*AF118 -> 0 | AH118: =$I118*AF118 -> 0 | AI118: =$J118*AF118 -> 0 | AK118: =L118+P118+T118+X118+AB118+AF118 -> 0 | AL118: =M118+Q118+U118+Y118+AC118+AG118 -> 0 | AM118: =AL118-K118 -> 0
A120: Direct Salaries-Faculty and Staff | F120: =SUM(F88:F118) -> 0 | I120: =SUM(I88:I118) -> 0 | J120: =SUM(J88:J118) -> 0 | K120: =SUM(K88:K118) -> 0 | M120: =SUM(M88:M118) -> 0 | N120: =SUM(N88:N118) -> 0 | O120: =SUM(O88:O118) -> 0 | Q120: =SUM(Q88:Q118) -> 0 | R120: =SUM(R88:R118) -> 0 | S120: =SUM(S88:S118) -> 0 | U120: =SUM(U88:U118) -> 0 | V120: =SUM(V88:V118) -> 0 | W120: =SUM(W88:W118) -> 0 | Y120: =SUM(Y88:Y118) -> 0 | Z120: =SUM(Z88:Z118) -> 0 | AA120: =SUM(AA88:AA118) -> 0 | AC120: =SUM(AC88:AC118) -> 0 | AD120: =SUM(AD88:AD118) -> 0 | AE120: =SUM(AE88:AE118) -> 0 | AG120: =SUM(AG88:AG118) -> 0 | AH120: =SUM(AH88:AH118) -> 0 | AI120: =SUM(AI88:AI118) -> 0 | AL120: =M120+Q120+U120+Y120+AC120+AG120 -> 0 | AM120: =AL120-K120 -> 0
A122: FTE Per Rate (for cost proposal information only) | H122: =SUM(H88:H118) -> 0 | L122: =($H$19*L88)+($H$20*L89)+($H$21*L90)+($H$22*L91)+($H$23*L92)+($H$24*L93)+($H$25*L94)+($H$26*L95)+($H$27*L96)+($H$28*L97)+($H$29*L98)+($H$30*L99)+($H$31*L100)+($H$32*L101)+($H$33*L102)+($H$34*L103)+($H$35*L104)+($H$36*L105)+($H$37*L106)+($H$38*L107)+($H$39*L108)+($H$40*L109)+($H$41*L110)+($H$42*L111)+($H$43*L112)+($H$44*L113)+($H$45*L114)+($H$46*L115)+($H$47*L116)+($H$48*L117)+($H$49*L118) -> 0 | P122: =($H$19*P88)+($H$20*P89)+($H$21*P90)+($H$22*P91)+($H$23*P92)+($H$24*P93)+($H$25*P94)+($H$26*P95)+($H$27*P96)+($H$28*P97)+($H$29*P98)+($H$30*P99)+($H$31*P100)+($H$32*P101)+($H$33*P102)+($H$34*P103)+($H$35*P104)+($H$36*P105)+($H$37*P106)+($H$38*P107)+($H$39*P108)+($H$40*P109)+($H$41*P110)+($H$42*P111)+($H$43*P112)+($H$44*P113)+($H$45*P114)+($H$46*P115)+($H$47*P116)+($H$48*P117)+($H$49*P118) -> 0 | T122: =($H$19*T88)+($H$20*T89)+($H$21*T90)+($H$22*T91)+($H$23*T92)+($H$24*T93)+($H$25*T94)+($H$26*T95)+($H$27*T96)+($H$28*T97)+($H$29*T98)+($H$30*T99)+($H$31*T100)+($H$32*T101)+($H$33*T102)+($H$34*T103)+($H$35*T104)+($H$36*T105)+($H$37*T106)+($H$38*T107)+($H$39*T108)+($H$40*T109)+($H$41*T110)+($H$42*T111)+($H$43*T112)+($H$44*T113)+($H$45*T114)+($H$46*T115)+($H$47*T116)+($H$48*T117)+($H$49*T118) -> 0 | X122: =($H$19*X88)+($H$20*X89)+($H$21*X90)+($H$22*X91)+($H$23*X92)+($H$24*X93)+($H$25*X94)+($H$26*X95)+($H$27*X96)+($H$28*X97)+($H$29*X98)+($H$30*X99)+($H$31*X100)+($H$32*X101)+($H$33*X102)+($H$34*X103)+($H$35*X104)+($H$36*X105)+($H$37*X106)+($H$38*X107)+($H$39*X108)+($H$40*X109)+($H$41*X110)+($H$42*X111)+($H$43*X112)+($H$44*X113)+($H$45*X114)+($H$46*X115)+($H$47*X116)+($H$48*X117)+($H$49*X118) -> 0 | AB122: =($H$19*AB88)+($H$20*AB89)+($H$21*AB90)+($H$22*AB91)+($H$23*AB92)+($H$24*AB93)+($H$25*AB94)+($H$26*AB95)+($H$27*AB96)+($H$28*AB97)+($H$29*AB98)+($H$30*AB99)+($H$31*AB100)+($H$32*AB101)+($H$33*AB102)+($H$34*AB103)+($H$35*AB104)+($H$36*AB105)+($H$37*AB106)+($H$38*AB107)+($H$39*AB108)+($H$40*AB109)+($H$41*AB110)+($H$42*AB111)+($H$43*AB112)+($H$44*AB113)+($H$45*AB114)+($H$46*AB115)+($H$47*AB116)+($H$48*AB117)+($H$49*AB118) -> 0 | AF122: =($H$19*AF88)+($H$20*AF89)+($H$21*AF90)+($H$22*AF91)+($H$23*AF92)+($H$24*AF93)+($H$25*AF94)+($H$26*AF95)+($H$27*AF96)+($H$28*AF97)+($H$29*AF98)+($H$30*AF99)+($H$31*AF100)+($H$32*AF101)+($H$33*AF102)+($H$34*AF103)+($H$35*AF104)+($H$36*AF105)+($H$37*AF106)+($H$38*AF107)+($H$39*AF108)+($H$40*AF109)+($H$41*AF110)+($H$42*AF111)+($H$43*AF112)+($H$44*AF113)+($H$45*AF114)+($H$46*AF115)+($H$47*AF116)+($H$48*AF117)+($H$49*AF118) -> 0
A125: NAME | B125: EMPLOYEE ID NUMBER | C125: Job Family Ledger | D125: TITLE | E125: FULL TIME RATE MONTHLY | F125: BASE SALARY (AT 100% FTE) | G125: BEN % | H125: FTE ON CENTER | I125: TOTAL SALARY | J125: TOTAL BENEFITS | K125: TOTAL SAL & BEN ON CTR | L125: Center Overhead Yr. 2 | P125: Rate 1 Yr. 2 | T125: Rate 2 Yr. 2 | X125: Rate 3 Yr. 2 | AB125: Rate 4 Yr. 2 | AF125: Rate 5 Yr. 2 | AK125: Percent Check | AL125: Dollar Check | AM125: Difference between allocated dollar and total dollar
L126: =IF(Usage!$B$8=0, "", Usage!$B$8) -> Center Overhead | P126: =IF(Usage!$B$9=0, "", Usage!$B$9) | T126: =IF(Usage!$B$10=0, "", Usage!$B$10) | X126: =IF(Usage!$B$11=0, "", Usage!$B$11) | AB126: =IF(Usage!$B$12=0, "", Usage!$B$12) | AF126: =IF(Usage!$B$13=0, "", Usage!$B$13) | AK126: (should add up to 100%)
A127: Salaries of Graduate Students, Students, and Hourly Employees | L127: FTE % | M127: Amount | N127: Sal | O127: Ben | P127: FTE % | Q127: Amount | R127: Sal | S127: Ben | T127: FTE % | U127: Amount | V127: Sal | W127: Ben | X127: FTE % | Y127: Amount | Z127: Sal | AA127: Ben | AB127: FTE % | AC127: Amount | AD127: Sal | AE127: Ben | AF127: FTE % | AG127: Amount | AH127: Sal | AI127: Ben
A128: =IF(A59=0, "", A59) | B128: =IF(B59=0, "", B59) | C128: =IF(C59=0, "", C59) | D128: =IF(D59=0, "", D59) | E128: =IF(C128="",0,IF(C128="50000",E59*(1+$F$4),IF(C128="50010",E59*(1+$F$5),IF(C128="50020",E59*(1+$F$6),IF(C128="50030",E59*(1+$F$7),IF(C128="50040",E59*(1+$F$8),IF(C128="50050",E59*(1+$F$9),IF(C128="50060",E59*(1+$F$10),IF(C128="50100",E59*(1+$F$11),IF(C128="50110",E59*(1+$F$12))))))))))) -> 0 | F128: =E128*(IF(C128="",0,IF(C128="50000",$M$4,IF(C128="50010",$M$5,IF(C128="50020",$M$6,IF(C128="50030",$M$7,IF(C128="50040",$M$8,IF(C128="50050",$M$9,IF(C128="50060",$M$10,IF(C128="50100",$M$11,IF(C128="50110",$M$12)))))))))))+(IF(C128="",0,IF(C128="50000",E128*(1+$F$4),IF(C128="50010",E128*(1+$F$5),IF(C128="50020",E128*(1+$F$6),IF(C128="50030",E128*(1+$F$7),IF(C128="50040",E128*(1+$F$8),IF(C128="50050",E128*(1+$F$9),IF(C128="50060",E128*(1+$F$10),IF(C128="50100",E128*(1+$F$11),IF(C128="50110",E128*(1+$F$12))))))))))))*IF(C128="",0,IF(C128="50000",$N$4,IF(C128="50010",$N$5,IF(C128="50020",$N$6,IF(C128="50030",$N$7,IF(C128="50040",$N$8,IF(C128="50050",$N$9,IF(C128="50060",$N$10,IF(C128="50100",$N$11,IF(C128="50110",$N$12)))))))))) -> 0 | G128: =IF(C128="",0,IF(C128="50000", $I$4, IF(C128="50010",$I$5,IF(C128="50020", $I$6, IF(C128="50030", $I$7,IF(C128="50040", $I$8,IF(C128="50050",$I$9,IF(C128="50060",$I$10,IF(C128="50100",$I$11,IF(C128="50110",$I$12)))))))))) -> 0 | H128: =H59 -> 0 | I128: =F128*H128 -> 0 | J128: =F128*G128*H128 -> 0 | K128: =F128*(1+G128)*H128 -> 0 | L128: =L59 -> 0 | M128: =$K128*L128 -> 0 | N128: =$I128*L128 -> 0 | O128: =$J128*L128 -> 0 | P128: =P59 -> 0 | Q128: =$K128*P128 -> 0 | R128: =$I128*P128 -> 0 | S128: =$J128*P128 -> 0 | T128: =T59 -> 0 | U128: =$K128*T128 -> 0 | V128: =$I128*T128 -> 0 | W128: =$J128*T128 -> 0 | X128: =X59 -> 0 | Y128: =$K128*X128 -> 0 | Z128: =$I128*X128 -> 0 | AA128: =$J128*X128 -> 0 | AB128: =AB59 -> 0 | AC128: =$K128*AB128 -> 0 | AD128: =$I128*AB128 -> 0 | AE128: =$J128*AB128 -> 0 | AF128: =AF59 -> 0 | AG128: =$K128*AF128 -> 0 | AH128: =$I128*AF128 -> 0 | AI128: =$J128*AF128 -> 0 | AK128: =L128+P128+T128+X128+AB128+AF128 -> 0 | AL128: =M128+Q128+U128+Y128+AC128+AG128 -> 0 | AM128: =AL128-K128 -> 0
A129: =IF(A60=0, "", A60) | B129: =IF(B60=0, "", B60) | C129: =IF(C60=0, "", C60) | D129: =IF(D60=0, "", D60) | E129: =IF(C129="",0,IF(C129="50000",E60*(1+$F$4),IF(C129="50010",E60*(1+$F$5),IF(C129="50020",E60*(1+$F$6),IF(C129="50030",E60*(1+$F$7),IF(C129="50040",E60*(1+$F$8),IF(C129="50050",E60*(1+$F$9),IF(C129="50060",E60*(1+$F$10),IF(C129="50100",E60*(1+$F$11),IF(C129="50110",E60*(1+$F$12))))))))))) -> 0 | F129: =E129*(IF(C129="",0,IF(C129="50000",$M$4,IF(C129="50010",$M$5,IF(C129="50020",$M$6,IF(C129="50030",$M$7,IF(C129="50040",$M$8,IF(C129="50050",$M$9,IF(C129="50060",$M$10,IF(C129="50100",$M$11,IF(C129="50110",$M$12)))))))))))+(IF(C129="",0,IF(C129="50000",E129*(1+$F$4),IF(C129="50010",E129*(1+$F$5),IF(C129="50020",E129*(1+$F$6),IF(C129="50030",E129*(1+$F$7),IF(C129="50040",E129*(1+$F$8),IF(C129="50050",E129*(1+$F$9),IF(C129="50060",E129*(1+$F$10),IF(C129="50100",E129*(1+$F$11),IF(C129="50110",E129*(1+$F$12))))))))))))*IF(C129="",0,IF(C129="50000",$N$4,IF(C129="50010",$N$5,IF(C129="50020",$N$6,IF(C129="50030",$N$7,IF(C129="50040",$N$8,IF(C129="50050",$N$9,IF(C129="50060",$N$10,IF(C129="50100",$N$11,IF(C129="50110",$N$12)))))))))) -> 0 | G129: =IF(C129="",0,IF(C129="50000", $I$4, IF(C129="50010",$I$5,IF(C129="50020", $I$6, IF(C129="50030", $I$7,IF(C129="50040", $I$8,IF(C129="50050",$I$9,IF(C129="50060",$I$10,IF(C129="50100",$I$11,IF(C129="50110",$I$12)))))))))) -> 0 | H129: =H60 -> 0 | I129: =F129*H129 -> 0 | J129: =F129*G129*H129 -> 0 | K129: =F129*(1+G129)*H129 -> 0 | L129: =L60 -> 0 | M129: =$K129*L129 -> 0 | N129: =$I129*L129 -> 0 | O129: =$J129*L129 -> 0 | P129: =P60 -> 0 | Q129: =$K129*P129 -> 0 | R129: =$I129*P129 -> 0 | S129: =$J129*P129 -> 0 | T129: =T60 -> 0 | U129: =$K129*T129 -> 0 | V129: =$I129*T129 -> 0 | W129: =$J129*T129 -> 0 | X129: =X60 -> 0 | Y129: =$K129*X129 -> 0 | Z129: =$I129*X129 -> 0 | AA129: =$J129*X129 -> 0 | AB129: =AB60 -> 0 | AC129: =$K129*AB129 -> 0 | AD129: =$I129*AB129 -> 0 | AE129: =$J129*AB129 -> 0 | AF129: =AF60 -> 0 | AG129: =$K129*AF129 -> 0 | AH129: =$I129*AF129 -> 0 | AI129: =$J129*AF129 -> 0 | AK129: =L129+P129+T129+X129+AB129+AF129 -> 0 | AL129: =M129+Q129+U129+Y129+AC129+AG129 -> 0 | AM129: =AL129-K129 -> 0
A130: =IF(A61=0, "", A61) | B130: =IF(B61=0, "", B61) | C130: =IF(C61=0, "", C61) | D130: =IF(D61=0, "", D61) | E130: =IF(C130="",0,IF(C130="50000",E61*(1+$F$4),IF(C130="50010",E61*(1+$F$5),IF(C130="50020",E61*(1+$F$6),IF(C130="50030",E61*(1+$F$7),IF(C130="50040",E61*(1+$F$8),IF(C130="50050",E61*(1+$F$9),IF(C130="50060",E61*(1+$F$10),IF(C130="50100",E61*(1+$F$11),IF(C130="50110",E61*(1+$F$12))))))))))) -> 0 | F130: =E130*(IF(C130="",0,IF(C130="50000",$M$4,IF(C130="50010",$M$5,IF(C130="50020",$M$6,IF(C130="50030",$M$7,IF(C130="50040",$M$8,IF(C130="50050",$M$9,IF(C130="50060",$M$10,IF(C130="50100",$M$11,IF(C130="50110",$M$12)))))))))))+(IF(C130="",0,IF(C130="50000",E130*(1+$F$4),IF(C130="50010",E130*(1+$F$5),IF(C130="50020",E130*(1+$F$6),IF(C130="50030",E130*(1+$F$7),IF(C130="50040",E130*(1+$F$8),IF(C130="50050",E130*(1+$F$9),IF(C130="50060",E130*(1+$F$10),IF(C130="50100",E130*(1+$F$11),IF(C130="50110",E130*(1+$F$12))))))))))))*IF(C130="",0,IF(C130="50000",$N$4,IF(C130="50010",$N$5,IF(C130="50020",$N$6,IF(C130="50030",$N$7,IF(C130="50040",$N$8,IF(C130="50050",$N$9,IF(C130="50060",$N$10,IF(C130="50100",$N$11,IF(C130="50110",$N$12)))))))))) -> 0 | G130: =IF(C130="",0,IF(C130="50000", $I$4, IF(C130="50010",$I$5,IF(C130="50020", $I$6, IF(C130="50030", $I$7,IF(C130="50040", $I$8,IF(C130="50050",$I$9,IF(C130="50060",$I$10,IF(C130="50100",$I$11,IF(C130="50110",$I$12)))))))))) -> 0 | H130: =H61 -> 0 | I130: =F130*H130 -> 0 | J130: =F130*G130*H130 -> 0 | K130: =F130*(1+G130)*H130 -> 0 | L130: =L61 -> 0 | M130: =$K130*L130 -> 0 | N130: =$I130*L130 -> 0 | O130: =$J130*L130 -> 0 | P130: =P61 -> 0 | Q130: =$K130*P130 -> 0 | R130: =$I130*P130 -> 0 | S130: =$J130*P130 -> 0 | T130: =T61 -> 0 | U130: =$K130*T130 -> 0 | V130: =$I130*T130 -> 0 | W130: =$J130*T130 -> 0 | X130: =X61 -> 0 | Y130: =$K130*X130 -> 0 | Z130: =$I130*X130 -> 0 | AA130: =$J130*X130 -> 0 | AB130: =AB61 -> 0 | AC130: =$K130*AB130 -> 0 | AD130: =$I130*AB130 -> 0 | AE130: =$J130*AB130 -> 0 | AF130: =AF61 -> 0 | AG130: =$K130*AF130 -> 0 | AH130: =$I130*AF130 -> 0 | AI130: =$J130*AF130 -> 0 | AK130: =L130+P130+T130+X130+AB130+AF130 -> 0 | AL130: =M130+Q130+U130+Y130+AC130+AG130 -> 0 | AM130: =AL130-K130 -> 0
A131: =IF(A62=0, "", A62) | B131: =IF(B62=0, "", B62) | C131: =IF(C62=0, "", C62) | D131: =IF(D62=0, "", D62) | E131: =IF(C131="",0,IF(C131="50000",E62*(1+$F$4),IF(C131="50010",E62*(1+$F$5),IF(C131="50020",E62*(1+$F$6),IF(C131="50030",E62*(1+$F$7),IF(C131="50040",E62*(1+$F$8),IF(C131="50050",E62*(1+$F$9),IF(C131="50060",E62*(1+$F$10),IF(C131="50100",E62*(1+$F$11),IF(C131="50110",E62*(1+$F$12))))))))))) -> 0 | F131: =E131*(IF(C131="",0,IF(C131="50000",$M$4,IF(C131="50010",$M$5,IF(C131="50020",$M$6,IF(C131="50030",$M$7,IF(C131="50040",$M$8,IF(C131="50050",$M$9,IF(C131="50060",$M$10,IF(C131="50100",$M$11,IF(C131="50110",$M$12)))))))))))+(IF(C131="",0,IF(C131="50000",E131*(1+$F$4),IF(C131="50010",E131*(1+$F$5),IF(C131="50020",E131*(1+$F$6),IF(C131="50030",E131*(1+$F$7),IF(C131="50040",E131*(1+$F$8),IF(C131="50050",E131*(1+$F$9),IF(C131="50060",E131*(1+$F$10),IF(C131="50100",E131*(1+$F$11),IF(C131="50110",E131*(1+$F$12))))))))))))*IF(C131="",0,IF(C131="50000",$N$4,IF(C131="50010",$N$5,IF(C131="50020",$N$6,IF(C131="50030",$N$7,IF(C131="50040",$N$8,IF(C131="50050",$N$9,IF(C131="50060",$N$10,IF(C131="50100",$N$11,IF(C131="50110",$N$12)))))))))) -> 0 | G131: =IF(C131="",0,IF(C131="50000", $I$4, IF(C131="50010",$I$5,IF(C131="50020", $I$6, IF(C131="50030", $I$7,IF(C131="50040", $I$8,IF(C131="50050",$I$9,IF(C131="50060",$I$10,IF(C131="50100",$I$11,IF(C131="50110",$I$12)))))))))) -> 0 | H131: =H62 -> 0 | I131: =F131*H131 -> 0 | J131: =F131*G131*H131 -> 0 | K131: =F131*(1+G131)*H131 -> 0 | L131: =L62 -> 0 | M131: =$K131*L131 -> 0 | N131: =$I131*L131 -> 0 | O131: =$J131*L131 -> 0 | P131: =P62 -> 0 | Q131: =$K131*P131 -> 0 | R131: =$I131*P131 -> 0 | S131: =$J131*P131 -> 0 | T131: =T62 -> 0 | U131: =$K131*T131 -> 0 | V131: =$I131*T131 -> 0 | W131: =$J131*T131 -> 0 | X131: =X62 -> 0 | Y131: =$K131*X131 -> 0 | Z131: =$I131*X131 -> 0 | AA131: =$J131*X131 -> 0 | AB131: =AB62 -> 0 | AC131: =$K131*AB131 -> 0 | AD131: =$I131*AB131 -> 0 | AE131: =$J131*AB131 -> 0 | AF131: =AF62 -> 0 | AG131: =$K131*AF131 -> 0 | AH131: =$I131*AF131 -> 0 | AI131: =$J131*AF131 -> 0 | AK131: =L131+P131+T131+X131+AB131+AF131 -> 0 | AL131: =M131+Q131+U131+Y131+AC131+AG131 -> 0 | AM131: =AL131-K131 -> 0
A132: =IF(A63=0, "", A63) | B132: =IF(B63=0, "", B63) | C132: =IF(C63=0, "", C63) | D132: =IF(D63=0, "", D63) | E132: =IF(C132="",0,IF(C132="50000",E63*(1+$F$4),IF(C132="50010",E63*(1+$F$5),IF(C132="50020",E63*(1+$F$6),IF(C132="50030",E63*(1+$F$7),IF(C132="50040",E63*(1+$F$8),IF(C132="50050",E63*(1+$F$9),IF(C132="50060",E63*(1+$F$10),IF(C132="50100",E63*(1+$F$11),IF(C132="50110",E63*(1+$F$12))))))))))) -> 0 | F132: =E132*(IF(C132="",0,IF(C132="50000",$M$4,IF(C132="50010",$M$5,IF(C132="50020",$M$6,IF(C132="50030",$M$7,IF(C132="50040",$M$8,IF(C132="50050",$M$9,IF(C132="50060",$M$10,IF(C132="50100",$M$11,IF(C132="50110",$M$12)))))))))))+(IF(C132="",0,IF(C132="50000",E132*(1+$F$4),IF(C132="50010",E132*(1+$F$5),IF(C132="50020",E132*(1+$F$6),IF(C132="50030",E132*(1+$F$7),IF(C132="50040",E132*(1+$F$8),IF(C132="50050",E132*(1+$F$9),IF(C132="50060",E132*(1+$F$10),IF(C132="50100",E132*(1+$F$11),IF(C132="50110",E132*(1+$F$12))))))))))))*IF(C132="",0,IF(C132="50000",$N$4,IF(C132="50010",$N$5,IF(C132="50020",$N$6,IF(C132="50030",$N$7,IF(C132="50040",$N$8,IF(C132="50050",$N$9,IF(C132="50060",$N$10,IF(C132="50100",$N$11,IF(C132="50110",$N$12)))))))))) -> 0 | G132: =IF(C132="",0,IF(C132="50000", $I$4, IF(C132="50010",$I$5,IF(C132="50020", $I$6, IF(C132="50030", $I$7,IF(C132="50040", $I$8,IF(C132="50050",$I$9,IF(C132="50060",$I$10,IF(C132="50100",$I$11,IF(C132="50110",$I$12)))))))))) -> 0 | H132: =H63 -> 0 | I132: =F132*H132 -> 0 | J132: =F132*G132*H132 -> 0 | K132: =F132*(1+G132)*H132 -> 0 | L132: =L63 -> 0 | M132: =$K132*L132 -> 0 | N132: =$I132*L132 -> 0 | O132: =$J132*L132 -> 0 | P132: =P63 -> 0 | Q132: =$K132*P132 -> 0 | R132: =$I132*P132 -> 0 | S132: =$J132*P132 -> 0 | T132: =T63 -> 0 | U132: =$K132*T132 -> 0 | V132: =$I132*T132 -> 0 | W132: =$J132*T132 -> 0 | X132: =X63 -> 0 | Y132: =$K132*X132 -> 0 | Z132: =$I132*X132 -> 0 | AA132: =$J132*X132 -> 0 | AB132: =AB63 -> 0 | AC132: =$K132*AB132 -> 0 | AD132: =$I132*AB132 -> 0 | AE132: =$J132*AB132 -> 0 | AF132: =AF63 -> 0 | AG132: =$K132*AF132 -> 0 | AH132: =$I132*AF132 -> 0 | AI132: =$J132*AF132 -> 0 | AK132: =L132+P132+T132+X132+AB132+AF132 -> 0 | AL132: =M132+Q132+U132+Y132+AC132+AG132 -> 0 | AM132: =AL132-K132 -> 0
A133: =IF(A64=0, "", A64) | B133: =IF(B64=0, "", B64) | C133: =IF(C64=0, "", C64) | D133: =IF(D64=0, "", D64) | E133: =IF(C133="",0,IF(C133="50000",E64*(1+$F$4),IF(C133="50010",E64*(1+$F$5),IF(C133="50020",E64*(1+$F$6),IF(C133="50030",E64*(1+$F$7),IF(C133="50040",E64*(1+$F$8),IF(C133="50050",E64*(1+$F$9),IF(C133="50060",E64*(1+$F$10),IF(C133="50100",E64*(1+$F$11),IF(C133="50110",E64*(1+$F$12))))))))))) -> 0 | F133: =E133*(IF(C133="",0,IF(C133="50000",$M$4,IF(C133="50010",$M$5,IF(C133="50020",$M$6,IF(C133="50030",$M$7,IF(C133="50040",$M$8,IF(C133="50050",$M$9,IF(C133="50060",$M$10,IF(C133="50100",$M$11,IF(C133="50110",$M$12)))))))))))+(IF(C133="",0,IF(C133="50000",E133*(1+$F$4),IF(C133="50010",E133*(1+$F$5),IF(C133="50020",E133*(1+$F$6),IF(C133="50030",E133*(1+$F$7),IF(C133="50040",E133*(1+$F$8),IF(C133="50050",E133*(1+$F$9),IF(C133="50060",E133*(1+$F$10),IF(C133="50100",E133*(1+$F$11),IF(C133="50110",E133*(1+$F$12))))))))))))*IF(C133="",0,IF(C133="50000",$N$4,IF(C133="50010",$N$5,IF(C133="50020",$N$6,IF(C133="50030",$N$7,IF(C133="50040",$N$8,IF(C133="50050",$N$9,IF(C133="50060",$N$10,IF(C133="50100",$N$11,IF(C133="50110",$N$12)))))))))) -> 0 | G133: =IF(C133="",0,IF(C133="50000", $I$4, IF(C133="50010",$I$5,IF(C133="50020", $I$6, IF(C133="50030", $I$7,IF(C133="50040", $I$8,IF(C133="50050",$I$9,IF(C133="50060",$I$10,IF(C133="50100",$I$11,IF(C133="50110",$I$12)))))))))) -> 0 | H133: =H64 -> 0 | I133: =F133*H133 -> 0 | J133: =F133*G133*H133 -> 0 | K133: =F133*(1+G133)*H133 -> 0 | L133: =L64 -> 0 | M133: =$K133*L133 -> 0 | N133: =$I133*L133 -> 0 | O133: =$J133*L133 -> 0 | P133: =P64 -> 0 | Q133: =$K133*P133 -> 0 | R133: =$I133*P133 -> 0 | S133: =$J133*P133 -> 0 | T133: =T64 -> 0 | U133: =$K133*T133 -> 0 | V133: =$I133*T133 -> 0 | W133: =$J133*T133 -> 0 | X133: =X64 -> 0 | Y133: =$K133*X133 -> 0 | Z133: =$I133*X133 -> 0 | AA133: =$J133*X133 -> 0 | AB133: =AB64 -> 0 | AC133: =$K133*AB133 -> 0 | AD133: =$I133*AB133 -> 0 | AE133: =$J133*AB133 -> 0 | AF133: =AF64 -> 0 | AG133: =$K133*AF133 -> 0 | AH133: =$I133*AF133 -> 0 | AI133: =$J133*AF133 -> 0 | AK133: =L133+P133+T133+X133+AB133+AF133 -> 0 | AL133: =M133+Q133+U133+Y133+AC133+AG133 -> 0 | AM133: =AL133-K133 -> 0
A134: =IF(A65=0, "", A65) | B134: =IF(B65=0, "", B65) | C134: =IF(C65=0, "", C65) | D134: =IF(D65=0, "", D65) | E134: =IF(C134="",0,IF(C134="50000",E65*(1+$F$4),IF(C134="50010",E65*(1+$F$5),IF(C134="50020",E65*(1+$F$6),IF(C134="50030",E65*(1+$F$7),IF(C134="50040",E65*(1+$F$8),IF(C134="50050",E65*(1+$F$9),IF(C134="50060",E65*(1+$F$10),IF(C134="50100",E65*(1+$F$11),IF(C134="50110",E65*(1+$F$12))))))))))) -> 0 | F134: =E134*(IF(C134="",0,IF(C134="50000",$M$4,IF(C134="50010",$M$5,IF(C134="50020",$M$6,IF(C134="50030",$M$7,IF(C134="50040",$M$8,IF(C134="50050",$M$9,IF(C134="50060",$M$10,IF(C134="50100",$M$11,IF(C134="50110",$M$12)))))))))))+(IF(C134="",0,IF(C134="50000",E134*(1+$F$4),IF(C134="50010",E134*(1+$F$5),IF(C134="50020",E134*(1+$F$6),IF(C134="50030",E134*(1+$F$7),IF(C134="50040",E134*(1+$F$8),IF(C134="50050",E134*(1+$F$9),IF(C134="50060",E134*(1+$F$10),IF(C134="50100",E134*(1+$F$11),IF(C134="50110",E134*(1+$F$12))))))))))))*IF(C134="",0,IF(C134="50000",$N$4,IF(C134="50010",$N$5,IF(C134="50020",$N$6,IF(C134="50030",$N$7,IF(C134="50040",$N$8,IF(C134="50050",$N$9,IF(C134="50060",$N$10,IF(C134="50100",$N$11,IF(C134="50110",$N$12)))))))))) -> 0 | G134: =IF(C134="",0,IF(C134="50000", $I$4, IF(C134="50010",$I$5,IF(C134="50020", $I$6, IF(C134="50030", $I$7,IF(C134="50040", $I$8,IF(C134="50050",$I$9,IF(C134="50060",$I$10,IF(C134="50100",$I$11,IF(C134="50110",$I$12)))))))))) -> 0 | H134: =H65 -> 0 | I134: =F134*H134 -> 0 | J134: =F134*G134*H134 -> 0 | K134: =F134*(1+G134)*H134 -> 0 | L134: =L65 -> 0 | M134: =$K134*L134 -> 0 | N134: =$I134*L134 -> 0 | O134: =$J134*L134 -> 0 | P134: =P65 -> 0 | Q134: =$K134*P134 -> 0 | R134: =$I134*P134 -> 0 | S134: =$J134*P134 -> 0 | T134: =T65 -> 0 | U134: =$K134*T134 -> 0 | V134: =$I134*T134 -> 0 | W134: =$J134*T134 -> 0 | X134: =X65 -> 0 | Y134: =$K134*X134 -> 0 | Z134: =$I134*X134 -> 0 | AA134: =$J134*X134 -> 0 | AB134: =AB65 -> 0 | AC134: =$K134*AB134 -> 0 | AD134: =$I134*AB134 -> 0 | AE134: =$J134*AB134 -> 0 | AF134: =AF65 -> 0 | AG134: =$K134*AF134 -> 0 | AH134: =$I134*AF134 -> 0 | AI134: =$J134*AF134 -> 0 | AK134: =L134+P134+T134+X134+AB134+AF134 -> 0 | AL134: =M134+Q134+U134+Y134+AC134+AG134 -> 0 | AM134: =AL134-K134 -> 0
A135: =IF(A66=0, "", A66) | B135: =IF(B66=0, "", B66) | C135: =IF(C66=0, "", C66) | D135: =IF(D66=0, "", D66) | E135: =IF(C135="",0,IF(C135="50000",E66*(1+$F$4),IF(C135="50010",E66*(1+$F$5),IF(C135="50020",E66*(1+$F$6),IF(C135="50030",E66*(1+$F$7),IF(C135="50040",E66*(1+$F$8),IF(C135="50050",E66*(1+$F$9),IF(C135="50060",E66*(1+$F$10),IF(C135="50100",E66*(1+$F$11),IF(C135="50110",E66*(1+$F$12))))))))))) -> 0 | F135: =E135*(IF(C135="",0,IF(C135="50000",$M$4,IF(C135="50010",$M$5,IF(C135="50020",$M$6,IF(C135="50030",$M$7,IF(C135="50040",$M$8,IF(C135="50050",$M$9,IF(C135="50060",$M$10,IF(C135="50100",$M$11,IF(C135="50110",$M$12)))))))))))+(IF(C135="",0,IF(C135="50000",E135*(1+$F$4),IF(C135="50010",E135*(1+$F$5),IF(C135="50020",E135*(1+$F$6),IF(C135="50030",E135*(1+$F$7),IF(C135="50040",E135*(1+$F$8),IF(C135="50050",E135*(1+$F$9),IF(C135="50060",E135*(1+$F$10),IF(C135="50100",E135*(1+$F$11),IF(C135="50110",E135*(1+$F$12))))))))))))*IF(C135="",0,IF(C135="50000",$N$4,IF(C135="50010",$N$5,IF(C135="50020",$N$6,IF(C135="50030",$N$7,IF(C135="50040",$N$8,IF(C135="50050",$N$9,IF(C135="50060",$N$10,IF(C135="50100",$N$11,IF(C135="50110",$N$12)))))))))) -> 0 | G135: =IF(C135="",0,IF(C135="50000", $I$4, IF(C135="50010",$I$5,IF(C135="50020", $I$6, IF(C135="50030", $I$7,IF(C135="50040", $I$8,IF(C135="50050",$I$9,IF(C135="50060",$I$10,IF(C135="50100",$I$11,IF(C135="50110",$I$12)))))))))) -> 0 | H135: =H66 -> 0 | I135: =F135*H135 -> 0 | J135: =F135*G135*H135 -> 0 | K135: =F135*(1+G135)*H135 -> 0 | L135: =L66 -> 0 | M135: =$K135*L135 -> 0 | N135: =$I135*L135 -> 0 | O135: =$J135*L135 -> 0 | P135: =P66 -> 0 | Q135: =$K135*P135 -> 0 | R135: =$I135*P135 -> 0 | S135: =$J135*P135 -> 0 | T135: =T66 -> 0 | U135: =$K135*T135 -> 0 | V135: =$I135*T135 -> 0 | W135: =$J135*T135 -> 0 | X135: =X66 -> 0 | Y135: =$K135*X135 -> 0 | Z135: =$I135*X135 -> 0 | AA135: =$J135*X135 -> 0 | AB135: =AB66 -> 0 | AC135: =$K135*AB135 -> 0 | AD135: =$I135*AB135 -> 0 | AE135: =$J135*AB135 -> 0 | AF135: =AF66 -> 0 | AG135: =$K135*AF135 -> 0 | AH135: =$I135*AF135 -> 0 | AI135: =$J135*AF135 -> 0 | AK135: =L135+P135+T135+X135+AB135+AF135 -> 0 | AL135: =M135+Q135+U135+Y135+AC135+AG135 -> 0 | AM135: =AL135-K135 -> 0
A136: =IF(A67=0, "", A67) | B136: =IF(B67=0, "", B67) | C136: =IF(C67=0, "", C67) | D136: =IF(D67=0, "", D67) | E136: =IF(C136="",0,IF(C136="50000",E67*(1+$F$4),IF(C136="50010",E67*(1+$F$5),IF(C136="50020",E67*(1+$F$6),IF(C136="50030",E67*(1+$F$7),IF(C136="50040",E67*(1+$F$8),IF(C136="50050",E67*(1+$F$9),IF(C136="50060",E67*(1+$F$10),IF(C136="50100",E67*(1+$F$11),IF(C136="50110",E67*(1+$F$12))))))))))) -> 0 | F136: =E136*(IF(C136="",0,IF(C136="50000",$M$4,IF(C136="50010",$M$5,IF(C136="50020",$M$6,IF(C136="50030",$M$7,IF(C136="50040",$M$8,IF(C136="50050",$M$9,IF(C136="50060",$M$10,IF(C136="50100",$M$11,IF(C136="50110",$M$12)))))))))))+(IF(C136="",0,IF(C136="50000",E136*(1+$F$4),IF(C136="50010",E136*(1+$F$5),IF(C136="50020",E136*(1+$F$6),IF(C136="50030",E136*(1+$F$7),IF(C136="50040",E136*(1+$F$8),IF(C136="50050",E136*(1+$F$9),IF(C136="50060",E136*(1+$F$10),IF(C136="50100",E136*(1+$F$11),IF(C136="50110",E136*(1+$F$12))))))))))))*IF(C136="",0,IF(C136="50000",$N$4,IF(C136="50010",$N$5,IF(C136="50020",$N$6,IF(C136="50030",$N$7,IF(C136="50040",$N$8,IF(C136="50050",$N$9,IF(C136="50060",$N$10,IF(C136="50100",$N$11,IF(C136="50110",$N$12)))))))))) -> 0 | G136: =IF(C136="",0,IF(C136="50000", $I$4, IF(C136="50010",$I$5,IF(C136="50020", $I$6, IF(C136="50030", $I$7,IF(C136="50040", $I$8,IF(C136="50050",$I$9,IF(C136="50060",$I$10,IF(C136="50100",$I$11,IF(C136="50110",$I$12)))))))))) -> 0 | H136: =H67 -> 0 | I136: =F136*H136 -> 0 | J136: =F136*G136*H136 -> 0 | K136: =F136*(1+G136)*H136 -> 0 | L136: =L67 -> 0 | M136: =$K136*L136 -> 0 | N136: =$I136*L136 -> 0 | O136: =$J136*L136 -> 0 | P136: =P67 -> 0 | Q136: =$K136*P136 -> 0 | R136: =$I136*P136 -> 0 | S136: =$J136*P136 -> 0 | T136: =T67 -> 0 | U136: =$K136*T136 -> 0 | V136: =$I136*T136 -> 0 | W136: =$J136*T136 -> 0 | X136: =X67 -> 0 | Y136: =$K136*X136 -> 0 | Z136: =$I136*X136 -> 0 | AA136: =$J136*X136 -> 0 | AB136: =AB67 -> 0 | AC136: =$K136*AB136 -> 0 | AD136: =$I136*AB136 -> 0 | AE136: =$J136*AB136 -> 0 | AF136: =AF67 -> 0 | AG136: =$K136*AF136 -> 0 | AH136: =$I136*AF136 -> 0 | AI136: =$J136*AF136 -> 0 | AK136: =L136+P136+T136+X136+AB136+AF136 -> 0 | AL136: =M136+Q136+U136+Y136+AC136+AG136 -> 0 | AM136: =AL136-K136 -> 0
A137: =IF(A68=0, "", A68) | B137: =IF(B68=0, "", B68) | C137: =IF(C68=0, "", C68) | D137: =IF(D68=0, "", D68) | E137: =IF(C137="",0,IF(C137="50000",E68*(1+$F$4),IF(C137="50010",E68*(1+$F$5),IF(C137="50020",E68*(1+$F$6),IF(C137="50030",E68*(1+$F$7),IF(C137="50040",E68*(1+$F$8),IF(C137="50050",E68*(1+$F$9),IF(C137="50060",E68*(1+$F$10),IF(C137="50100",E68*(1+$F$11),IF(C137="50110",E68*(1+$F$12))))))))))) -> 0 | F137: =E137*(IF(C137="",0,IF(C137="50000",$M$4,IF(C137="50010",$M$5,IF(C137="50020",$M$6,IF(C137="50030",$M$7,IF(C137="50040",$M$8,IF(C137="50050",$M$9,IF(C137="50060",$M$10,IF(C137="50100",$M$11,IF(C137="50110",$M$12)))))))))))+(IF(C137="",0,IF(C137="50000",E137*(1+$F$4),IF(C137="50010",E137*(1+$F$5),IF(C137="50020",E137*(1+$F$6),IF(C137="50030",E137*(1+$F$7),IF(C137="50040",E137*(1+$F$8),IF(C137="50050",E137*(1+$F$9),IF(C137="50060",E137*(1+$F$10),IF(C137="50100",E137*(1+$F$11),IF(C137="50110",E137*(1+$F$12))))))))))))*IF(C137="",0,IF(C137="50000",$N$4,IF(C137="50010",$N$5,IF(C137="50020",$N$6,IF(C137="50030",$N$7,IF(C137="50040",$N$8,IF(C137="50050",$N$9,IF(C137="50060",$N$10,IF(C137="50100",$N$11,IF(C137="50110",$N$12)))))))))) -> 0 | G137: =IF(C137="",0,IF(C137="50000", $I$4, IF(C137="50010",$I$5,IF(C137="50020", $I$6, IF(C137="50030", $I$7,IF(C137="50040", $I$8,IF(C137="50050",$I$9,IF(C137="50060",$I$10,IF(C137="50100",$I$11,IF(C137="50110",$I$12)))))))))) -> 0 | H137: =H68 -> 0 | I137: =F137*H137 -> 0 | J137: =F137*G137*H137 -> 0 | K137: =F137*(1+G137)*H137 -> 0 | L137: =L68 -> 0 | M137: =$K137*L137 -> 0 | N137: =$I137*L137 -> 0 | O137: =$J137*L137 -> 0 | P137: =P68 -> 0 | Q137: =$K137*P137 -> 0 | R137: =$I137*P137 -> 0 | S137: =$J137*P137 -> 0 | T137: =T68 -> 0 | U137: =$K137*T137 -> 0 | V137: =$I137*T137 -> 0 | W137: =$J137*T137 -> 0 | X137: =X68 -> 0 | Y137: =$K137*X137 -> 0 | Z137: =$I137*X137 -> 0 | AA137: =$J137*X137 -> 0 | AB137: =AB68 -> 0 | AC137: =$K137*AB137 -> 0 | AD137: =$I137*AB137 -> 0 | AE137: =$J137*AB137 -> 0 | AF137: =AF68 -> 0 | AG137: =$K137*AF137 -> 0 | AH137: =$I137*AF137 -> 0 | AI137: =$J137*AF137 -> 0 | AK137: =L137+P137+T137+X137+AB137+AF137 -> 0 | AL137: =M137+Q137+U137+Y137+AC137+AG137 -> 0 | AM137: =AL137-K137 -> 0
A138: =IF(A69=0, "", A69) | B138: =IF(B69=0, "", B69) | C138: =IF(C69=0, "", C69) | D138: =IF(D69=0, "", D69) | E138: =IF(C138="",0,IF(C138="50000",E69*(1+$F$4),IF(C138="50010",E69*(1+$F$5),IF(C138="50020",E69*(1+$F$6),IF(C138="50030",E69*(1+$F$7),IF(C138="50040",E69*(1+$F$8),IF(C138="50050",E69*(1+$F$9),IF(C138="50060",E69*(1+$F$10),IF(C138="50100",E69*(1+$F$11),IF(C138="50110",E69*(1+$F$12))))))))))) -> 0 | F138: =E138*(IF(C138="",0,IF(C138="50000",$M$4,IF(C138="50010",$M$5,IF(C138="50020",$M$6,IF(C138="50030",$M$7,IF(C138="50040",$M$8,IF(C138="50050",$M$9,IF(C138="50060",$M$10,IF(C138="50100",$M$11,IF(C138="50110",$M$12)))))))))))+(IF(C138="",0,IF(C138="50000",E138*(1+$F$4),IF(C138="50010",E138*(1+$F$5),IF(C138="50020",E138*(1+$F$6),IF(C138="50030",E138*(1+$F$7),IF(C138="50040",E138*(1+$F$8),IF(C138="50050",E138*(1+$F$9),IF(C138="50060",E138*(1+$F$10),IF(C138="50100",E138*(1+$F$11),IF(C138="50110",E138*(1+$F$12))))))))))))*IF(C138="",0,IF(C138="50000",$N$4,IF(C138="50010",$N$5,IF(C138="50020",$N$6,IF(C138="50030",$N$7,IF(C138="50040",$N$8,IF(C138="50050",$N$9,IF(C138="50060",$N$10,IF(C138="50100",$N$11,IF(C138="50110",$N$12)))))))))) -> 0 | G138: =IF(C138="",0,IF(C138="50000", $I$4, IF(C138="50010",$I$5,IF(C138="50020", $I$6, IF(C138="50030", $I$7,IF(C138="50040", $I$8,IF(C138="50050",$I$9,IF(C138="50060",$I$10,IF(C138="50100",$I$11,IF(C138="50110",$I$12)))))))))) -> 0 | H138: =H69 -> 0 | I138: =F138*H138 -> 0 | J138: =F138*G138*H138 -> 0 | K138: =F138*(1+G138)*H138 -> 0 | L138: =L69 -> 0 | M138: =$K138*L138 -> 0 | N138: =$I138*L138 -> 0 | O138: =$J138*L138 -> 0 | P138: =P69 -> 0 | Q138: =$K138*P138 -> 0 | R138: =$I138*P138 -> 0 | S138: =$J138*P138 -> 0 | T138: =T69 -> 0 | U138: =$K138*T138 -> 0 | V138: =$I138*T138 -> 0 | W138: =$J138*T138 -> 0 | X138: =X69 -> 0 | Y138: =$K138*X138 -> 0 | Z138: =$I138*X138 -> 0 | AA138: =$J138*X138 -> 0 | AB138: =AB69 -> 0 | AC138: =$K138*AB138 -> 0 | AD138: =$I138*AB138 -> 0 | AE138: =$J138*AB138 -> 0 | AF138: =AF69 -> 0 | AG138: =$K138*AF138 -> 0 | AH138: =$I138*AF138 -> 0 | AI138: =$J138*AF138 -> 0 | AK138: =L138+P138+T138+X138+AB138+AF138 -> 0 | AL138: =M138+Q138+U138+Y138+AC138+AG138 -> 0 | AM138: =AL138-K138 -> 0
A139: =IF(A70=0, "", A70) | B139: =IF(B70=0, "", B70) | C139: =IF(C70=0, "", C70) | D139: =IF(D70=0, "", D70) | E139: =IF(C139="",0,IF(C139="50000",E70*(1+$F$4),IF(C139="50010",E70*(1+$F$5),IF(C139="50020",E70*(1+$F$6),IF(C139="50030",E70*(1+$F$7),IF(C139="50040",E70*(1+$F$8),IF(C139="50050",E70*(1+$F$9),IF(C139="50060",E70*(1+$F$10),IF(C139="50100",E70*(1+$F$11),IF(C139="50110",E70*(1+$F$12))))))))))) -> 0 | F139: =E139*(IF(C139="",0,IF(C139="50000",$M$4,IF(C139="50010",$M$5,IF(C139="50020",$M$6,IF(C139="50030",$M$7,IF(C139="50040",$M$8,IF(C139="50050",$M$9,IF(C139="50060",$M$10,IF(C139="50100",$M$11,IF(C139="50110",$M$12)))))))))))+(IF(C139="",0,IF(C139="50000",E139*(1+$F$4),IF(C139="50010",E139*(1+$F$5),IF(C139="50020",E139*(1+$F$6),IF(C139="50030",E139*(1+$F$7),IF(C139="50040",E139*(1+$F$8),IF(C139="50050",E139*(1+$F$9),IF(C139="50060",E139*(1+$F$10),IF(C139="50100",E139*(1+$F$11),IF(C139="50110",E139*(1+$F$12))))))))))))*IF(C139="",0,IF(C139="50000",$N$4,IF(C139="50010",$N$5,IF(C139="50020",$N$6,IF(C139="50030",$N$7,IF(C139="50040",$N$8,IF(C139="50050",$N$9,IF(C139="50060",$N$10,IF(C139="50100",$N$11,IF(C139="50110",$N$12)))))))))) -> 0 | G139: =IF(C139="",0,IF(C139="50000", $I$4, IF(C139="50010",$I$5,IF(C139="50020", $I$6, IF(C139="50030", $I$7,IF(C139="50040", $I$8,IF(C139="50050",$I$9,IF(C139="50060",$I$10,IF(C139="50100",$I$11,IF(C139="50110",$I$12)))))))))) -> 0 | H139: =H70 -> 0 | I139: =F139*H139 -> 0 | J139: =F139*G139*H139 -> 0 | K139: =F139*(1+G139)*H139 -> 0 | L139: =L70 -> 0 | M139: =$K139*L139 -> 0 | N139: =$I139*L139 -> 0 | O139: =$J139*L139 -> 0 | P139: =P70 -> 0 | Q139: =$K139*P139 -> 0 | R139: =$I139*P139 -> 0 | S139: =$J139*P139 -> 0 | T139: =T70 -> 0 | U139: =$K139*T139 -> 0 | V139: =$I139*T139 -> 0 | W139: =$J139*T139 -> 0 | X139: =X70 -> 0 | Y139: =$K139*X139 -> 0 | Z139: =$I139*X139 -> 0 | AA139: =$J139*X139 -> 0 | AB139: =AB70 -> 0 | AC139: =$K139*AB139 -> 0 | AD139: =$I139*AB139 -> 0 | AE139: =$J139*AB139 -> 0 | AF139: =AF70 -> 0 | AG139: =$K139*AF139 -> 0 | AH139: =$I139*AF139 -> 0 | AI139: =$J139*AF139 -> 0 | AK139: =L139+P139+T139+X139+AB139+AF139 -> 0 | AL139: =M139+Q139+U139+Y139+AC139+AG139 -> 0 | AM139: =AL139-K139 -> 0
... A143: =IF(A74=0, "", A74) | B143: =IF(B74=0, "", B74) | C143: =IF(C74=0, "", C74) | D143: =IF(D74=0, "", D74) | E143: =IF(C143="",0,IF(C143="50000",E74*(1+$F$4),IF(C143="50010",E74*(1+$F$5),IF(C143="50020",E74*(1+$F$6),IF(C143="50030",E74*(1+$F$7),IF(C143="50040",E74*(1+$F$8),IF(C143="50050",E74*(1+$F$9),IF(C143="50060",E74*(1+$F$10),IF(C143="50100",E74*(1+$F$11),IF(C143="50110",E74*(1+$F$12))))))))))) -> 0 | F143: =E143*(IF(C143="",0,IF(C143="50000",$M$4,IF(C143="50010",$M$5,IF(C143="50020",$M$6,IF(C143="50030",$M$7,IF(C143="50040",$M$8,IF(C143="50050",$M$9,IF(C143="50060",$M$10,IF(C143="50100",$M$11,IF(C143="50110",$M$12)))))))))))+(IF(C143="",0,IF(C143="50000",E143*(1+$F$4),IF(C143="50010",E143*(1+$F$5),IF(C143="50020",E143*(1+$F$6),IF(C143="50030",E143*(1+$F$7),IF(C143="50040",E143*(1+$F$8),IF(C143="50050",E143*(1+$F$9),IF(C143="50060",E143*(1+$F$10),IF(C143="50100",E143*(1+$F$11),IF(C143="50110",E143*(1+$F$12))))))))))))*IF(C143="",0,IF(C143="50000",$N$4,IF(C143="50010",$N$5,IF(C143="50020",$N$6,IF(C143="50030",$N$7,IF(C143="50040",$N$8,IF(C143="50050",$N$9,IF(C143="50060",$N$10,IF(C143="50100",$N$11,IF(C143="50110",$N$12)))))))))) -> 0 | G143: =IF(C143="",0,IF(C143="50000", $I$4, IF(C143="50010",$I$5,IF(C143="50020", $I$6, IF(C143="50030", $I$7,IF(C143="50040", $I$8,IF(C143="50050",$I$9,IF(C143="50060",$I$10,IF(C143="50100",$I$11,IF(C143="50110",$I$12)))))))))) -> 0 | H143: =H74 -> 0 | I143: =F143*H143 -> 0 | J143: =F143*G143*H143 -> 0 | K143: =F143*(1+G143)*H143 -> 0 | L143: =L74 -> 0 | M143: =$K143*L143 -> 0 | N143: =$I143*L143 -> 0 | O143: =$J143*L143 -> 0 | P143: =P74 -> 0 | Q143: =$K143*P143 -> 0 | R143: =$I143*P143 -> 0 | S143: =$J143*P143 -> 0 | T143: =T74 -> 0 | U143: =$K143*T143 -> 0 | V143: =$I143*T143 -> 0 | W143: =$J143*T143 -> 0 | X143: =X74 -> 0 | Y143: =$K143*X143 -> 0 | Z143: =$I143*X143 -> 0 | AA143: =$J143*X143 -> 0 | AB143: =AB74 -> 0 | AC143: =$K143*AB143 -> 0 | AD143: =$I143*AB143 -> 0 | AE143: =$J143*AB143 -> 0 | AF143: =AF74 -> 0 | AG143: =$K143*AF143 -> 0 | AH143: =$I143*AF143 -> 0 | AI143: =$J143*AF143 -> 0 | AK143: =L143+P143+T143+X143+AB143+AF143 -> 0 | AL143: =M143+Q143+U143+Y143+AC143+AG143 -> 0 | AM143: =AL143-K143 -> 0
A145: Direct Salaries-Faculty and Staff | F145: =SUM(F128:F143) -> 0 | I145: =SUM(I128:I143) -> 0 | J145: =SUM(J128:J143) -> 0 | K145: =SUM(K128:K143) -> 0 | M145: =SUM(M128:M143) -> 0 | N145: =SUM(N128:N143) -> 0 | O145: =SUM(O128:O143) -> 0 | Q145: =SUM(Q128:Q143) -> 0 | R145: =SUM(R128:R143) -> 0 | S145: =SUM(S128:S143) -> 0 | U145: =SUM(U128:U143) -> 0 | V145: =SUM(V128:V143) -> 0 | W145: =SUM(W128:W143) -> 0 | Y145: =SUM(Y128:Y143) -> 0 | Z145: =SUM(Z128:Z143) -> 0 | AA145: =SUM(AA128:AA143) -> 0 | AC145: =SUM(AC128:AC143) -> 0 | AD145: =SUM(AD128:AD143) -> 0 | AE145: =SUM(AE128:AE143) -> 0 | AG145: =SUM(AG128:AG143) -> 0 | AH145: =SUM(AH128:AH143) -> 0 | AI145: =SUM(AI128:AI143) -> 0 | AL145: =M145+Q145+U145+Y145+AC145+AG145 -> 0 | AM145: =AL145-K145 -> 0
F147: Total Salaries Year 2 | I147: =I120+I145 -> 0 | J147: =J120+J145 -> 0 | K147: =K120+K145 -> 0 | M147: =M120+M145 -> 0 | N147: =N120+N145 -> 0 | O147: =O120+O145 -> 0 | Q147: =Q120+Q145 -> 0 | R147: =R120+R145 -> 0 | S147: =S120+S145 -> 0 | U147: =U120+U145 -> 0 | V147: =V120+V145 -> 0 | W147: =W120+W145 -> 0 | Y147: =Y120+Y145 -> 0 | Z147: =Z120+Z145 -> 0 | AA147: =AA120+AA145 -> 0 | AC147: =AC120+AC145 -> 0 | AD147: =AD120+AD145 -> 0 | AE147: =AE120+AE145 -> 0 | AG147: =AG120+AG145 -> 0 | AH147: =AH120+AH145 -> 0 | AI147: =AI120+AI145 -> 0
A149: Notes: | D149: Add additional lines as necessary
D150: If you have costs in the Center Overhead column please see the below note
D151: *Administrative and clerical salaries can be included in rates if they meet the following criteria:
D152: 1. There is an unlike circumstance and,
D153: 2. They were not included in the F&A rate proposal previously (contact MAA for more information).
D154: * Please include a description of the unlike circumstance

Sheet Salary Cap Worksheet
A1: Salary Cap Summary
A13: Link
A15: Directions: Identify salaries in rate over current cap
B16: Employee 1 | C16: Employee 2 | D16: Employee 3
A17: Annual Salary | B17: 250000
A18: Current Salary Cap | B18: 228000 | C18: 228000 | D18: 22800
A19: FTE on Center Rate | B19: 0.1
A20: Allowable Annual Salary on Rate Proposal | B20: =B18*B19 -> 22800 | C20: =C18*C19 -> 0 | D20: =D18*D19 -> 0
A21: Allowable Monthly Salary on Rate Proposal | B21: =B20/12 -> 1900 | C21: =C20/12 -> 0 | D21: =D20/12 -> 0

Sheet Depreciation
A1: Year 1 Depreciation | N1: Year 1 Allocation Schedule
A2: Purpose: Calculate depreciation for equipment that costs more than $5,000 per individual item. | N2: Purpose: Allocate depreciation to the different rates
N3: Center Overhead Yr. 1 | P3: Rate 1 Yr. 1 | R3: Rate 2 Yr. 1 | T3: Rate 3 Yr. 1 | V3: Rate 4 Yr. 1 | X3: Rate 5 Yr. 1 | AA3: Percent Check | AB3: Dollar Check | AC3: Difference between allocated dollar and total dollar
A4: =IF('General Information'!B9=0, "Please Enter Start Date On General Information Sheet", "Year 1: "&TEXT('General Information'!B9,"mm/dd/yy")&" to "&TEXT('General Information'!B10, "mm/dd/yy")) -> Please Enter Start Date On General Information Sheet | N4: =IF(Usage!$B$8=0, "", Usage!$B$8) -> Center Overhead | P4: =IF(Usage!$B$9=0, "", Usage!$B$9) | R4: =IF(Usage!$B$10=0, "", Usage!$B$10) | T4: =IF(Usage!$B$11=0, "", Usage!$B$11) | V4: =IF(Usage!$B$12=0, "", Usage!$B$12) | X4: =IF(Usage!$B$13=0, "", Usage!$B$13) | AA4: (should add up to 100%)
A5: Desc./Type of Equipment | B5: UW Tag No. | C5: Cost Center | D5: Status | E5: Title | F5: Date Received (Acquisition Date (UW)) | G5: Depr. Start Date | H5: Depr. End Date | I5: Acquisition Cost | J5: Amount Not Recoverable | K5: Total Recoverable Acquisition Cost | L5: Useful Life (years) | M5: Depr. In Proposal | N5: % | O5: Amount | P5: % | Q5: Amount | R5: % | S5: Amount | T5: % | U5: Amount | V5: % | W5: Amount | X5: % | Y5: Amount
K6: =I6-J6 -> 0 | M6: =IF(L6<>0,K6/L6,0) -> 0 | O6: =$M6*N6 -> 0 | Q6: =$M6*P6 -> 0 | S6: =$M6*R6 -> 0 | U6: =$M6*T6 -> 0 | W6: =$M6*V6 -> 0 | Y6: =$M6*X6 -> 0 | AA6: =N6+P6+R6+T6+V6+X6 -> 0 | AB6: =O6+Q6+S6+U6+W6+Y6 -> 0 | AC6: =AB6-M6 -> 0
K7: =I7-J7 -> 0 | M7: =IF(L7<>0,K7/L7,0) -> 0 | O7: =$M7*N7 -> 0 | Q7: =$M7*P7 -> 0 | S7: =$M7*R7 -> 0 | U7: =$M7*T7 -> 0 | W7: =$M7*V7 -> 0 | Y7: =$M7*X7 -> 0 | AA7: =N7+P7+R7+T7+V7+X7 -> 0 | AB7: =O7+Q7+S7+U7+W7+Y7 -> 0 | AC7: =AB7-M7 -> 0
K8: =I8-J8 -> 0 | M8: =IF(L8<>0,K8/L8,0) -> 0 | O8: =$M8*N8 -> 0 | Q8: =$M8*P8 -> 0 | S8: =$M8*R8 -> 0 | U8: =$M8*T8 -> 0 | W8: =$M8*V8 -> 0 | Y8: =$M8*X8 -> 0 | AA8: =N8+P8+R8+T8+V8+X8 -> 0 | AB8: =O8+Q8+S8+U8+W8+Y8 -> 0 | AC8: =AB8-M8 -> 0
K9: =I9-J9 -> 0 | M9: =IF(L9<>0,K9/L9,0) -> 0 | O9: =$M9*N9 -> 0 | Q9: =$M9*P9 -> 0 | S9: =$M9*R9 -> 0 | U9: =$M9*T9 -> 0 | W9: =$M9*V9 -> 0 | Y9: =$M9*X9 -> 0 | AA9: =N9+P9+R9+T9+V9+X9 -> 0 | AB9: =O9+Q9+S9+U9+W9+Y9 -> 0 | AC9: =AB9-M9 -> 0
K10: =I10-J10 -> 0 | M10: =IF(L10<>0,K10/L10,0) -> 0 | O10: =$M10*N10 -> 0 | Q10: =$M10*P10 -> 0 | S10: =$M10*R10 -> 0 | U10: =$M10*T10 -> 0 | W10: =$M10*V10 -> 0 | Y10: =$M10*X10 -> 0 | AA10: =N10+P10+R10+T10+V10+X10 -> 0 | AB10: =O10+Q10+S10+U10+W10+Y10 -> 0 | AC10: =AB10-M10 -> 0
K11: =I11-J11 -> 0 | M11: =IF(L11<>0,K11/L11,0) -> 0 | O11: =$M11*N11 -> 0 | Q11: =$M11*P11 -> 0 | S11: =$M11*R11 -> 0 | U11: =$M11*T11 -> 0 | W11: =$M11*V11 -> 0 | Y11: =$M11*X11 -> 0 | AA11: =N11+P11+R11+T11+V11+X11 -> 0 | AB11: =O11+Q11+S11+U11+W11+Y11 -> 0 | AC11: =AB11-M11 -> 0
K12: =I12-J12 -> 0 | M12: =IF(L12<>0,K12/L12,0) -> 0 | O12: =$M12*N12 -> 0 | Q12: =$M12*P12 -> 0 | S12: =$M12*R12 -> 0 | U12: =$M12*T12 -> 0 | W12: =$M12*V12 -> 0 | Y12: =$M12*X12 -> 0 | AA12: =N12+P12+R12+T12+V12+X12 -> 0 | AB12: =O12+Q12+S12+U12+W12+Y12 -> 0 | AC12: =AB12-M12 -> 0
K13: =I13-J13 -> 0 | M13: =IF(L13<>0,K13/L13,0) -> 0 | O13: =$M13*N13 -> 0 | Q13: =$M13*P13 -> 0 | S13: =$M13*R13 -> 0 | U13: =$M13*T13 -> 0 | W13: =$M13*V13 -> 0 | Y13: =$M13*X13 -> 0 | AA13: =N13+P13+R13+T13+V13+X13 -> 0 | AB13: =O13+Q13+S13+U13+W13+Y13 -> 0 | AC13: =AB13-M13 -> 0
K14: =I14-J14 -> 0 | M14: =IF(L14<>0,K14/L14,0) -> 0 | O14: =$M14*N14 -> 0 | Q14: =$M14*P14 -> 0 | S14: =$M14*R14 -> 0 | U14: =$M14*T14 -> 0 | W14: =$M14*V14 -> 0 | Y14: =$M14*X14 -> 0 | AA14: =N14+P14+R14+T14+V14+X14 -> 0 | AB14: =O14+Q14+S14+U14+W14+Y14 -> 0 | AC14: =AB14-M14 -> 0
K15: =I15-J15 -> 0 | M15: =IF(L15<>0,K15/L15,0) -> 0 | O15: =$M15*N15 -> 0 | Q15: =$M15*P15 -> 0 | S15: =$M15*R15 -> 0 | U15: =$M15*T15 -> 0 | W15: =$M15*V15 -> 0 | Y15: =$M15*X15 -> 0 | AA15: =N15+P15+R15+T15+V15+X15 -> 0 | AB15: =O15+Q15+S15+U15+W15+Y15 -> 0 | AC15: =AB15-M15 -> 0
K16: =I16-J16 -> 0 | M16: =IF(L16<>0,K16/L16,0) -> 0 | O16: =$M16*N16 -> 0 | Q16: =$M16*P16 -> 0 | S16: =$M16*R16 -> 0 | U16: =$M16*T16 -> 0 | W16: =$M16*V16 -> 0 | Y16: =$M16*X16 -> 0 | AA16: =N16+P16+R16+T16+V16+X16 -> 0 | AB16: =O16+Q16+S16+U16+W16+Y16 -> 0 | AC16: =AB16-M16 -> 0
K17: =I17-J17 -> 0 | M17: =IF(L17<>0,K17/L17,0) -> 0 | O17: =$M17*N17 -> 0 | Q17: =$M17*P17 -> 0 | S17: =$M17*R17 -> 0 | U17: =$M17*T17 -> 0 | W17: =$M17*V17 -> 0 | Y17: =$M17*X17 -> 0 | AA17: =N17+P17+R17+T17+V17+X17 -> 0 | AB17: =O17+Q17+S17+U17+W17+Y17 -> 0 | AC17: =AB17-M17 -> 0
... K41: =I41-J41 -> 0 | M41: =IF(L41<>0,K41/L41,0) -> 0 | O41: =$M41*N41 -> 0 | Q41: =$M41*P41 -> 0 | S41: =$M41*R41 -> 0 | U41: =$M41*T41 -> 0 | W41: =$M41*V41 -> 0 | Y41: =$M41*X41 -> 0 | AA41: =N41+P41+R41+T41+V41+X41 -> 0 | AB41: =O41+Q41+S41+U41+W41+Y41 -> 0 | AC41: =AB41-M41 -> 0
K42: =I42-J42 -> 0 | L42: 0 | M42: =IF(L42<>0,K42/L42,0) -> 0 | N42: 0 | O42: =$M42*N42 -> 0 | P42: 0 | Q42: =$M42*P42 -> 0 | R42: 0 | S42: =$M42*R42 -> 0 | T42: 0 | U42: =$M42*T42 -> 0 | V42: 0 | W42: =$M42*V42 -> 0 | X42: 0 | Y42: =$M42*X42 -> 0 | AA42: =N42+P42+R42+T42+V42+X42 -> 0 | AB42: =O42+Q42+S42+U42+W42+Y42 -> 0 | AC42: =AB42-M42 -> 0
K43: =I43-J43 -> 0 | L43: 0 | M43: =IF(L43<>0,K43/L43,0) -> 0 | N43: 0 | O43: =$M43*N43 -> 0 | P43: 0 | Q43: =$M43*P43 -> 0 | R43: 0 | S43: =$M43*R43 -> 0 | T43: 0 | U43: =$M43*T43 -> 0 | V43: 0 | W43: =$M43*V43 -> 0 | X43: 0 | Y43: =$M43*X43 -> 0 | AA43: =N43+P43+R43+T43+V43+X43 -> 0 | AB43: =O43+Q43+S43+U43+W43+Y43 -> 0 | AC43: =AB43-M43 -> 0
K44: =I44-J44 -> 0 | L44: 0 | M44: =IF(L44<>0,K44/L44,0) -> 0 | N44: 0 | O44: =$M44*N44 -> 0 | P44: 0 | Q44: =$M44*P44 -> 0 | R44: 0 | S44: =$M44*R44 -> 0 | T44: 0 | U44: =$M44*T44 -> 0 | V44: 0 | W44: =$M44*V44 -> 0 | X44: 0 | Y44: =$M44*X44 -> 0 | AA44: =N44+P44+R44+T44+V44+X44 -> 0 | AB44: =O44+Q44+S44+U44+W44+Y44 -> 0 | AC44: =AB44-M44 -> 0
K45: =I45-J45 -> 0 | L45: 0 | M45: =IF(L45<>0,K45/L45,0) -> 0 | N45: 0 | O45: =$M45*N45 -> 0 | P45: 0 | Q45: =$M45*P45 -> 0 | R45: 0 | S45: =$M45*R45 -> 0 | T45: 0 | U45: =$M45*T45 -> 0 | V45: 0 | W45: =$M45*V45 -> 0 | X45: 0 | Y45: =$M45*X45 -> 0 | AA45: =N45+P45+R45+T45+V45+X45 -> 0 | AB45: =O45+Q45+S45+U45+W45+Y45 -> 0 | AC45: =AB45-M45 -> 0
K46: =I46-J46 -> 0 | L46: 0 | M46: =IF(L46<>0,K46/L46,0) -> 0 | N46: 0 | O46: =$M46*N46 -> 0 | P46: 0 | Q46: =$M46*P46 -> 0 | R46: 0 | S46: =$M46*R46 -> 0 | T46: 0 | U46: =$M46*T46 -> 0 | V46: 0 | W46: =$M46*V46 -> 0 | X46: 0 | Y46: =$M46*X46 -> 0 | AA46: =N46+P46+R46+T46+V46+X46 -> 0 | AB46: =O46+Q46+S46+U46+W46+Y46 -> 0 | AC46: =AB46-M46 -> 0
K47: =I47-J47 -> 0 | L47: 0 | M47: =IF(L47<>0,K47/L47,0) -> 0 | N47: 0 | O47: =$M47*N47 -> 0 | P47: 0 | Q47: =$M47*P47 -> 0 | R47: 0 | S47: =$M47*R47 -> 0 | T47: 0 | U47: =$M47*T47 -> 0 | V47: 0 | W47: =$M47*V47 -> 0 | X47: 0 | Y47: =$M47*X47 -> 0 | AA47: =N47+P47+R47+T47+V47+X47 -> 0 | AB47: =O47+Q47+S47+U47+W47+Y47 -> 0 | AC47: =AB47-M47 -> 0
K48: =I48-J48 -> 0 | L48: 0 | M48: =IF(L48<>0,K48/L48,0) -> 0 | N48: 0 | O48: =$M48*N48 -> 0 | P48: 0 | Q48: =$M48*P48 -> 0 | R48: 0 | S48: =$M48*R48 -> 0 | T48: 0 | U48: =$M48*T48 -> 0 | V48: 0 | W48: =$M48*V48 -> 0 | X48: 0 | Y48: =$M48*X48 -> 0 | AA48: =N48+P48+R48+T48+V48+X48 -> 0 | AB48: =O48+Q48+S48+U48+W48+Y48 -> 0 | AC48: =AB48-M48 -> 0
K49: =I49-J49 -> 0 | L49: 0 | M49: =IF(L49<>0,K49/L49,0) -> 0 | N49: 0 | O49: =$M49*N49 -> 0 | P49: 0 | Q49: =$M49*P49 -> 0 | R49: 0 | S49: =$M49*R49 -> 0 | T49: 0 | U49: =$M49*T49 -> 0 | V49: 0 | W49: =$M49*V49 -> 0 | X49: 0 | Y49: =$M49*X49 -> 0 | AA49: =N49+P49+R49+T49+V49+X49 -> 0 | AB49: =O49+Q49+S49+U49+W49+Y49 -> 0 | AC49: =AB49-M49 -> 0
K50: =I50-J50 -> 0 | L50: 0 | M50: =IF(L50<>0,K50/L50,0) -> 0 | N50: 0 | O50: =$M50*N50 -> 0 | P50: 0 | Q50: =$M50*P50 -> 0 | R50: 0 | S50: =$M50*R50 -> 0 | T50: 0 | U50: =$M50*T50 -> 0 | V50: 0 | W50: =$M50*V50 -> 0 | X50: 0 | Y50: =$M50*X50 -> 0 | AA50: =N50+P50+R50+T50+V50+X50 -> 0 | AB50: =O50+Q50+S50+U50+W50+Y50 -> 0 | AC50: =AB50-M50 -> 0
K51: =I51-J51 -> 0 | L51: 0 | M51: =IF(L51<>0,K51/L51,0) -> 0 | N51: 0 | O51: =$M51*N51 -> 0 | P51: 0 | Q51: =$M51*P51 -> 0 | R51: 0 | S51: =$M51*R51 -> 0 | T51: 0 | U51: =$M51*T51 -> 0 | V51: 0 | W51: =$M51*V51 -> 0 | X51: 0 | Y51: =$M51*X51 -> 0 | AA51: =N51+P51+R51+T51+V51+X51 -> 0 | AB51: =O51+Q51+S51+U51+W51+Y51 -> 0 | AC51: =AB51-M51 -> 0
K52: =I52-J52 -> 0 | L52: 0 | M52: =IF(L52<>0,K52/L52,0) -> 0 | N52: 0 | O52: =$M52*N52 -> 0 | P52: 0 | Q52: =$M52*P52 -> 0 | R52: 0 | S52: =$M52*R52 -> 0 | T52: 0 | U52: =$M52*T52 -> 0 | V52: 0 | W52: =$M52*V52 -> 0 | X52: 0 | Y52: =$M52*X52 -> 0 | AA52: =N52+P52+R52+T52+V52+X52 -> 0 | AB52: =O52+Q52+S52+U52+W52+Y52 -> 0 | AC52: =AB52-M52 -> 0
K53: =I53-J53 -> 0 | L53: 0 | M53: =IF(L53<>0,K53/L53,0) -> 0 | N53: 0 | O53: =$M53*N53 -> 0 | P53: 0 | Q53: =$M53*P53 -> 0 | R53: 0 | S53: =$M53*R53 -> 0 | T53: 0 | U53: =$M53*T53 -> 0 | V53: 0 | W53: =$M53*V53 -> 0 | X53: 0 | Y53: =$M53*X53 -> 0 | AA53: =N53+P53+R53+T53+V53+X53 -> 0 | AB53: =O53+Q53+S53+U53+W53+Y53 -> 0 | AC53: =AB53-M53 -> 0
... K55: =I55-J55 -> 0 | L55: 0 | M55: =IF(L55<>0,K55/L55,0) -> 0 | N55: 0 | O55: =$M55*N55 -> 0 | P55: 0 | Q55: =$M55*P55 -> 0 | R55: 0 | S55: =$M55*R55 -> 0 | T55: 0 | U55: =$M55*T55 -> 0 | V55: 0 | W55: =$M55*V55 -> 0 | X55: 0 | Y55: =$M55*X55 -> 0 | AA55: =N55+P55+R55+T55+V55+X55 -> 0 | AB55: =O55+Q55+S55+U55+W55+Y55 -> 0 | AC55: =AB55-M55 -> 0
A57: Year 1 Totals | I57: =SUM(I6:I55) -> 0 | M57: =SUM(M6:M55) -> 0 | O57: =SUM(O6:O55) -> 0 | Q57: =SUM(Q6:Q55) -> 0 | S57: =SUM(S6:S55) -> 0 | U57: =SUM(U6:U55) -> 0 | W57: =SUM(W6:W55) -> 0 | Y57: =SUM(Y6:Y55) -> 0 | AB57: =O57+Q57+S57+U57+W57+Y57 -> 0 | AC57: =AB57-M57 -> 0
M58: 9
A59: Year 2 Depreciation | N59: Year 2 Allocation Schedule
N61: Center Overhead Yr. 2 | P61: Rate 1 Yr. 2 | R61: Rate 2 Yr. 2 | T61: Rate 3 Yr. 2 | V61: Rate 4 Yr. 2 | X61: Rate 5 Yr. 2 | AA61: Percent Check | AB61: Dollar Check | AC61: Difference between allocated dollar and total dollar
A62: =IF('General Information'!B10=0, "Please Enter End Date On General Information Sheet", "Year 2: "&TEXT('General Information'!B11,"mm/dd/yy")&" to "&TEXT('General Information'!B12, "mm/dd/yy")) -> Please Enter End Date On General Information Sheet | N62: =IF(Usage!$B$8=0, "", Usage!$B$8) -> Center Overhead | P62: =IF(Usage!$B$9=0, "", Usage!$B$9) | R62: =IF(Usage!$B$10=0, "", Usage!$B$10) | T62: =IF(Usage!$B$11=0, "", Usage!$B$11) | V62: =IF(Usage!$B$12=0, "", Usage!$B$12) | X62: =IF(Usage!$B$13=0, "", Usage!$B$13) | AA62: (should add up to 100%)
A63: Desc./Type of Equipment | B63: UW Tag No. | C63: Cost Center | D63: Status | E63: Title | F63: Date Received (Acquisition Date (UW)) | G63: Depr. Start Date | H63: Depr. End Date | I63: Acquisition Cost | J63: Amount Not Recoverable | K63: Total Recoverable Acquisition Cost | L63: Useful Life (years) | M63: Depr. In Proposal | N63: % | O63: Amount | P63: % | Q63: Amount | R63: % | S63: Amount | T63: % | U63: Amount | V63: % | W63: Amount | X63: % | Y63: Amount
A64: =IF(A6=0, "", A6) | B64: =IF(B6=0, "", B6) | C64: =IF(C6=0, "", C6) | D64: =IF(D6=0, "", D6) | E64: =IF(E6=0, "", E6) | F64: =IF(F6=0, "", F6) | G64: =IF(G6=0, "",G6) | H64: =IF(H6=0, "",H6) | I64: =I6 -> 0 | J64: =J6 -> 0 | K64: =I64-J64 -> 0 | L64: =L6 -> 0 | M64: =IF(L64<>0,K64/L64,0) -> 0 | N64: =N6 -> 0 | O64: =$M64*N64 -> 0 | P64: =P6 -> 0 | Q64: =$M64*P64 -> 0 | R64: =R6 -> 0 | S64: =$M64*R64 -> 0 | T64: =T6 -> 0 | U64: =$M64*T64 -> 0 | V64: =V6 -> 0 | W64: =$M64*V64 -> 0 | X64: =X6 -> 0 | Y64: =$M64*X64 -> 0 | AA64: =N64+P64+R64+T64+V64+X64 -> 0 | AB64: =O64+Q64+S64+U64+W64+Y64 -> 0 | AC64: =AB64-M64 -> 0
A65: =IF(A7=0, "", A7) | B65: =IF(B7=0, "", B7) | C65: =IF(C7=0, "", C7) | D65: =IF(D7=0, "", D7) | E65: =IF(E7=0, "", E7) | F65: =IF(F7=0, "", F7) | G65: =IF(G7=0, "",G7) | H65: =IF(H7=0, "",H7) | I65: =I7 -> 0 | J65: =J7 -> 0 | K65: =I65-J65 -> 0 | L65: =L7 -> 0 | M65: =IF(L65<>0,K65/L65,0) -> 0 | N65: =N7 -> 0 | O65: =$M65*N65 -> 0 | P65: =P7 -> 0 | Q65: =$M65*P65 -> 0 | R65: =R7 -> 0 | S65: =$M65*R65 -> 0 | T65: =T7 -> 0 | U65: =$M65*T65 -> 0 | V65: =V7 -> 0 | W65: =$M65*V65 -> 0 | X65: =X7 -> 0 | Y65: =$M65*X65 -> 0 | AA65: =N65+P65+R65+T65+V65+X65 -> 0 | AB65: =O65+Q65+S65+U65+W65+Y65 -> 0 | AC65: =AB65-M65 -> 0
A66: =IF(A8=0, "", A8) | B66: =IF(B8=0, "", B8) | C66: =IF(C8=0, "", C8) | D66: =IF(D8=0, "", D8) | E66: =IF(E8=0, "", E8) | F66: =IF(F8=0, "", F8) | G66: =IF(G8=0, "",G8) | H66: =IF(H8=0, "",H8) | I66: =I8 -> 0 | J66: =J8 -> 0 | K66: =I66-J66 -> 0 | L66: =L8 -> 0 | M66: =IF(L66<>0,K66/L66,0) -> 0 | N66: =N8 -> 0 | O66: =$M66*N66 -> 0 | P66: =P8 -> 0 | Q66: =$M66*P66 -> 0 | R66: =R8 -> 0 | S66: =$M66*R66 -> 0 | T66: =T8 -> 0 | U66: =$M66*T66 -> 0 | V66: =V8 -> 0 | W66: =$M66*V66 -> 0 | X66: =X8 -> 0 | Y66: =$M66*X66 -> 0 | AA66: =N66+P66+R66+T66+V66+X66 -> 0 | AB66: =O66+Q66+S66+U66+W66+Y66 -> 0 | AC66: =AB66-M66 -> 0
A67: =IF(A9=0, "", A9) | B67: =IF(B9=0, "", B9) | C67: =IF(C9=0, "", C9) | D67: =IF(D9=0, "", D9) | E67: =IF(E9=0, "", E9) | F67: =IF(F9=0, "", F9) | G67: =IF(G9=0, "",G9) | H67: =IF(H9=0, "",H9) | I67: =I9 -> 0 | J67: =J9 -> 0 | K67: =I67-J67 -> 0 | L67: =L9 -> 0 | M67: =IF(L67<>0,K67/L67,0) -> 0 | N67: =N9 -> 0 | O67: =$M67*N67 -> 0 | P67: =P9 -> 0 | Q67: =$M67*P67 -> 0 | R67: =R9 -> 0 | S67: =$M67*R67 -> 0 | T67: =T9 -> 0 | U67: =$M67*T67 -> 0 | V67: =V9 -> 0 | W67: =$M67*V67 -> 0 | X67: =X9 -> 0 | Y67: =$M67*X67 -> 0 | AA67: =N67+P67+R67+T67+V67+X67 -> 0 | AB67: =O67+Q67+S67+U67+W67+Y67 -> 0 | AC67: =AB67-M67 -> 0
A68: =IF(A10=0, "", A10) | B68: =IF(B10=0, "", B10) | C68: =IF(C10=0, "", C10) | D68: =IF(D10=0, "", D10) | E68: =IF(E10=0, "", E10) | F68: =IF(F10=0, "", F10) | G68: =IF(G10=0, "",G10) | H68: =IF(H10=0, "",H10) | I68: =I10 -> 0 | J68: =J10 -> 0 | K68: =I68-J68 -> 0 | L68: =L10 -> 0 | M68: =IF(L68<>0,K68/L68,0) -> 0 | N68: =N10 -> 0 | O68: =$M68*N68 -> 0 | P68: =P10 -> 0 | Q68: =$M68*P68 -> 0 | R68: =R10 -> 0 | S68: =$M68*R68 -> 0 | T68: =T10 -> 0 | U68: =$M68*T68 -> 0 | V68: =V10 -> 0 | W68: =$M68*V68 -> 0 | X68: =X10 -> 0 | Y68: =$M68*X68 -> 0 | AA68: =N68+P68+R68+T68+V68+X68 -> 0 | AB68: =O68+Q68+S68+U68+W68+Y68 -> 0 | AC68: =AB68-M68 -> 0
A69: =IF(A11=0, "", A11) | B69: =IF(B11=0, "", B11) | C69: =IF(C11=0, "", C11) | D69: =IF(D11=0, "", D11) | E69: =IF(E11=0, "", E11) | F69: =IF(F11=0, "", F11) | G69: =IF(G11=0, "",G11) | H69: =IF(H11=0, "",H11) | I69: =I11 -> 0 | J69: =J11 -> 0 | K69: =I69-J69 -> 0 | L69: =L11 -> 0 | M69: =IF(L69<>0,K69/L69,0) -> 0 | N69: =N11 -> 0 | O69: =$M69*N69 -> 0 | P69: =P11 -> 0 | Q69: =$M69*P69 -> 0 | R69: =R11 -> 0 | S69: =$M69*R69 -> 0 | T69: =T11 -> 0 | U69: =$M69*T69 -> 0 | V69: =V11 -> 0 | W69: =$M69*V69 -> 0 | X69: =X11 -> 0 | Y69: =$M69*X69 -> 0 | AA69: =N69+P69+R69+T69+V69+X69 -> 0 | AB69: =O69+Q69+S69+U69+W69+Y69 -> 0 | AC69: =AB69-M69 -> 0
A70: =IF(A12=0, "", A12) | B70: =IF(B12=0, "", B12) | C70: =IF(C12=0, "", C12) | D70: =IF(D12=0, "", D12) | E70: =IF(E12=0, "", E12) | F70: =IF(F12=0, "", F12) | G70: =IF(G12=0, "",G12) | H70: =IF(H12=0, "",H12) | I70: =I12 -> 0 | J70: =J12 -> 0 | K70: =I70-J70 -> 0 | L70: =L12 -> 0 | M70: =IF(L70<>0,K70/L70,0) -> 0 | N70: =N12 -> 0 | O70: =$M70*N70 -> 0 | P70: =P12 -> 0 | Q70: =$M70*P70 -> 0 | R70: =R12 -> 0 | S70: =$M70*R70 -> 0 | T70: =T12 -> 0 | U70: =$M70*T70 -> 0 | V70: =V12 -> 0 | W70: =$M70*V70 -> 0 | X70: =X12 -> 0 | Y70: =$M70*X70 -> 0 | AA70: =N70+P70+R70+T70+V70+X70 -> 0 | AB70: =O70+Q70+S70+U70+W70+Y70 -> 0 | AC70: =AB70-M70 -> 0
A71: =IF(A13=0, "", A13) | B71: =IF(B13=0, "", B13) | C71: =IF(C13=0, "", C13) | D71: =IF(D13=0, "", D13) | E71: =IF(E13=0, "", E13) | F71: =IF(F13=0, "", F13) | G71: =IF(G13=0, "",G13) | H71: =IF(H13=0, "",H13) | I71: =I13 -> 0 | J71: =J13 -> 0 | K71: =I71-J71 -> 0 | L71: =L13 -> 0 | M71: =IF(L71<>0,K71/L71,0) -> 0 | N71: =N13 -> 0 | O71: =$M71*N71 -> 0 | P71: =P13 -> 0 | Q71: =$M71*P71 -> 0 | R71: =R13 -> 0 | S71: =$M71*R71 -> 0 | T71: =T13 -> 0 | U71: =$M71*T71 -> 0 | V71: =V13 -> 0 | W71: =$M71*V71 -> 0 | X71: =X13 -> 0 | Y71: =$M71*X71 -> 0 | AA71: =N71+P71+R71+T71+V71+X71 -> 0 | AB71: =O71+Q71+S71+U71+W71+Y71 -> 0 | AC71: =AB71-M71 -> 0
A72: =IF(A14=0, "", A14) | B72: =IF(B14=0, "", B14) | C72: =IF(C14=0, "", C14) | D72: =IF(D14=0, "", D14) | E72: =IF(E14=0, "", E14) | F72: =IF(F14=0, "", F14) | G72: =IF(G14=0, "",G14) | H72: =IF(H14=0, "",H14) | I72: =I14 -> 0 | J72: =J14 -> 0 | K72: =I72-J72 -> 0 | L72: =L14 -> 0 | M72: =IF(L72<>0,K72/L72,0) -> 0 | N72: =N14 -> 0 | O72: =$M72*N72 -> 0 | P72: =P14 -> 0 | Q72: =$M72*P72 -> 0 | R72: =R14 -> 0 | S72: =$M72*R72 -> 0 | T72: =T14 -> 0 | U72: =$M72*T72 -> 0 | V72: =V14 -> 0 | W72: =$M72*V72 -> 0 | X72: =X14 -> 0 | Y72: =$M72*X72 -> 0 | AA72: =N72+P72+R72+T72+V72+X72 -> 0 | AB72: =O72+Q72+S72+U72+W72+Y72 -> 0 | AC72: =AB72-M72 -> 0
A73: =IF(A15=0, "", A15) | B73: =IF(B15=0, "", B15) | C73: =IF(C15=0, "", C15) | D73: =IF(D15=0, "", D15) | E73: =IF(E15=0, "", E15) | F73: =IF(F15=0, "", F15) | G73: =IF(G15=0, "",G15) | H73: =IF(H15=0, "",H15) | I73: =I15 -> 0 | J73: =J15 -> 0 | K73: =I73-J73 -> 0 | L73: =L15 -> 0 | M73: =IF(L73<>0,K73/L73,0) -> 0 | N73: =N15 -> 0 | O73: =$M73*N73 -> 0 | P73: =P15 -> 0 | Q73: =$M73*P73 -> 0 | R73: =R15 -> 0 | S73: =$M73*R73 -> 0 | T73: =T15 -> 0 | U73: =$M73*T73 -> 0 | V73: =V15 -> 0 | W73: =$M73*V73 -> 0 | X73: =X15 -> 0 | Y73: =$M73*X73 -> 0 | AA73: =N73+P73+R73+T73+V73+X73 -> 0 | AB73: =O73+Q73+S73+U73+W73+Y73 -> 0 | AC73: =AB73-M73 -> 0
A74: =IF(A16=0, "", A16) | B74: =IF(B16=0, "", B16) | C74: =IF(C16=0, "", C16) | D74: =IF(D16=0, "", D16) | E74: =IF(E16=0, "", E16) | F74: =IF(F16=0, "", F16) | G74: =IF(G16=0, "",G16) | H74: =IF(H16=0, "",H16) | I74: =I16 -> 0 | J74: =J16 -> 0 | K74: =I74-J74 -> 0 | L74: =L16 -> 0 | M74: =IF(L74<>0,K74/L74,0) -> 0 | N74: =N16 -> 0 | O74: =$M74*N74 -> 0 | P74: =P16 -> 0 | Q74: =$M74*P74 -> 0 | R74: =R16 -> 0 | S74: =$M74*R74 -> 0 | T74: =T16 -> 0 | U74: =$M74*T74 -> 0 | V74: =V16 -> 0 | W74: =$M74*V74 -> 0 | X74: =X16 -> 0 | Y74: =$M74*X74 -> 0 | AA74: =N74+P74+R74+T74+V74+X74 -> 0 | AB74: =O74+Q74+S74+U74+W74+Y74 -> 0 | AC74: =AB74-M74 -> 0
A75: =IF(A17=0, "", A17) | B75: =IF(B17=0, "", B17) | C75: =IF(C17=0, "", C17) | D75: =IF(D17=0, "", D17) | E75: =IF(E17=0, "", E17) | F75: =IF(F17=0, "", F17) | G75: =IF(G17=0, "",G17) | H75: =IF(H17=0, "",H17) | I75: =I17 -> 0 | J75: =J17 -> 0 | K75: =I75-J75 -> 0 | L75: =L17 -> 0 | M75: =IF(L75<>0,K75/L75,0) -> 0 | N75: =N17 -> 0 | O75: =$M75*N75 -> 0 | P75: =P17 -> 0 | Q75: =$M75*P75 -> 0 | R75: =R17 -> 0 | S75: =$M75*R75 -> 0 | T75: =T17 -> 0 | U75: =$M75*T75 -> 0 | V75: =V17 -> 0 | W75: =$M75*V75 -> 0 | X75: =X17 -> 0 | Y75: =$M75*X75 -> 0 | AA75: =N75+P75+R75+T75+V75+X75 -> 0 | AB75: =O75+Q75+S75+U75+W75+Y75 -> 0 | AC75: =AB75-M75 -> 0
... A113: =IF(A55=0, "", A55) | B113: =IF(B55=0, "", B55) | C113: =IF(C55=0, "", C55) | D113: =IF(D55=0, "", D55) | E113: =IF(E55=0, "", E55) | F113: =IF(F55=0, "", F55) | G113: =IF(G55=0, "",G55) | H113: =IF(H55=0, "",H55) | I113: =I55 -> 0 | J113: =J55 -> 0 | K113: =I113-J113 -> 0 | L113: =L55 -> 0 | M113: =IF(L113<>0,K113/L113,0) -> 0 | N113: =N55 -> 0 | O113: =$M113*N113 -> 0 | P113: =P55 -> 0 | Q113: =$M113*P113 -> 0 | R113: =R55 -> 0 | S113: =$M113*R113 -> 0 | T113: =T55 -> 0 | U113: =$M113*T113 -> 0 | V113: =V55 -> 0 | W113: =$M113*V113 -> 0 | X113: =X55 -> 0 | Y113: =$M113*X113 -> 0 | AA113: =N113+P113+R113+T113+V113+X113 -> 0 | AB113: =O113+Q113+S113+U113+W113+Y113 -> 0 | AC113: =AB113-M113 -> 0
A115: Year 2 Totals | I115: =SUM(I64:I113) -> 0 | M115: =SUM(M64:M113) -> 0 | O115: =SUM(O64:O113) -> 0 | Q115: =SUM(Q64:Q113) -> 0 | S115: =SUM(S64:S113) -> 0 | U115: =SUM(U64:U113) -> 0 | W115: =SUM(W64:W113) -> 0 | Y115: =SUM(Y64:Y113) -> 0 | AB115: =O115+Q115+S115+U115+W115+Y115 -> 0 | AC115: =AB115-M115 -> 0
A118: Notes:

Sheet Other Costs
A1: Year 1 Other Non-Salary & Non-Equipment Costs
A2: Purpose: To detail non-salary and non-equipment costs in rates.
A8: =IF('General Information'!B9=0, "Please Enter Start Date On General Information Sheet", "Year 1: "&TEXT('General Information'!B9,"mm/dd/yy")&" to "&TEXT('General Information'!B10, "mm/dd/yy")) -> Please Enter Start Date On General Information Sheet
A9: 62440: Maintenance Contracts | E9: Center Overhead Yr. 1 | G9: Rate 1 Yr. 1 | I9: Rate 2 Yr. 1 | K9: Rate 3 Yr. 1 | M9: Rate 4 Yr. 1 | O9: Rate 5 Yr. 1 | R9: Percent Check | S9: Dollar check | T9: Difference between total allocated dollar and total dollar
E10: =IF(Usage!$B$8=0, "", Usage!$B$8) -> Center Overhead | G10: =IF(Usage!$B$9=0, "", Usage!$B$9) | I10: =IF(Usage!$B$10=0, "", Usage!$B$10) | K10: =IF(Usage!$B$11=0, "", Usage!$B$11) | M10: =IF(Usage!$B$12=0, "", Usage!$B$12) | O10: =IF(Usage!$B$13=0, "", Usage!$B$13) | R10: (should add up to 100%)
A11: Spend Category | B11: Source Document | C11: Description | D11: Annual Amt | E11: % | F11: Amount | G11: % | H11: Amount | I11: % | J11: Amount | K11: % | L11: Amount | M11: % | N11: Amount | O11: % | P11: Amount
B12: This field is used if they provide an estimate not based on prior year actuals. Would still be used (external analysis)
F13: =E13*$D13 -> 0 | H13: =G13*$D13 -> 0 | J13: =I13*$D13 -> 0 | L13: =K13*$D13 -> 0 | N13: =M13*$D13 -> 0 | P13: =O13*$D13 -> 0 | R13: =E13+G13+I13+K13+M13+O13 -> 0 | S13: =F13+H13+J13+L13+N13+P13 -> 0 | T13: =S13-D13 -> 0
F14: =E14*$D14 -> 0 | H14: =G14*$D14 -> 0 | J14: =I14*$D14 -> 0 | L14: =K14*$D14 -> 0 | N14: =M14*$D14 -> 0 | P14: =O14*$D14 -> 0 | R14: =E14+G14+I14+K14+M14+O14 -> 0 | S14: =F14+H14+J14+L14+N14+P14 -> 0 | T14: =S14-D14 -> 0
F15: =E15*$D15 -> 0 | H15: =G15*$D15 -> 0 | J15: =I15*$D15 -> 0 | L15: =K15*$D15 -> 0 | N15: =M15*$D15 -> 0 | P15: =O15*$D15 -> 0 | R15: =E15+G15+I15+K15+M15+O15 -> 0 | S15: =F15+H15+J15+L15+N15+P15 -> 0 | T15: =S15-D15 -> 0
F16: =E16*$D16 -> 0 | H16: =G16*$D16 -> 0 | J16: =I16*$D16 -> 0 | L16: =K16*$D16 -> 0 | N16: =M16*$D16 -> 0 | P16: =O16*$D16 -> 0 | R16: =E16+G16+I16+K16+M16+O16 -> 0 | S16: =F16+H16+J16+L16+N16+P16 -> 0 | T16: =S16-D16 -> 0
F17: =E17*$D17 -> 0 | H17: =G17*$D17 -> 0 | J17: =I17*$D17 -> 0 | L17: =K17*$D17 -> 0 | N17: =M17*$D17 -> 0 | P17: =O17*$D17 -> 0 | R17: =E17+G17+I17+K17+M17+O17 -> 0 | S17: =F17+H17+J17+L17+N17+P17 -> 0 | T17: =S17-D17 -> 0
F18: =E18*$D18 -> 0 | H18: =G18*$D18 -> 0 | J18: =I18*$D18 -> 0 | L18: =K18*$D18 -> 0 | N18: =M18*$D18 -> 0 | P18: =O18*$D18 -> 0 | R18: =E18+G18+I18+K18+M18+O18 -> 0 | S18: =F18+H18+J18+L18+N18+P18 -> 0 | T18: =S18-D18 -> 0
F19: =E19*$D19 -> 0 | H19: =G19*$D19 -> 0 | J19: =I19*$D19 -> 0 | L19: =K19*$D19 -> 0 | N19: =M19*$D19 -> 0 | P19: =O19*$D19 -> 0 | R19: =E19+G19+I19+K19+M19+O19 -> 0 | S19: =F19+H19+J19+L19+N19+P19 -> 0 | T19: =S19-D19 -> 0
F20: =E20*$D20 -> 0 | H20: =G20*$D20 -> 0 | J20: =I20*$D20 -> 0 | L20: =K20*$D20 -> 0 | N20: =M20*$D20 -> 0 | P20: =O20*$D20 -> 0 | R20: =E20+G20+I20+K20+M20+O20 -> 0 | S20: =F20+H20+J20+L20+N20+P20 -> 0 | T20: =S20-D20 -> 0
F21: =E21*$D21 -> 0 | H21: =G21*$D21 -> 0 | J21: =I21*$D21 -> 0 | L21: =K21*$D21 -> 0 | N21: =M21*$D21 -> 0 | P21: =O21*$D21 -> 0 | R21: =E21+G21+I21+K21+M21+O21 -> 0 | S21: =F21+H21+J21+L21+N21+P21 -> 0 | T21: =S21-D21 -> 0
F22: =E22*$D22 -> 0 | H22: =G22*$D22 -> 0 | J22: =I22*$D22 -> 0 | L22: =K22*$D22 -> 0 | N22: =M22*$D22 -> 0 | P22: =O22*$D22 -> 0 | R22: =E22+G22+I22+K22+M22+O22 -> 0 | S22: =F22+H22+J22+L22+N22+P22 -> 0 | T22: =S22-D22 -> 0
F23: =E23*$D23 -> 0 | H23: =G23*$D23 -> 0 | J23: =I23*$D23 -> 0 | L23: =K23*$D23 -> 0 | N23: =M23*$D23 -> 0 | P23: =O23*$D23 -> 0 | R23: =E23+G23+I23+K23+M23+O23 -> 0 | S23: =F23+H23+J23+L23+N23+P23 -> 0 | T23: =S23-D23 -> 0
F24: =E24*$D24 -> 0 | H24: =G24*$D24 -> 0 | J24: =I24*$D24 -> 0 | L24: =K24*$D24 -> 0 | N24: =M24*$D24 -> 0 | P24: =O24*$D24 -> 0 | R24: =E24+G24+I24+K24+M24+O24 -> 0 | S24: =F24+H24+J24+L24+N24+P24 -> 0 | T24: =S24-D24 -> 0
... F29: =E29*$D29 -> 0 | H29: =G29*$D29 -> 0 | J29: =I29*$D29 -> 0 | L29: =K29*$D29 -> 0 | N29: =M29*$D29 -> 0 | P29: =O29*$D29 -> 0 | R29: =E29+G29+I29+K29+M29+O29 -> 0 | S29: =F29+H29+J29+L29+N29+P29 -> 0 | T29: =S29-D29 -> 0
E30: 0 | F30: =E30*$D30 -> 0 | G30: 0 | H30: =G30*$D30 -> 0 | I30: 0 | J30: =I30*$D30 -> 0 | K30: 0 | L30: =K30*$D30 -> 0 | M30: 0 | N30: =M30*$D30 -> 0 | O30: 0 | P30: =O30*$D30 -> 0 | R30: =E30+G30+I30+K30+M30+O30 -> 0 | S30: =F30+H30+J30+L30+N30+P30 -> 0 | T30: =S30-D30 -> 0
E31: 0 | F31: =E31*$D31 -> 0 | G31: 0 | H31: =G31*$D31 -> 0 | I31: 0 | J31: =I31*$D31 -> 0 | K31: 0 | L31: =K31*$D31 -> 0 | M31: 0 | N31: =M31*$D31 -> 0 | O31: 0 | P31: =O31*$D31 -> 0 | R31: =E31+G31+I31+K31+M31+O31 -> 0 | S31: =F31+H31+J31+L31+N31+P31 -> 0 | T31: =S31-D31 -> 0
E32: 0 | F32: =E32*$D32 -> 0 | G32: 0 | H32: =G32*$D32 -> 0 | I32: 0 | J32: =I32*$D32 -> 0 | K32: 0 | L32: =K32*$D32 -> 0 | M32: 0 | N32: =M32*$D32 -> 0 | O32: 0 | P32: =O32*$D32 -> 0 | R32: =E32+G32+I32+K32+M32+O32 -> 0 | S32: =F32+H32+J32+L32+N32+P32 -> 0 | T32: =S32-D32 -> 0
E33: 0 | F33: =E33*$D33 -> 0 | G33: 0 | H33: =G33*$D33 -> 0 | I33: 0 | J33: =I33*$D33 -> 0 | K33: 0 | L33: =K33*$D33 -> 0 | M33: 0 | N33: =M33*$D33 -> 0 | O33: 0 | P33: =O33*$D33 -> 0 | R33: =E33+G33+I33+K33+M33+O33 -> 0 | S33: =F33+H33+J33+L33+N33+P33 -> 0 | T33: =S33-D33 -> 0
E34: 0 | F34: =E34*$D34 -> 0 | G34: 0 | H34: =G34*$D34 -> 0 | I34: 0 | J34: =I34*$D34 -> 0 | K34: 0 | L34: =K34*$D34 -> 0 | M34: 0 | N34: =M34*$D34 -> 0 | O34: 0 | P34: =O34*$D34 -> 0 | R34: =E34+G34+I34+K34+M34+O34 -> 0 | S34: =F34+H34+J34+L34+N34+P34 -> 0 | T34: =S34-D34 -> 0
E35: 0 | F35: =E35*$D35 -> 0 | G35: 0 | H35: =G35*$D35 -> 0 | I35: 0 | J35: =I35*$D35 -> 0 | K35: 0 | L35: =K35*$D35 -> 0 | M35: 0 | N35: =M35*$D35 -> 0 | O35: 0 | P35: =O35*$D35 -> 0 | R35: =E35+G35+I35+K35+M35+O35 -> 0 | S35: =F35+H35+J35+L35+N35+P35 -> 0 | T35: =S35-D35 -> 0
E36: 0 | F36: =E36*$D36 -> 0 | G36: 0 | H36: =G36*$D36 -> 0 | I36: 0 | J36: =I36*$D36 -> 0 | K36: 0 | L36: =K36*$D36 -> 0 | M36: 0 | N36: =M36*$D36 -> 0 | O36: 0 | P36: =O36*$D36 -> 0 | R36: =E36+G36+I36+K36+M36+O36 -> 0 | S36: =F36+H36+J36+L36+N36+P36 -> 0 | T36: =S36-D36 -> 0
E37: 0 | F37: =E37*$D37 -> 0 | G37: 0 | H37: =G37*$D37 -> 0 | I37: 0 | J37: =I37*$D37 -> 0 | K37: 0 | L37: =K37*$D37 -> 0 | M37: 0 | N37: =M37*$D37 -> 0 | O37: 0 | P37: =O37*$D37 -> 0 | R37: =E37+G37+I37+K37+M37+O37 -> 0 | S37: =F37+H37+J37+L37+N37+P37 -> 0 | T37: =S37-D37 -> 0
E38: 0 | F38: =E38*$D38 -> 0 | G38: 0 | H38: =G38*$D38 -> 0 | I38: 0 | J38: =I38*$D38 -> 0 | K38: 0 | L38: =K38*$D38 -> 0 | M38: 0 | N38: =M38*$D38 -> 0 | O38: 0 | P38: =O38*$D38 -> 0 | R38: =E38+G38+I38+K38+M38+O38 -> 0 | S38: =F38+H38+J38+L38+N38+P38 -> 0 | T38: =S38-D38 -> 0
A40: 62440: Maintenance Contracts YR. 1 | D40: =SUM(D12:D38) -> 0 | F40: =SUM(F12:F38) -> 0 | H40: =SUM(H12:H38) -> 0 | J40: =SUM(J12:J38) -> 0 | L40: =SUM(L12:L38) -> 0 | N40: =SUM(N12:N38) -> 0 | P40: =SUM(P12:P38) -> 0 | S40: =F40+H40+J40+L40+N40+P40 -> 0 | T40: =S40-D40 -> 0
A41: Note: tuition waiver ( if applicable) could be include in 62440 section
A43: 62690: Other Purchased and Contract Services | E43: Center Overhead Yr. 1 | G43: Rate 1 Yr. 1 | I43: Rate 2 Yr. 1 | K43: Rate 3 Yr. 1 | M43: Rate 4 Yr. 1 | O43: Rate 5 Yr. 1 | R43: Percent Check | S43: Dollar check | T43: Difference between total allocated dollar and total dollar
E44: =IF(Usage!$B$8=0, "", Usage!$B$8) -> Center Overhead | G44: =IF(Usage!$B$9=0, "", Usage!$B$9) | I44: =IF(Usage!$B$10=0, "", Usage!$B$10) | K44: =IF(Usage!$B$11=0, "", Usage!$B$11) | M44: =IF(Usage!$B$12=0, "", Usage!$B$12) | O44: =IF(Usage!$B$13=0, "", Usage!$B$13) | R44: (should add up to 100%)
A45: Spend Category | B45: Source Document | C45: Description | D45: Annual Amt | E45: % | F45: Amount | G45: % | H45: Amount | I45: % | J45: Amount | K45: % | L45: Amount | M45: % | N45: Amount | O45: % | P45: Amount
B46: This field is used if they provide an estimate not based on prior year actuals. Would still be used (external analysis)
F47: =E47*$D47 -> 0 | H47: =G47*$D47 -> 0 | J47: =I47*$D47 -> 0 | L47: =K47*$D47 -> 0 | N47: =M47*$D47 -> 0 | P47: =O47*$D47 -> 0 | R47: =E47+G47+I47+K47+M47+O47 -> 0 | S47: =F47+H47+J47+L47+N47+P47 -> 0 | T47: =S47-D47 -> 0
F48: =E48*$D48 -> 0 | H48: =G48*$D48 -> 0 | J48: =I48*$D48 -> 0 | L48: =K48*$D48 -> 0 | N48: =M48*$D48 -> 0 | P48: =O48*$D48 -> 0 | R48: =E48+G48+I48+K48+M48+O48 -> 0 | S48: =F48+H48+J48+L48+N48+P48 -> 0 | T48: =S48-D48 -> 0
F49: =E49*$D49 -> 0 | H49: =G49*$D49 -> 0 | J49: =I49*$D49 -> 0 | L49: =K49*$D49 -> 0 | N49: =M49*$D49 -> 0 | P49: =O49*$D49 -> 0 | R49: =E49+G49+I49+K49+M49+O49 -> 0 | S49: =F49+H49+J49+L49+N49+P49 -> 0 | T49: =S49-D49 -> 0
F50: =E50*$D50 -> 0 | H50: =G50*$D50 -> 0 | J50: =I50*$D50 -> 0 | L50: =K50*$D50 -> 0 | N50: =M50*$D50 -> 0 | P50: =O50*$D50 -> 0 | R50: =E50+G50+I50+K50+M50+O50 -> 0 | S50: =F50+H50+J50+L50+N50+P50 -> 0 | T50: =S50-D50 -> 0
F51: =E51*$D51 -> 0 | H51: =G51*$D51 -> 0 | J51: =I51*$D51 -> 0 | L51: =K51*$D51 -> 0 | N51: =M51*$D51 -> 0 | P51: =O51*$D51 -> 0 | R51: =E51+G51+I51+K51+M51+O51 -> 0 | S51: =F51+H51+J51+L51+N51+P51 -> 0 | T51: =S51-D51 -> 0
F52: =E52*$D52 -> 0 | H52: =G52*$D52 -> 0 | J52: =I52*$D52 -> 0 | L52: =K52*$D52 -> 0 | N52: =M52*$D52 -> 0 | P52: =O52*$D52 -> 0 | R52: =E52+G52+I52+K52+M52+O52 -> 0 | S52: =F52+H52+J52+L52+N52+P52 -> 0 | T52: =S52-D52 -> 0
F53: =E53*$D53 -> 0 | H53: =G53*$D53 -> 0 | J53: =I53*$D53 -> 0 | L53: =K53*$D53 -> 0 | N53: =M53*$D53 -> 0 | P53: =O53*$D53 -> 0 | R53: =E53+G53+I53+K53+M53+O53 -> 0 | S53: =F53+H53+J53+L53+N53+P53 -> 0 | T53: =S53-D53 -> 0
F54: =E54*$D54 -> 0 | H54: =G54*$D54 -> 0 | J54: =I54*$D54 -> 0 | L54: =K54*$D54 -> 0 | N54: =M54*$D54 -> 0 | P54: =O54*$D54 -> 0 | R54: =E54+G54+I54+K54+M54+O54 -> 0 | S54: =F54+H54+J54+L54+N54+P54 -> 0 | T54: =S54-D54 -> 0
F55: =E55*$D55 -> 0 | H55: =G55*$D55 -> 0 | J55: =I55*$D55 -> 0 | L55: =K55*$D55 -> 0 | N55: =M55*$D55 -> 0 | P55: =O55*$D55 -> 0 | R55: =E55+G55+I55+K55+M55+O55 -> 0 | S55: =F55+H55+J55+L55+N55+P55 -> 0 | T55: =S55-D55 -> 0
F56: =E56*$D56 -> 0 | H56: =G56*$D56 -> 0 | J56: =I56*$D56 -> 0 | L56: =K56*$D56 -> 0 | N56: =M56*$D56 -> 0 | P56: =O56*$D56 -> 0 | R56: =E56+G56+I56+K56+M56+O56 -> 0 | S56: =F56+H56+J56+L56+N56+P56 -> 0 | T56: =S56-D56 -> 0
F57: =E57*$D57 -> 0 | H57: =G57*$D57 -> 0 | J57: =I57*$D57 -> 0 | L57: =K57*$D57 -> 0 | N57: =M57*$D57 -> 0 | P57: =O57*$D57 -> 0 | R57: =E57+G57+I57+K57+M57+O57 -> 0 | S57: =F57+H57+J57+L57+N57+P57 -> 0 | T57: =S57-D57 -> 0
F58: =E58*$D58 -> 0 | H58: =G58*$D58 -> 0 | J58: =I58*$D58 -> 0 | L58: =K58*$D58 -> 0 | N58: =M58*$D58 -> 0 | P58: =O58*$D58 -> 0 | R58: =E58+G58+I58+K58+M58+O58 -> 0 | S58: =F58+H58+J58+L58+N58+P58 -> 0 | T58: =S58-D58 -> 0
... F68: =E68*$D68 -> 0 | H68: =G68*$D68 -> 0 | J68: =I68*$D68 -> 0 | L68: =K68*$D68 -> 0 | N68: =M68*$D68 -> 0 | P68: =O68*$D68 -> 0 | R68: =E68+G68+I68+K68+M68+O68 -> 0 | S68: =F68+H68+J68+L68+N68+P68 -> 0 | T68: =S68-D68 -> 0
A70: 62690: Other Purchased and Contract Services YR. 1 | D70: =SUM(D46:D68) -> 0 | F70: =SUM(F46:F68) -> 0 | H70: =SUM(H46:H68) -> 0 | J70: =SUM(J46:J68) -> 0 | L70: =SUM(L46:L68) -> 0 | N70: =SUM(N46:N68) -> 0 | P70: =SUM(P46:P68) -> 0 | S70: =F70+H70+J70+L70+N70+P70 -> 0 | T70: =S70-D70 -> 0
A73: 62400: Travel | E73: Center Overhead Yr. 1 | G73: Rate 1 Yr. 1 | I73: Rate 2 Yr. 1 | K73: Rate 3 Yr. 1 | M73: Rate 4 Yr. 1 | O73: Rate 5 Yr. 1 | R73: Percent Check | S73: Dollar check | T73: Difference between total allocated dollar and total dollar
E74: =IF(Usage!$B$8=0, "", Usage!$B$8) -> Center Overhead | G74: =IF(Usage!$B$9=0, "", Usage!$B$9) | I74: =IF(Usage!$B$10=0, "", Usage!$B$10) | K74: =IF(Usage!$B$11=0, "", Usage!$B$11) | M74: =IF(Usage!$B$12=0, "", Usage!$B$12) | O74: =IF(Usage!$B$13=0, "", Usage!$B$13) | R74: (should add up to 100%)
A75: Spend Category | B75: Source Document | C75: Description | D75: Annual Amt | E75: % | F75: Amount | G75: % | H75: Amount | I75: % | J75: Amount | K75: % | L75: Amount | M75: % | N75: Amount | O75: % | P75: Amount
B76: This field is used if they provide an estimate not based on prior year actuals. Would still be used (external analysis)
F77: =E77*$D77 -> 0 | H77: =G77*$D77 -> 0 | J77: =I77*$D77 -> 0 | L77: =K77*$D77 -> 0 | N77: =M77*$D77 -> 0 | P77: =O77*$D77 -> 0 | R77: =E77+G77+I77+K77+M77+O77 -> 0 | S77: =F77+H77+J77+L77+N77+P77 -> 0 | T77: =S77-D77 -> 0
F78: =E78*$D78 -> 0 | H78: =G78*$D78 -> 0 | J78: =I78*$D78 -> 0 | L78: =K78*$D78 -> 0 | N78: =M78*$D78 -> 0 | P78: =O78*$D78 -> 0 | R78: =E78+G78+I78+K78+M78+O78 -> 0 | S78: =F78+H78+J78+L78+N78+P78 -> 0 | T78: =S78-D78 -> 0
F79: =E79*$D79 -> 0 | H79: =G79*$D79 -> 0 | J79: =I79*$D79 -> 0 | L79: =K79*$D79 -> 0 | N79: =M79*$D79 -> 0 | P79: =O79*$D79 -> 0 | R79: =E79+G79+I79+K79+M79+O79 -> 0 | S79: =F79+H79+J79+L79+N79+P79 -> 0 | T79: =S79-D79 -> 0
F80: =E80*$D80 -> 0 | H80: =G80*$D80 -> 0 | J80: =I80*$D80 -> 0 | L80: =K80*$D80 -> 0 | N80: =M80*$D80 -> 0 | P80: =O80*$D80 -> 0 | R80: =E80+G80+I80+K80+M80+O80 -> 0 | S80: =F80+H80+J80+L80+N80+P80 -> 0 | T80: =S80-D80 -> 0
F81: =E81*$D81 -> 0 | H81: =G81*$D81 -> 0 | J81: =I81*$D81 -> 0 | L81: =K81*$D81 -> 0 | N81: =M81*$D81 -> 0 | P81: =O81*$D81 -> 0 | R81: =E81+G81+I81+K81+M81+O81 -> 0 | S81: =F81+H81+J81+L81+N81+P81 -> 0 | T81: =S81-D81 -> 0
F82: =E82*$D82 -> 0 | H82: =G82*$D82 -> 0 | J82: =I82*$D82 -> 0 | L82: =K82*$D82 -> 0 | N82: =M82*$D82 -> 0 | P82: =O82*$D82 -> 0 | R82: =E82+G82+I82+K82+M82+O82 -> 0 | S82: =F82+H82+J82+L82+N82+P82 -> 0 | T82: =S82-D82 -> 0
F83: =E83*$D83 -> 0 | H83: =G83*$D83 -> 0 | J83: =I83*$D83 -> 0 | L83: =K83*$D83 -> 0 | N83: =M83*$D83 -> 0 | P83: =O83*$D83 -> 0 | R83: =E83+G83+I83+K83+M83+O83 -> 0 | S83: =F83+H83+J83+L83+N83+P83 -> 0 | T83: =S83-D83 -> 0
F84: =E84*$D84 -> 0 | H84: =G84*$D84 -> 0 | J84: =I84*$D84 -> 0 | L84: =K84*$D84 -> 0 | N84: =M84*$D84 -> 0 | P84: =O84*$D84 -> 0 | R84: =E84+G84+I84+K84+M84+O84 -> 0 | S84: =F84+H84+J84+L84+N84+P84 -> 0 | T84: =S84-D84 -> 0
F85: =E85*$D85 -> 0 | H85: =G85*$D85 -> 0 | J85: =I85*$D85 -> 0 | L85: =K85*$D85 -> 0 | N85: =M85*$D85 -> 0 | P85: =O85*$D85 -> 0 | R85: =E85+G85+I85+K85+M85+O85 -> 0 | S85: =F85+H85+J85+L85+N85+P85 -> 0 | T85: =S85-D85 -> 0
F86: =E86*$D86 -> 0 | H86: =G86*$D86 -> 0 | J86: =I86*$D86 -> 0 | L86: =K86*$D86 -> 0 | N86: =M86*$D86 -> 0 | P86: =O86*$D86 -> 0 | R86: =E86+G86+I86+K86+M86+O86 -> 0 | S86: =F86+H86+J86+L86+N86+P86 -> 0 | T86: =S86-D86 -> 0
F87: =E87*$D87 -> 0 | H87: =G87*$D87 -> 0 | J87: =I87*$D87 -> 0 | L87: =K87*$D87 -> 0 | N87: =M87*$D87 -> 0 | P87: =O87*$D87 -> 0 | R87: =E87+G87+I87+K87+M87+O87 -> 0 | S87: =F87+H87+J87+L87+N87+P87 -> 0 | T87: =S87-D87 -> 0
F88: =E88*$D88 -> 0 | H88: =G88*$D88 -> 0 | J88: =I88*$D88 -> 0 | L88: =K88*$D88 -> 0 | N88: =M88*$D88 -> 0 | P88: =O88*$D88 -> 0 | R88: =E88+G88+I88+K88+M88+O88 -> 0 | S88: =F88+H88+J88+L88+N88+P88 -> 0 | T88: =S88-D88 -> 0
A90: 62400: Travel YR. 1 | D90: =SUM(D76:D88) -> 0 | F90: =SUM(F76:F88) -> 0 | H90: =SUM(H76:H88) -> 0 | J90: =SUM(J76:J88) -> 0 | L90: =SUM(L76:L88) -> 0 | N90: =SUM(N76:N88) -> 0 | P90: =SUM(P76:P88) -> 0 | S90: =F90+H90+J90+L90+N90+P90 -> 0 | T90: =S90-D90 -> 0
A91: Travel Justification
A93: 60210: Supplies and Materials | E93: Center Overhead Yr. 1 | G93: Rate 1 Yr. 1 | I93: Rate 2 Yr. 1 | K93: Rate 3 Yr. 1 | M93: Rate 4 Yr. 1 | O93: Rate 5 Yr. 1 | R93: Percent Check | S93: Dollar check | T93: Difference between total allocated dollar and total dollar
E94: =IF(Usage!$B$8=0, "", Usage!$B$8) -> Center Overhead | G94: =IF(Usage!$B$9=0, "", Usage!$B$9) | I94: =IF(Usage!$B$10=0, "", Usage!$B$10) | K94: =IF(Usage!$B$11=0, "", Usage!$B$11) | M94: =IF(Usage!$B$12=0, "", Usage!$B$12) | O94: =IF(Usage!$B$13=0, "", Usage!$B$13) | R94: (should add up to 100%)
A95: Spend Category | B95: Source Document | C95: Description | D95: Annual Amt | E95: % | F95: Amount | G95: % | H95: Amount | I95: % | J95: Amount | K95: % | L95: Amount | M95: % | N95: Amount | O95: % | P95: Amount
B96: This field is used if they provide an estimate not based on prior year actuals. Would still be used (external analysis)
F97: =E97*$D97 -> 0 | H97: =G97*$D97 -> 0 | J97: =I97*$D97 -> 0 | L97: =K97*$D97 -> 0 | N97: =M97*$D97 -> 0 | P97: =O97*$D97 -> 0 | R97: =E97+G97+I97+K97+M97+O97 -> 0 | S97: =F97+H97+J97+L97+N97+P97 -> 0 | T97: =S97-D97 -> 0
F98: =E98*$D98 -> 0 | H98: =G98*$D98 -> 0 | J98: =I98*$D98 -> 0 | L98: =K98*$D98 -> 0 | N98: =M98*$D98 -> 0 | P98: =O98*$D98 -> 0 | R98: =E98+G98+I98+K98+M98+O98 -> 0 | S98: =F98+H98+J98+L98+N98+P98 -> 0 | T98: =S98-D98 -> 0
F99: =E99*$D99 -> 0 | H99: =G99*$D99 -> 0 | J99: =I99*$D99 -> 0 | L99: =K99*$D99 -> 0 | N99: =M99*$D99 -> 0 | P99: =O99*$D99 -> 0 | R99: =E99+G99+I99+K99+M99+O99 -> 0 | S99: =F99+H99+J99+L99+N99+P99 -> 0 | T99: =S99-D99 -> 0
F100: =E100*$D100 -> 0 | H100: =G100*$D100 -> 0 | J100: =I100*$D100 -> 0 | L100: =K100*$D100 -> 0 | N100: =M100*$D100 -> 0 | P100: =O100*$D100 -> 0 | R100: =E100+G100+I100+K100+M100+O100 -> 0 | S100: =F100+H100+J100+L100+N100+P100 -> 0 | T100: =S100-D100 -> 0
F101: =E101*$D101 -> 0 | H101: =G101*$D101 -> 0 | J101: =I101*$D101 -> 0 | L101: =K101*$D101 -> 0 | N101: =M101*$D101 -> 0 | P101: =O101*$D101 -> 0 | R101: =E101+G101+I101+K101+M101+O101 -> 0 | S101: =F101+H101+J101+L101+N101+P101 -> 0 | T101: =S101-D101 -> 0
F102: =E102*$D102 -> 0 | H102: =G102*$D102 -> 0 | J102: =I102*$D102 -> 0 | L102: =K102*$D102 -> 0 | N102: =M102*$D102 -> 0 | P102: =O102*$D102 -> 0 | R102: =E102+G102+I102+K102+M102+O102 -> 0 | S102: =F102+H102+J102+L102+N102+P102 -> 0 | T102: =S102-D102 -> 0
F103: =E103*$D103 -> 0 | H103: =G103*$D103 -> 0 | J103: =I103*$D103 -> 0 | L103: =K103*$D103 -> 0 | N103: =M103*$D103 -> 0 | P103: =O103*$D103 -> 0 | R103: =E103+G103+I103+K103+M103+O103 -> 0 | S103: =F103+H103+J103+L103+N103+P103 -> 0 | T103: =S103-D103 -> 0
F104: =E104*$D104 -> 0 | H104: =G104*$D104 -> 0 | J104: =I104*$D104 -> 0 | L104: =K104*$D104 -> 0 | N104: =M104*$D104 -> 0 | P104: =O104*$D104 -> 0 | R104: =E104+G104+I104+K104+M104+O104 -> 0 | S104: =F104+H104+J104+L104+N104+P104 -> 0 | T104: =S104-D104 -> 0
F105: =E105*$D105 -> 0 | H105: =G105*$D105 -> 0 | J105: =I105*$D105 -> 0 | L105: =K105*$D105 -> 0 | N105: =M105*$D105 -> 0 | P105: =O105*$D105 -> 0 | R105: =E105+G105+I105+K105+M105+O105 -> 0 | S105: =F105+H105+J105+L105+N105+P105 -> 0 | T105: =S105-D105 -> 0
F106: =E106*$D106 -> 0 | H106: =G106*$D106 -> 0 | J106: =I106*$D106 -> 0 | L106: =K106*$D106 -> 0 | N106: =M106*$D106 -> 0 | P106: =O106*$D106 -> 0 | R106: =E106+G106+I106+K106+M106+O106 -> 0 | S106: =F106+H106+J106+L106+N106+P106 -> 0 | T106: =S106-D106 -> 0
F107: =E107*$D107 -> 0 | H107: =G107*$D107 -> 0 | J107: =I107*$D107 -> 0 | L107: =K107*$D107 -> 0 | N107: =M107*$D107 -> 0 | P107: =O107*$D107 -> 0 | R107: =E107+G107+I107+K107+M107+O107 -> 0 | S107: =F107+H107+J107+L107+N107+P107 -> 0 | T107: =S107-D107 -> 0
F108: =E108*$D108 -> 0 | H108: =G108*$D108 -> 0 | J108: =I108*$D108 -> 0 | L108: =K108*$D108 -> 0 | N108: =M108*$D108 -> 0 | P108: =O108*$D108 -> 0 | R108: =E108+G108+I108+K108+M108+O108 -> 0 | S108: =F108+H108+J108+L108+N108+P108 -> 0 | T108: =S108-D108 -> 0
... F134: =E134*$D134 -> 0 | H134: =G134*$D134 -> 0 | J134: =I134*$D134 -> 0 | L134: =K134*$D134 -> 0 | N134: =M134*$D134 -> 0 | P134: =O134*$D134 -> 0 | R134: =E134+G134+I134+K134+M134+O134 -> 0 | S134: =F134+H134+J134+L134+N134+P134 -> 0 | T134: =S134-D134 -> 0
A136: 60210: Supplies and Materials YR. 1 | D136: =SUM(D96:D134) -> 0 | F136: =SUM(F96:F134) -> 0 | H136: =SUM(H96:H134) -> 0 | J136: =SUM(J96:J134) -> 0 | L136: =SUM(L96:L134) -> 0 | N136: =SUM(N96:N134) -> 0 | P136: =SUM(P96:P134) -> 0 | S136: =F136+H136+J136+L136+N136+P136 -> 0 | T136: =S136-D136 -> 0
A139: Year 2 Other Non-Salary & Non-Equipment Costs
B140: Purpose: To detail non-salary and non-equipment costs in rates.
A143: =IF('General Information'!B10=0, "Please Enter End Date On General Information Sheet", "Year 2: "&TEXT('General Information'!B11,"mm/dd/yy")&" to "&TEXT('General Information'!B12, "mm/dd/yy")) -> Please Enter End Date On General Information Sheet
A144: 62440: Maintenance Contracts | E144: Center Overhead Yr. 2 | G144: Rate 1 Yr. 2 | I144: Rate 2 Yr. 2 | K144: Rate 3 Yr. 2 | M144: Rate 4 Yr. 2 | O144: Rate 5 Yr. 2 | R144: Percent Check | S144: Dollar check | T144: Difference between total allocated dollar and total dollar
E145: =IF(Usage!$B$8=0, "", Usage!$B$8) -> Center Overhead | G145: =IF(Usage!$B$9=0, "", Usage!$B$9) | I145: =IF(Usage!$B$10=0, "", Usage!$B$10) | K145: =IF(Usage!$B$11=0, "", Usage!$B$11) | M145: =IF(Usage!$B$12=0, "", Usage!$B$12) | O145: =IF(Usage!$B$13=0, "", Usage!$B$13) | R145: (should add up to 100%)
A146: Spend Category | B146: Source Document | C146: Description | D146: Annual Amt | E146: % | F146: Amount | G146: % | H146: Amount | I146: % | J146: Amount | K146: % | L146: Amount | M146: % | N146: Amount | O146: % | P146: Amount
A147: =IF(A12=0,"",A12) | B147: =IF(B12=0,"",B12) -> This field is used if they provide an estimate not based on prior year actuals. Would still be used (external analysis)
A148: =IF(A13=0,"",A13) | F148: =E148*$D148 -> 0 | H148: =G148*$D148 -> 0 | J148: =I148*$D148 -> 0 | L148: =K148*$D148 -> 0 | N148: =M148*$D148 -> 0 | P148: =O148*$D148 -> 0 | R148: =E148+G148+I148+K148+M148+O148 -> 0 | S148: =F148+H148+J148+L148+N148+P148 -> 0 | T148: =S148-D148 -> 0
A149: =IF(A14=0,"",A14) | F149: =E149*$D149 -> 0 | H149: =G149*$D149 -> 0 | J149: =I149*$D149 -> 0 | L149: =K149*$D149 -> 0 | N149: =M149*$D149 -> 0 | P149: =O149*$D149 -> 0 | R149: =E149+G149+I149+K149+M149+O149 -> 0 | S149: =F149+H149+J149+L149+N149+P149 -> 0 | T149: =S149-D149 -> 0
A150: =IF(A15=0,"",A15) | F150: =E150*$D150 -> 0 | H150: =G150*$D150 -> 0 | J150: =I150*$D150 -> 0 | L150: =K150*$D150 -> 0 | N150: =M150*$D150 -> 0 | P150: =O150*$D150 -> 0 | R150: =E150+G150+I150+K150+M150+O150 -> 0 | S150: =F150+H150+J150+L150+N150+P150 -> 0 | T150: =S150-D150 -> 0
A151: =IF(A16=0,"",A16) | F151: =E151*$D151 -> 0 | H151: =G151*$D151 -> 0 | J151: =I151*$D151 -> 0 | L151: =K151*$D151 -> 0 | N151: =M151*$D151 -> 0 | P151: =O151*$D151 -> 0 | R151: =E151+G151+I151+K151+M151+O151 -> 0 | S151: =F151+H151+J151+L151+N151+P151 -> 0 | T151: =S151-D151 -> 0
A152: =IF(A17=0,"",A17) | F152: =E152*$D152 -> 0 | H152: =G152*$D152 -> 0 | J152: =I152*$D152 -> 0 | L152: =K152*$D152 -> 0 | N152: =M152*$D152 -> 0 | P152: =O152*$D152 -> 0 | R152: =E152+G152+I152+K152+M152+O152 -> 0 | S152: =F152+H152+J152+L152+N152+P152 -> 0 | T152: =S152-D152 -> 0
A153: =IF(A18=0,"",A18) | F153: =E153*$D153 -> 0 | H153: =G153*$D153 -> 0 | J153: =I153*$D153 -> 0 | L153: =K153*$D153 -> 0 | N153: =M153*$D153 -> 0 | P153: =O153*$D153 -> 0 | R153: =E153+G153+I153+K153+M153+O153 -> 0 | S153: =F153+H153+J153+L153+N153+P153 -> 0 | T153: =S153-D153 -> 0
A154: =IF(A19=0,"",A19) | F154: =E154*$D154 -> 0 | H154: =G154*$D154 -> 0 | J154: =I154*$D154 -> 0 | L154: =K154*$D154 -> 0 | N154: =M154*$D154 -> 0 | P154: =O154*$D154 -> 0 | R154: =E154+G154+I154+K154+M154+O154 -> 0 | S154: =F154+H154+J154+L154+N154+P154 -> 0 | T154: =S154-D154 -> 0
A155: =IF(A20=0,"",A20) | F155: =E155*$D155 -> 0 | H155: =G155*$D155 -> 0 | J155: =I155*$D155 -> 0 | L155: =K155*$D155 -> 0 | N155: =M155*$D155 -> 0 | P155: =O155*$D155 -> 0 | R155: =E155+G155+I155+K155+M155+O155 -> 0 | S155: =F155+H155+J155+L155+N155+P155 -> 0 | T155: =S155-D155 -> 0
...

Sheet Summary Year 1
A1: =IF('General Information'!B5<>0, 'General Information'!B5, "Enter Center Name on General Information Worksheet") -> Enter Center Name on General Information Worksheet
A2: ="Proposal Date: "&TEXT('General Information'!B9, "mm/dd/yy")& " to " &TEXT('General Information'!B10, "mm/dd/yy") -> Proposal Date: 01/00/00 to 01/00/00
A3: Summary Sheet : Year 1
D4: Rate 1 | E4: Rate 2 | F4: Rate 3 | G4: Rate 4 | H4: Rate 5
D5: Year 1 | E5: Year 1 | F5: Year 1 | G5: Year 1 | H5: Year 1 | J5: Total Allocated Dollar | K5: Difference between Total and Allocated
A6: Direct Costs | B6: Year 1 Total Costs | C6: Year 1 Total Direct Costs (Less Overhead Below) | D6: =IF(Usage!$B$9=0, "", Usage!$B$9) | E6: =IF(Usage!$B$10=0, "", Usage!$B$10) | F6: =IF(Usage!$B$11=0, "", Usage!$B$11) | G6: =IF(Usage!$B$12=0, "", Usage!$B$12) | H6: =IF(Usage!$B$13=0, "", Usage!$B$13)
A7: Salaries & Wages | B7: =Salaries!I79 -> 0 | C7: =B7-C27 -> 0 | D7: =Salaries!R79 -> 0 | E7: =Salaries!V79 -> 0 | F7: =Salaries!Z79 -> 0 | G7: =Salaries!AD79 -> 0 | H7: =Salaries!AH79 -> 0 | J7: =SUM(D7:H7) -> 0 | K7: =J7-C7 -> 0
A9: 62440: Maintenance Contracts | B9: ='Other Costs'!D40 -> 0 | C9: =B9-C29 -> 0 | D9: ='Other Costs'!H40 -> 0 | E9: ='Other Costs'!J40 -> 0 | F9: ='Other Costs'!L40 -> 0 | G9: ='Other Costs'!N40 -> 0 | H9: ='Other Costs'!P40 -> 0 | J9: =SUM(D9:H9) -> 0 | K9: =J9-C9 -> 0
A11: 62690: Other Purchased and Contract Services | B11: ='Other Costs'!D70 -> 0 | C11: =B11-C31 -> 0 | D11: ='Other Costs'!H70 -> 0 | E11: ='Other Costs'!J70 -> 0 | F11: ='Other Costs'!L70 -> 0 | G11: ='Other Costs'!N70 -> 0 | H11: ='Other Costs'!P70 -> 0 | J11: =SUM(D11:H11) -> 0 | K11: =J11-C11 -> 0
A13: 62400: Travel | B13: ='Other Costs'!D90 -> 0 | C13: =B13-C33 -> 0 | D13: ='Other Costs'!H90 -> 0 | E13: ='Other Costs'!J90 -> 0 | F13: ='Other Costs'!L90 -> 0 | G13: ='Other Costs'!N90 -> 0 | H13: ='Other Costs'!P90 -> 0 | J13: =SUM(D13:H13) -> 0 | K13: =J13-C13 -> 0
A15: 60210: Supplies and Materials | B15: ='Other Costs'!D136 -> 0 | C15: =B15-C35 -> 0 | D15: ='Other Costs'!H136 -> 0 | E15: ='Other Costs'!J136 -> 0 | F15: ='Other Costs'!L136 -> 0 | G15: ='Other Costs'!N136 -> 0 | H15: ='Other Costs'!P136 -> 0 | J15: =SUM(D15:H15) -> 0 | K15: =J15-C15 -> 0
A17: Fringe Benefits | B17: =Salaries!J79 -> 0 | C17: =B17-C37 -> 0 | D17: =Salaries!S79 -> 0 | E17: =Salaries!W79 -> 0 | F17: =Salaries!AA79 -> 0 | G17: =Salaries!AE79 -> 0 | H17: =Salaries!AI79 -> 0 | J17: =SUM(D17:H17) -> 0 | K17: =J17-C17 -> 0
A19: 63020: Depreciation (Cost Individually>$5000) | B19: =Depreciation!M57 -> 0 | C19: =B19-C39 -> 0 | D19: =Depreciation!Q57 -> 0 | E19: =Depreciation!S57 -> 0 | F19: =Depreciation!U57 -> 0 | G19: =Depreciation!W57 -> 0 | H19: =Depreciation!Y57 -> 0 | J19: =SUM(D19:H19) -> 0 | K19: =J19-C19 -> 0
A21: TOTALS | B21: =SUM(B7:B20) -> 0 | C21: =SUM(C7:C20) -> 0 | D21: =SUM(D7:D20) -> 0 | E21: =SUM(E7:E20) -> 0 | F21: =SUM(F7:F20) -> 0 | G21: =SUM(G7:G20) -> 0 | H21: =SUM(H7:H20) -> 0 | J21: =SUM(D21:H21) -> 0 | K21: =J21-C21 -> 0
A23: Annual Direct Costs | B23: Year 1 | E23: Annual Costs Incl. Overhead | F23: Year 1
B24: =SUM(D21:H21) -> 0 | F24: ='Other Costs'!D40+'Other Costs'!D70+'Other Costs'!D90+'Other Costs'!D136+Salaries!K79+Depreciation!M57 -> 0
O25: Overhead Year 1 | P25: Overhead Year 2
A26: Overhead Costs | C26: Year 1 Total Overhead Costs
A27: Admin Salaries | C27: =Salaries!N79 -> 0 | D27: =IF($B$24=0,"",$O27*(D$21/$B$24)) | E27: =IF($B$24=0,"",$O27*(E$21/$B$24)) | F27: =IF($B$24=0,"",$O27*(F$21/$B$24)) | G27: =IF($B$24=0,"",$O27*(G$21/$B$24)) | H27: =IF($B$24=0,"",$O27*(H$21/$B$24)) | J27: =SUM(D27:H27) -> 0 | K27: =J27-C27 -> 0 | N27: 01 | O27: =Salaries!N79 -> 0 | P27: =Salaries!N147 -> 0
A29: 62440: Maintenance Contracts | C29: ='Other Costs'!F40 -> 0 | D29: =IF($B$24=0,"",$O29*(D$21/$B$24)) | E29: =IF($B$24=0,"",$O29*(E$21/$B$24)) | F29: =IF($B$24=0,"",$O29*(F$21/$B$24)) | G29: =IF($B$24=0,"",$O29*(G$21/$B$24)) | H29: =IF($B$24=0,"",$O29*(H$21/$B$24)) | J29: =SUM(D29:H29) -> 0 | K29: =J29-C29 -> 0 | N29: 02 | O29: ='Other Costs'!F40 -> 0 | P29: ='Other Costs'!F175 -> 0
A31: 62690: Other Purchased and Contract Services | C31: ='Other Costs'!F70 -> 0 | D31: =IF($B$24=0,"",$O31*(D$21/$B$24)) | E31: =IF($B$24=0,"",$O31*(E$21/$B$24)) | F31: =IF($B$24=0,"",$O31*(F$21/$B$24)) | G31: =IF($B$24=0,"",$O31*(G$21/$B$24)) | H31: =IF($B$24=0,"",$O31*(H$21/$B$24)) | J31: =SUM(D31:H31) -> 0 | K31: =J31-C31 -> 0 | N31: 03 | O31: ='Other Costs'!F70 -> 0 | P31: ='Other Costs'!F205 -> 0
A33: 62400: Travel | C33: ='Other Costs'!F90 -> 0 | D33: =IF($B$24=0,"",$O33*(D$21/$B$24)) | E33: =IF($B$24=0,"",$O33*(E$21/$B$24)) | F33: =IF($B$24=0,"",$O33*(F$21/$B$24)) | G33: =IF($B$24=0,"",$O33*(G$21/$B$24)) | H33: =IF($B$24=0,"",$O33*(H$21/$B$24)) | J33: =SUM(D33:H33) -> 0 | K33: =J33-C33 -> 0 | N33: 04 | O33: ='Other Costs'!F90 -> 0 | P33: ='Other Costs'!F225 -> 0
A35: 60210: Supplies and Materials | C35: ='Other Costs'!F136 -> 0 | D35: =IF($B$24=0,"",$O35*(D$21/$B$24)) | E35: =IF($B$24=0,"",$O35*(E$21/$B$24)) | F35: =IF($B$24=0,"",$O35*(F$21/$B$24)) | G35: =IF($B$24=0,"",$O35*(G$21/$B$24)) | H35: =IF($B$24=0,"",$O35*(H$21/$B$24)) | J35: =SUM(D35:H35) -> 0 | K35: =J35-C35 -> 0 | N35: 05 | O35: ='Other Costs'!F136 -> 0 | P35: ='Other Costs'!F271 -> 0
A37: Admin Retirement & Benefits | C37: =Salaries!O79 -> 0 | D37: =IF($B$24=0,"",$O37*(D$21/$B$24)) | E37: =IF($B$24=0,"",$O37*(E$21/$B$24)) | F37: =IF($B$24=0,"",$O37*(F$21/$B$24)) | G37: =IF($B$24=0,"",$O37*(G$21/$B$24)) | H37: =IF($B$24=0,"",$O37*(H$21/$B$24)) | J37: =SUM(D37:H37) -> 0 | K37: =J37-C37 -> 0 | N37: 07 | O37: =Salaries!O79 -> 0 | P37: =Salaries!O147 -> 0
A39: 63020: Depreciation (Cost Individually>$5000) | C39: =Depreciation!O57 -> 0 | D39: =IF($B$24=0,"",$O39*(D$21/$B$24)) | E39: =IF($B$24=0,"",$O39*(E$21/$B$24)) | F39: =IF($B$24=0,"",$O39*(F$21/$B$24)) | G39: =IF($B$24=0,"",$O39*(G$21/$B$24)) | H39: =IF($B$24=0,"",$O39*(H$21/$B$24)) | J39: =SUM(D39:H39) -> 0 | K39: =J39-C39 -> 0 | N39: 15-01 | O39: =Depreciation!O57 -> 0 | P39: =Depreciation!O115 -> 0
A41: Total Center Overhead | C41: =SUM(C27:C39) -> 0 | D41: =SUM(D27:D39) -> 0 | E41: =SUM(E27:E39) -> 0 | F41: =SUM(F27:F39) -> 0 | G41: =SUM(G27:G39) -> 0 | H41: =SUM(H27:H39) -> 0 | J41: =SUM(D41:H41) -> 0 | K41: =J41-C41 -> 0
A42: Prior Year Balance (Add Deficit, Subtract Surplus) | B42: 0 | D42: =IF($B$24=0,0,$B$42*(D$21/$B$24)) -> 0 | E42: =IF($B$24=0,0,$B$42*(E$21/$B$24)) -> 0 | F42: =IF($B$24=0,0,$B$42*(F$21/$B$24)) -> 0 | G42: =IF($B$24=0,0,$B$42*(G$21/$B$24)) -> 0 | H42: =IF($B$24=0,0,$B$42*(H$21/$B$24)) -> 0
A44: TOTAL COSTS INCLUDING OVERHEAD and Prior Year Balance | D44: =D42+D41+D21 -> 0 | E44: =E42+E41+E21 -> 0 | F44: =F42+F41+F21 -> 0 | G44: =G42+G41+G21 -> 0 | H44: =H42+H41+H21 -> 0
A46: # of Annual Units | D46: =IFERROR(Usage!$H9+Usage!$I9,"Null") -> 0 | E46: =IFERROR(Usage!H10+Usage!I10,"Null") -> 0 | F46: =IFERROR(Usage!H11+Usage!I11,"Null") -> 0 | G46: =IFERROR(Usage!H12+Usage!I12,"Null") -> 0 | H46: =IFERROR(Usage!H13+Usage!I13,"Null") -> 0
A47: Unit Base | D47: =Usage!D9 -> 0 | E47: =Usage!D10 -> 0 | F47: =Usage!D11 -> 0 | G47: =Usage!D12 -> 0 | H47: =Usage!D13 -> 0
A49: Subsidy Received | B49: Year 1 Amount | D49: Subsidy Per Unit
D50: =IF(D46=0, 0, (($B$50)*(D21/$B$24))/D46) -> 0 | E50: =IF(E46=0, 0, (($B$50)*(E21/$B$24))/E46) -> 0 | F50: =IF(F46=0, 0, (($B$50)*(F21/$B$24))/F46) -> 0 | G50: =IF(G46=0, 0, (($B$50)*(G21/$B$24))/G46) -> 0 | H50: =IF(H46=0, 0, (($B$50)*(H21/$B$24))/H46) -> 0
A52: Internal Rate per Unit (with subsidy) | D52: =(IF(D46<>0,(D44/D46)-D50,0)) -> 0 | E52: =(IF(E46<>0,(E44/E46)-E50,0)) -> 0 | F52: =(IF(F46<>0,(F44/F46)-F50,0)) -> 0 | G52: =(IF(G46<>0,(G44/G46)-G50,0)) -> 0 | H52: =(IF(H46<>0,(H44/H46)-H50,0)) -> 0
A54: Fully Costed Internal Rate per Unit (without subsidy) | D54: =(IF(D46<>0,(D44/D46),0)) -> 0 | E54: =(IF(E46<>0,(E44/E46),0)) -> 0 | F54: =(IF(F46<>0,(F44/F46),0)) -> 0 | G54: =(IF(G46<>0,(G44/G46),0)) -> 0 | H54: =(IF(H46<>0,(H44/H46),0)) -> 0
A56: External Surcharge
A58: Institutional Overhead | D58: =(D54+D56)*'General Information'!$B$13 -> 0 | E58: =(E54+E56)*'General Information'!$B$13 -> 0 | F58: =(F54+F56)*'General Information'!$B$13 -> 0 | G58: =(G54+G56)*'General Information'!$B$13 -> 0 | H58: =(H54+H56)*'General Information'!$B$13 -> 0
A60: External Rate per Unit | D60: =D54+D56+D58 -> 0 | E60: =E54+E56+E58 -> 0 | F60: =F54+F56+F58 -> 0 | G60: =G54+G56+G58 -> 0 | H60: =H54+H56+H58 -> 0

Sheet Summary Year 2
A1: =IF('General Information'!B5<>0, 'General Information'!B5, "Enter Center Name on General Information Worksheet") -> Enter Center Name on General Information Worksheet
A2: ="Proposal Date: "&TEXT('General Information'!B11, "mm/dd/yy")& " to " &TEXT('General Information'!B12, "mm/dd/yy") -> Proposal Date: 01/00/00 to 01/00/00
A3: Summary Sheet : Year 2
D4: Rate 1 | E4: Rate 2 | F4: Rate 3 | G4: Rate 4 | H4: Rate 5
D5: Year 2 | E5: Year 2 | F5: Year 2 | G5: Year 2 | H5: Year 2 | J5: Total Allocated Dollar | K5: Difference between Total and Allocated
A6: Direct Costs | B6: Year 2 Total Costs | C6: Year 2 Total Direct Costs (Less Overhead Below) | D6: =IF(Usage!$B$9=0, "", Usage!$B$9) | E6: =IF(Usage!$B$10=0, "", Usage!$B$10) | F6: =IF(Usage!$B$11=0, "", Usage!$B$11) | G6: =IF(Usage!$B$12=0, "", Usage!$B$12) | H6: =IF(Usage!$B$13=0, "", Usage!$B$13)
A7: Salaries & Wages | B7: =Salaries!I147 -> 0 | C7: =B7-C27 -> 0 | D7: =Salaries!R147 -> 0 | E7: =Salaries!V147 -> 0 | F7: =Salaries!Z147 -> 0 | G7: =Salaries!AD147 -> 0 | H7: =Salaries!AH147 -> 0 | J7: =SUM(D7:H7) -> 0 | K7: =J7-C7 -> 0
A9: 62440: Maintenance Contracts | B9: ='Other Costs'!D175 -> 0 | C9: =B9-C29 -> 0 | D9: ='Other Costs'!H175 -> 0 | E9: ='Other Costs'!J175 -> 0 | F9: ='Other Costs'!L175 -> 0 | G9: ='Other Costs'!N175 -> 0 | H9: ='Other Costs'!P175 -> 0 | J9: =SUM(D9:H9) -> 0 | K9: =J9-C9 -> 0
A11: 62690: Other Purchased and Contract Services | B11: ='Other Costs'!D205 -> 0 | C11: =B11-C31 -> 0 | D11: ='Other Costs'!H205 -> 0 | E11: ='Other Costs'!J205 -> 0 | F11: ='Other Costs'!L205 -> 0 | G11: ='Other Costs'!N205 -> 0 | H11: ='Other Costs'!P205 -> 0 | J11: =SUM(D11:H11) -> 0 | K11: =J11-C11 -> 0
A13: 62400: Travel | B13: ='Other Costs'!D225 -> 0 | C13: =B13-C33 -> 0 | D13: ='Other Costs'!H225 -> 0 | E13: ='Other Costs'!J225 -> 0 | F13: ='Other Costs'!L225 -> 0 | G13: ='Other Costs'!N225 -> 0 | H13: ='Other Costs'!P225 -> 0 | J13: =SUM(D13:H13) -> 0 | K13: =J13-C13 -> 0
A15: 60210: Supplies and Materials | B15: ='Other Costs'!D271 -> 0 | C15: =B15-C35 -> 0 | D15: ='Other Costs'!H271 -> 0 | E15: ='Other Costs'!J271 -> 0 | F15: ='Other Costs'!L271 -> 0 | G15: ='Other Costs'!N271 -> 0 | H15: ='Other Costs'!P271 -> 0 | J15: =SUM(D15:H15) -> 0 | K15: =J15-C15 -> 0
A17: Fringe Benefits | B17: =Salaries!J147 -> 0 | C17: =B17-C37 -> 0 | D17: =Salaries!S147 -> 0 | E17: =Salaries!W147 -> 0 | F17: =Salaries!AA147 -> 0 | G17: =Salaries!AE147 -> 0 | H17: =Salaries!AI147 -> 0 | J17: =SUM(D17:H17) -> 0 | K17: =J17-C17 -> 0
A19: 63020: Depreciation (Cost Individually>$5000) | B19: =Depreciation!M115 -> 0 | C19: =B19-C39 -> 0 | D19: =Depreciation!Q115 -> 0 | E19: =Depreciation!S115 -> 0 | F19: =Depreciation!U115 -> 0 | G19: =Depreciation!W115 -> 0 | H19: =Depreciation!Y115 -> 0 | J19: =SUM(D19:H19) -> 0 | K19: =J19-C19 -> 0
A21: TOTALS | B21: =SUM(B7:B20) -> 0 | C21: =SUM(C7:C20) -> 0 | D21: =SUM(D7:D20) -> 0 | E21: =SUM(E7:E20) -> 0 | F21: =SUM(F7:F20) -> 0 | G21: =SUM(G7:G20) -> 0 | H21: =SUM(H7:H20) -> 0 | J21: =SUM(D21:H21) -> 0 | K21: =J21-C21 -> 0
A23: Annual Direct Costs | B23: Year 2 | F23: Year 2
B24: =SUM(D21:H21) -> 0 | F24: =Depreciation!M115+Salaries!K147+'Other Costs'!D175+'Other Costs'!D205+'Other Costs'!D225+'Other Costs'!D271 -> 0
O25: Overhead Year 1 | P25: Overhead Year 2
A26: Overhead Costs | C26: Year 2 Total Overhead Costs
A27: Admin Salaries | C27: =Salaries!N147 -> 0 | D27: =IF($B$24=0,"",$P27*(D$21/$B$24)) | E27: =IF($B$24=0,"",$P27*(E$21/$B$24)) | F27: =IF($B$24=0,"",$P27*(F$21/$B$24)) | G27: =IF($B$24=0,"",$P27*(G$21/$B$24)) | H27: =IF($B$24=0,"",$P27*(H$21/$B$24)) | J27: =SUM(D27:H27) -> 0 | K27: =J27-C27 -> 0 | N27: 01 | O27: =Salaries!N79 -> 0 | P27: =Salaries!N147 -> 0
A29: 62440: Maintenance Contracts | C29: ='Other Costs'!F175 -> 0 | D29: =IF($B$24=0,"",$P29*(D$21/$B$24)) | E29: =IF($B$24=0,"",$P29*(E$21/$B$24)) | F29: =IF($B$24=0,"",$P29*(F$21/$B$24)) | G29: =IF($B$24=0,"",$P29*(G$21/$B$24)) | H29: =IF($B$24=0,"",$P29*(H$21/$B$24)) | J29: =SUM(D29:H29) -> 0 | K29: =J29-C29 -> 0 | N29: 02 | O29: ='Other Costs'!F40 -> 0 | P29: ='Other Costs'!F175 -> 0
A31: 62690: Other Purchased and Contract Services | C31: ='Other Costs'!F205 -> 0 | D31: =IF($B$24=0,"",$P31*(D$21/$B$24)) | E31: =IF($B$24=0,"",$P31*(E$21/$B$24)) | F31: =IF($B$24=0,"",$P31*(F$21/$B$24)) | G31: =IF($B$24=0,"",$P31*(G$21/$B$24)) | H31: =IF($B$24=0,"",$P31*(H$21/$B$24)) | J31: =SUM(D31:H31) -> 0 | K31: =J31-C31 -> 0 | N31: 03 | O31: ='Other Costs'!F70 -> 0 | P31: ='Other Costs'!F205 -> 0
A33: 62400: Travel | C33: ='Other Costs'!F225 -> 0 | D33: =IF($B$24=0,"",$P33*(D$21/$B$24)) | E33: =IF($B$24=0,"",$P33*(E$21/$B$24)) | F33: =IF($B$24=0,"",$P33*(F$21/$B$24)) | G33: =IF($B$24=0,"",$P33*(G$21/$B$24)) | H33: =IF($B$24=0,"",$P33*(H$21/$B$24)) | J33: =SUM(D33:H33) -> 0 | K33: =J33-C33 -> 0 | N33: 04 | O33: ='Other Costs'!F90 -> 0 | P33: ='Other Costs'!F225 -> 0
A35: 60210: Supplies and Materials | C35: ='Other Costs'!F271 -> 0 | D35: =IF($B$24=0,"",$P35*(D$21/$B$24)) | E35: =IF($B$24=0,"",$P35*(E$21/$B$24)) | F35: =IF($B$24=0,"",$P35*(F$21/$B$24)) | G35: =IF($B$24=0,"",$P35*(G$21/$B$24)) | H35: =IF($B$24=0,"",$P35*(H$21/$B$24)) | J35: =SUM(D35:H35) -> 0 | K35: =J35-C35 -> 0 | N35: 05 | O35: ='Other Costs'!F136 -> 0 | P35: ='Other Costs'!F271 -> 0
A37: Admin Retirement & Benefits | C37: =Salaries!O147 -> 0 | D37: =IF($B$24=0,"",$P37*(D$21/$B$24)) | E37: =IF($B$24=0,"",$P37*(E$21/$B$24)) | F37: =IF($B$24=0,"",$P37*(F$21/$B$24)) | G37: =IF($B$24=0,"",$P37*(G$21/$B$24)) | H37: =IF($B$24=0,"",$P37*(H$21/$B$24)) | J37: =SUM(D37:H37) -> 0 | K37: =J37-C37 -> 0 | N37: 07 | O37: =Salaries!O79 -> 0 | P37: =Salaries!O147 -> 0
A39: 63020: Depreciation (Cost Individually>$5000) | C39: =Depreciation!O115 -> 0 | D39: =IF($B$24=0,"",$P39*(D$21/$B$24)) | E39: =IF($B$24=0,"",$P39*(E$21/$B$24)) | F39: =IF($B$24=0,"",$P39*(F$21/$B$24)) | G39: =IF($B$24=0,"",$P39*(G$21/$B$24)) | H39: =IF($B$24=0,"",$P39*(H$21/$B$24)) | J39: =SUM(D39:H39) -> 0 | K39: =J39-C39 -> 0 | N39: 15-01 | O39: =Depreciation!O57 -> 0 | P39: =Depreciation!O115 -> 0
A41: Total Center Overhead | C41: =SUM(C27:C39) -> 0 | D41: =SUM(D27:D39) -> 0 | E41: =SUM(E27:E39) -> 0 | F41: =SUM(F27:F39) -> 0 | G41: =SUM(G27:G39) -> 0 | H41: =SUM(H27:H39) -> 0 | J41: =SUM(D41:H41) -> 0 | K41: =J41-C41 -> 0
A42: Prior Year Balance (Add Deficit, Subtract Surplus) | B42: 0 | D42: =IF($B$24=0,0,$B$42*(D$21/$B$24)) -> 0 | E42: =IF($B$24=0,0,$B$42*(E$21/$B$24)) -> 0 | F42: =IF($B$24=0,0,$B$42*(F$21/$B$24)) -> 0 | G42: =IF($B$24=0,0,$B$42*(G$21/$B$24)) -> 0 | H42: =IF($B$24=0,0,$B$42*(H$21/$B$24)) -> 0
A44: TOTAL COSTS INCLUDING OVERHEAD and Prior Year Balance | D44: =D42+D41+D21 -> 0 | E44: =E42+E41+E21 -> 0 | F44: =F42+F41+F21 -> 0 | G44: =G42+G41+G21 -> 0 | H44: =H42+H41+H21 -> 0
A46: # of Annual Units | D46: =IFERROR(Usage!J9+Usage!K9,"Null") -> 0 | E46: =IFERROR(Usage!J10+Usage!K10,"Null") -> 0 | F46: =IFERROR(Usage!J11+Usage!K11,"Null") -> 0 | G46: =IFERROR(Usage!J12+Usage!K12,"Null") -> 0 | H46: =IFERROR(Usage!J13+Usage!K13,"Null") -> 0
A47: Unit Base | D47: =Usage!D9 -> 0 | E47: =Usage!D10 -> 0 | F47: =Usage!D11 -> 0 | G47: =Usage!D12 -> 0 | H47: =Usage!D13 -> 0
A49: Subsidy Received | C49: Year 2 | D49: Subsidy Per Unit
D50: =IF(D46=0,0,(($C$50*(D21/$B$24))/D46)) -> 0 | E50: =IF(E46=0,0,(($C$50*(E21/$B$24))/E46)) -> 0 | F50: =IF(F46=0,0,(($C$50*(F21/$B$24))/F46)) -> 0 | G50: =IF(G46=0,0,(($C$50*(G21/$B$24))/G46)) -> 0 | H50: =IF(H46=0,0,(($C$50*(H21/$B$24))/H46)) -> 0
A52: Internal Rate per Unit (with Subsidy) | D52: =(IF(D46<>0,(D44/D46)-D50,0)) -> 0 | E52: =(IF(E46<>0,(E44/E46)-E50,0)) -> 0 | F52: =(IF(F46<>0,(F44/F46)-F50,0)) -> 0 | G52: =(IF(G46<>0,(G44/G46)-G50,0)) -> 0 | H52: =(IF(H46<>0,(H44/H46)-H50,0)) -> 0
A54: Fully Costed Internal Rate (without Subsidy) | D54: =(IF(D46<>0,(D44/D46),0)) -> 0 | E54: =(IF(E46<>0,(E44/E46),0)) -> 0 | F54: =(IF(F46<>0,(F44/F46),0)) -> 0 | G54: =(IF(G46<>0,(G44/G46),0)) -> 0 | H54: =(IF(H46<>0,(H44/H46),0)) -> 0
A56: External Surcharge
A58: Institutional Overhead | D58: =(D54+D56)*'General Information'!$B$13 -> 0 | E58: =(E54+E56)*'General Information'!$B$13 -> 0 | F58: =(F54+F56)*'General Information'!$B$13 -> 0 | G58: =(G54+G56)*'General Information'!$B$13 -> 0 | H58: =(H54+H56)*'General Information'!$B$13 -> 0
A60: External Rate per Unit | D60: =D54+D56+D58 -> 0 | E60: =E54+E56+E58 -> 0 | F60: =F54+F56+F58 -> 0 | G60: =G54+G56+G58 -> 0 | H60: =H54+H56+H58 -> 0

Sheet Add'l Costs
A1: Additional Cost Worksheet | K1: Yes
A2: Purpose: Used to identify center costs paid by non-center cost centers | K2: No
A3: This tab is used to document subsidies
A4: Ledger Account | B4: Spend Category | C4: Description of Cost | D4: Cost Center | E4: Amount | F4: In Proposal?

Sheet 60-Day Working Capital Calc.
A1: Rate Proposal Cycle
A2: Start | B2: End
A3: =IF('General Information'!B9=0,0,'General Information'!B9) -> 0 | B3: =IF('General Information'!B10=0,0,'General Information'!B10) -> 0 | C3: Total operating expenses from | D3: =IF(A3=0, "-",EDATE(A3,-12)) -> - | E3: to | F3: =IF(B3=0, "-",EDATE(B3,-12)) -> - | G3: =
F5: Depreciation (Expense) | G5: =
D7: 60 day Working Capital | G7: = | H7: =((H3-H5)/365)*60 -> 0 | K7: Any surplus amount in your center's operating fund (RS100073) above this figure must be included in the rate via cell B42 on the summary tabs
A11: To obtain these figures, run the R1300 report in workday for your last year's rate cycle using the below critera
A12: Repeat by: | B12: Resource
A13: Company: | B13: Your center's company
A14: Period | B14: Last month of prior cycle
A15: Time Period | B15: "Last 12 Periods"
A16: Worktags | B16: Your CC number
A17: Additional options | B17: Exclude Pro forma journals, Include payroll details, exclude allocation journals
A18: Book | B18: Financial reporting
A20: In cell H3, enter the number from the "Total Expenditures" row in the RS100073 column
